Workbook
Name ___nit1: #REF!
Name __nit1: #REF!
Name _nit1: #REF!
Name A_impresión_IM: #REF!
Name A_impresión_IM: #REF!
Name aaa: MATCH(0.01,End_Bal,-1)+1
Name agencias: [1]Listas!$U$2:$U$10
Name agencias: [2]Listas!$U$2:$U$10
Name avvillas: #REF!
Name BANCOS: [3]BANCOS!$A$2:$A$25
Name BASE_DATOS_ESTUDIO_CRED: #REF!
Name Beg_Bal: #REF!
Name cartera: #REF!
Name clientes: #REF!
Name clientes: #REF!
Name COD_REPRES: #N/A
Name contador1: 5
Name contador2: 5
Name Data: #REF!
Name depositos: #REF!
Name depositos: #REF!
Name DINERS: #REF!
Name End_Bal: #REF!
Name Extra_Pay: #REF!
Name FECHA: #REF!
Name FECHA: #REF!
Name Full_Print: #REF!
Name Header_Row: ROW(#REF!)
Name Int: #REF!
Name Interest_Rate: #REF!
Name ITEM: #REF!
Name Last_Row: IF([4]COOADAMS!Values_Entered,Header_Row+[4]COOADAMS!Number_of_Payments,Header_Row)
Name Lista: {1,2,3,4;5,6,7,8;9,10,11,12;13,14,15,16}
Name Loan_Amount: #REF!
Name Loan_Start: #REF!
Name Loan_Years: #REF!
Name MONITOR: #REF!
Name MONITOR_AVVILLAS: #REF!
Name Net_Income: #REF!
Name NetIncomeGrowth: #REF!
Name nits: #REF!
Name NOMBRE: [5]ESTUDIO!$L$6
Name NombreRango1: #REF!
Name NombreRango1: #REF!
Name NOMINA: [5]ESTUDIO!$AE$107
Name Num_Pmt_Per_Year: #REF!
Name Number_of_Payments: MATCH(0.01,End_Bal,-1)+1
Name Other_Growth: #REF!
Name Pay_Date: #REF!
Name Pay_Num: #REF!
Name Payment_Date: DATE(YEAR(Loan_Start),MONTH(Loan_Start)+Payment_Number,DAY(Loan_Start))
Name Play: 656277505
Name Princ: #REF!
Name Print_Area_Reset: OFFSET(Full_Print,0,0,Last_Row)
Name Rand1: #REF!
Name Rand2: #REF!
Name RangoBeneficiosNetos: [6]DatosResumen!$B$9:$B$19,[6]DatosResumen!$D$9:$D$19
Name Retail_Growth: #REF!
Name Revenue: #REF!
Name RevenueGrowth: #REF!

Sheet Proyeccion gastos personal
A1: COD | B1: GASTO MES | C1: Alta gerencia integral | D1: Alta gerencia normal | E1: Jefe - Coord | F1: Analista | G1: Comerciales BASE SMLMV | H1: Auxiliar 1 | I1: Oficios Varios SMLMV | J1: % | L1: COD | M1: GASTO MES | N1: 44927 | O1: 44958 | P1: 44986 | Q1: 45017 | R1: 45047 | S1: 45078 | T1: 45108 | U1: 45139 | V1: 45170 | W1: 45200 | X1: 45231 | Y1: 45261
A2: 510501 | B2: SALARIO INTEGRAL | C2: 15453275 | D2: 0 | E2: 0 | F2: 0 | G2: 0 | H2: 0 | I2: 0 | L2: 510501 | M2: SALARIO INTEGRAL | N2: =+SUM(C12:I12) -> 17310000 | O2: =+N2 -> 17310000 | P2: =+O2 -> 17310000 | Q2: =+P2 -> 17310000 | R2: =+Q2 -> 17310000 | S2: =+R2 -> 17310000 | T2: =+S2 -> 17310000 | U2: =+T2 -> 17310000 | V2: =+U2 -> 17310000 | ... Y2: =+X2 -> 17310000
A3: 510502 | B3: DE REPRESENTACIÓN | C3: 0 | D3: 0 | E3: 0 | F3: 0 | G3: 0 | H3: 0 | I3: 0 | L3: 510502 | M3: DE REPRESENTACIÓN | N3: =+SUM(C13:I13) -> 0 | O3: =+N3 -> 0 | P3: =+O3 -> 0 | Q3: =+P3 -> 0 | R3: =+Q3 -> 0 | S3: =+R3 -> 0 | T3: =+S3 -> 0 | U3: =+T3 -> 0 | V3: =+U3 -> 0 | ... Y3: =+X3 -> 0
A4: 510503 | B4: SUELDOS | C4: 0 | D4: 8152362 | E4: 4987562 | F4: 3487561 | G4: 1001462 | H4: 2016325 | I4: 1000000 | L4: 510503 | M4: SUELDOS | N4: =+SUM(C14:I14) -> 23156000 | O4: =+N4 -> 23156000 | P4: =+O4 -> 23156000 | Q4: =+P4 -> 23156000 | R4: =+Q4 -> 23156000 | S4: =+R4 -> 23156000 | T4: =+S4 -> 23156000 | U4: =+T4 -> 23156000 | V4: =+U4 -> 23156000 | ... Y4: =+X4 -> 23156000
A5: 510504 | B5: JORNALES | C5: 0 | D5: 0 | E5: 0 | F5: 0 | G5: 0 | H5: 0 | I5: 0 | L5: 510504 | M5: JORNALES | N5: =+SUM(C15:I15) -> 0 | O5: =+N5 -> 0 | P5: =+O5 -> 0 | Q5: =+P5 -> 0 | R5: =+Q5 -> 0 | S5: =+R5 -> 0 | T5: =+S5 -> 0 | U5: =+T5 -> 0 | V5: =+U5 -> 0 | ... Y5: =+X5 -> 0
A6: 510505 | B6: HORAS EXTRAS | C6: 0 | D6: 0 | E6: 0 | F6: 0 | G6: 0 | H6: 0 | I6: 0 | L6: 510505 | M6: HORAS EXTRAS | N6: =+SUM(C16:I16) -> 0 | O6: =+N6 -> 0 | P6: =+O6 -> 0 | Q6: =+P6 -> 0 | R6: =+Q6 -> 0 | S6: =+R6 -> 0 | T6: =+S6 -> 0 | U6: =+T6 -> 0 | V6: =+U6 -> 0 | ... Y6: =+X6 -> 0
A7: 510506 | B7: COMISIONES | G7: 3000000 | L7: 510506 | M7: COMISIONES | N7: =+SUM(C17:I17) -> 3360000 | O7: =+N7 -> 3360000 | P7: =+O7 -> 3360000 | Q7: =+P7 -> 3360000 | R7: =+Q7 -> 3360000 | S7: =+R7 -> 3360000 | T7: =+S7 -> 3360000 | U7: =+T7 -> 3360000 | V7: =+U7 -> 3360000 | ... Y7: =+X7 -> 3360000
A8: 510507 | B8: VIÁTICOS | C8: 0 | D8: 0 | E8: 0 | F8: 0 | G8: 0 | H8: 0 | I8: 0 | L8: 510507 | M8: VIÁTICOS | N8: =+SUM(C18:I18) -> 0 | O8: =+N8 -> 0 | P8: =+O8 -> 0 | Q8: =+P8 -> 0 | R8: =+Q8 -> 0 | S8: =+R8 -> 0 | T8: =+S8 -> 0 | U8: =+T8 -> 0 | V8: =+U8 -> 0 | ... Y8: =+X8 -> 0
A9: 510508 | B9: INCAPACIDADES | C9: 0 | D9: 0 | E9: 0 | F9: 0 | G9: 0 | H9: 0 | I9: 0 | L9: 510508 | M9: INCAPACIDADES | N9: =+SUM(C19:I19) -> 0 | O9: =+N9 -> 0 | P9: =+O9 -> 0 | Q9: =+P9 -> 0 | R9: =+Q9 -> 0 | S9: =+R9 -> 0 | T9: =+S9 -> 0 | U9: =+T9 -> 0 | V9: =+U9 -> 0 | ... Y9: =+X9 -> 0
A10: 510509 | B10: AUXILIO DE TRANSPORTE | G10: 117172 | H10: 117172 | I10: 117172 | L10: 510509 | M10: AUXILIO DE TRANSPORTE | N10: =+SUM(C20:I20) -> 399000 | O10: =+N10 -> 399000 | P10: =+O10 -> 399000 | Q10: =+P10 -> 399000 | R10: =+Q10 -> 399000 | S10: =+R10 -> 399000 | T10: =+S10 -> 399000 | U10: =+T10 -> 399000 | V10: =+U10 -> 399000 | ... Y10: =+X10 -> 399000
B11: REAJUSTE | C11: 0.12 | D11: 0.12 | E11: 0.12 | F11: 0.12 | G11: 0.12 | H11: 0.12 | I11: 0.15 | L11: 510510 | M11: CESANTÍAS | N11: =+SUM(C21:I21) -> 3685416.7 | O11: =+N11 -> 3685416.7 | P11: =+O11 -> 3685416.7 | Q11: =+P11 -> 3685416.7 | R11: =+Q11 -> 3685416.7 | S11: =+R11 -> 3685416.7 | T11: =+S11 -> 3685416.7 | U11: =+T11 -> 3685416.7 | V11: =+U11 -> 3685416.7 | ... Y11: =+X11 -> 3685416.7
A12: 510501 | B12: SALARIO INTEGRAL | C12: =+CEILING(C2*(1+C$11),10000) -> 17310000 | D12: =+CEILING(D2*(1+D$11),1000) -> 0 | E12: =+CEILING(E2*(1+E$11),1000) -> 0 | F12: =+CEILING(F2*(1+F$11),1000) -> 0 | G12: =+CEILING(G2*(1+G$11),1000) -> 0 | H12: =+CEILING(H2*(1+H$11),1000) -> 0 | I12: =+CEILING(I2*(1+I$11),1000) -> 0 | L12: 510511 | M12: INTERESES SOBRE CESANTÍAS | N12: =+SUM(C22:I22) -> 442250 | O12: =+N12 -> 442250 | P12: =+O12 -> 442250 | Q12: =+P12 -> 442250 | R12: =+Q12 -> 442250 | S12: =+R12 -> 442250 | T12: =+S12 -> 442250 | U12: =+T12 -> 442250 | V12: =+U12 -> 442250 | ... Y12: =+X12 -> 442250
A13: 510502 | B13: DE REPRESENTACIÓN | C13: =+CEILING(C3*(1+C$11),1000) -> 0 | D13: =+CEILING(D3*(1+D$11),1000) -> 0 | E13: =+CEILING(E3*(1+E$11),1000) -> 0 | F13: =+CEILING(F3*(1+F$11),1000) -> 0 | G13: =+CEILING(G3*(1+G$11),1000) -> 0 | H13: =+CEILING(H3*(1+H$11),1000) -> 0 | I13: =+CEILING(I3*(1+I$11),1000) -> 0 | L13: 510512 | M13: PRIMA LEGAL | N13: =+SUM(C23:I23) -> 3685416.7 | O13: =+N13 -> 3685416.7 | P13: =+O13 -> 3685416.7 | Q13: =+P13 -> 3685416.7 | R13: =+Q13 -> 3685416.7 | S13: =+R13 -> 3685416.7 | T13: =+S13 -> 3685416.7 | U13: =+T13 -> 3685416.7 | V13: =+U13 -> 3685416.7 | ... Y13: =+X13 -> 3685416.7
A14: 510503 | B14: SUELDOS | C14: =+CEILING(C4*(1+C$11),1000) -> 0 | D14: =+CEILING(D4*(1+D$11),1000) -> 9131000 | E14: =+CEILING(E4*(1+E$11),1000) -> 5587000 | F14: =+CEILING(F4*(1+F$11),1000) -> 3907000 | G14: =+CEILING(G4*(1+G$11),1000) -> 1122000 | H14: =+CEILING(H4*(1+H$11),1000) -> 2259000 | I14: =+CEILING(I4*(1+I$11),1000) -> 1150000 | L14: 510513 | M14: PRIMA EXTRALEGAL | N14: =+SUM(C24:I24) -> 0 | O14: =+N14 -> 0 | P14: =+O14 -> 0 | Q14: =+P14 -> 0 | R14: =+Q14 -> 0 | S14: =+R14 -> 0 | T14: =+S14 -> 0 | U14: =+T14 -> 0 | V14: =+U14 -> 0 | ... Y14: =+X14 -> 0
A15: 510504 | B15: JORNALES | C15: =+CEILING(C5*(1+C$11),1000) -> 0 | D15: =+CEILING(D5*(1+D$11),1000) -> 0 | E15: =+CEILING(E5*(1+E$11),1000) -> 0 | F15: =+CEILING(F5*(1+F$11),1000) -> 0 | G15: =+CEILING(G5*(1+G$11),1000) -> 0 | H15: =+CEILING(H5*(1+H$11),1000) -> 0 | I15: =+CEILING(I5*(1+I$11),1000) -> 0 | L15: 510514 | M15: PRIMA DE VACACIONES | N15: =+SUM(C25:I25) -> 0 | O15: =+N15 -> 0 | P15: =+O15 -> 0 | Q15: =+P15 -> 0 | R15: =+Q15 -> 0 | S15: =+R15 -> 0 | T15: =+S15 -> 0 | U15: =+T15 -> 0 | V15: =+U15 -> 0 | ... Y15: =+X15 -> 0
A16: 510505 | B16: HORAS EXTRAS | C16: =+CEILING(C6*(1+C$11),1000) -> 0 | D16: =+CEILING(D6*(1+D$11),1000) -> 0 | E16: =+CEILING(E6*(1+E$11),1000) -> 0 | F16: =+CEILING(F6*(1+F$11),1000) -> 0 | G16: =+CEILING(G6*(1+G$11),1000) -> 0 | H16: =+CEILING(H6*(1+H$11),1000) -> 0 | I16: =+CEILING(I6*(1+I$11),1000) -> 0 | L16: 510515 | M16: PRIMA DE ANTIGÜEDAD | N16: =+SUM(C26:I26) -> 0 | O16: =+N16 -> 0 | P16: =+O16 -> 0 | Q16: =+P16 -> 0 | R16: =+Q16 -> 0 | S16: =+R16 -> 0 | T16: =+S16 -> 0 | U16: =+T16 -> 0 | V16: =+U16 -> 0 | ... Y16: =+X16 -> 0
A17: 510506 | B17: COMISIONES | C17: =+CEILING(C7*(1+C$11),1000) -> 0 | D17: =+CEILING(D7*(1+D$11),1000) -> 0 | E17: =+CEILING(E7*(1+E$11),1000) -> 0 | F17: =+CEILING(F7*(1+F$11),1000) -> 0 | G17: =+CEILING(G7*(1+G$11),1000) -> 3360000 | H17: =+CEILING(H7*(1+H$11),1000) -> 0 | I17: =+CEILING(I7*(1+I$11),1000) -> 0 | L17: 510516 | M17: VACACIONES | N17: =+SUM(C27:I27) -> 0 | O17: =+N17 -> 0 | P17: =+O17 -> 0 | Q17: =+P17 -> 0 | R17: =+Q17 -> 0 | S17: =+R17 -> 0 | T17: =+S17 -> 0 | U17: =+T17 -> 0 | V17: =+U17 -> 0 | ... Y17: =+X17 -> 0
A18: 510507 | B18: VIÁTICOS | C18: =+CEILING(C8*(1+C$11),1000) -> 0 | D18: =+CEILING(D8*(1+D$11),1000) -> 0 | E18: =+CEILING(E8*(1+E$11),1000) -> 0 | F18: =+CEILING(F8*(1+F$11),1000) -> 0 | G18: =+CEILING(G8*(1+G$11),1000) -> 0 | H18: =+CEILING(H8*(1+H$11),1000) -> 0 | I18: =+CEILING(I8*(1+I$11),1000) -> 0 | L18: 510517 | M18: PENSIONES DE JUBILACIÓN | N18: =+SUM(C28:I28) -> 0 | O18: =+N18 -> 0 | P18: =+O18 -> 0 | Q18: =+P18 -> 0 | R18: =+Q18 -> 0 | S18: =+R18 -> 0 | T18: =+S18 -> 0 | U18: =+T18 -> 0 | V18: =+U18 -> 0 | ... Y18: =+X18 -> 0
A19: 510508 | B19: INCAPACIDADES | C19: =+CEILING(C9*(1+C$11),1000) -> 0 | D19: =+CEILING(D9*(1+D$11),1000) -> 0 | E19: =+CEILING(E9*(1+E$11),1000) -> 0 | F19: =+CEILING(F9*(1+F$11),1000) -> 0 | G19: =+CEILING(G9*(1+G$11),1000) -> 0 | H19: =+CEILING(H9*(1+H$11),1000) -> 0 | I19: =+CEILING(I9*(1+I$11),1000) -> 0 | L19: 510518 | M19: OTRAS PRESTACIONES SOCIALES | N19: =+SUM(C29:I29) -> 0 | O19: =+N19 -> 0 | P19: =+O19 -> 0 | Q19: =+P19 -> 0 | R19: =+Q19 -> 0 | S19: =+R19 -> 0 | T19: =+S19 -> 0 | U19: =+T19 -> 0 | V19: =+U19 -> 0 | ... Y19: =+X19 -> 0
A20: 510509 | B20: AUXILIO DE TRANSPORTE | C20: =+CEILING(C10*(1+C$11),1000) -> 0 | D20: =+CEILING(D10*(1+D$11),1000) -> 0 | E20: =+CEILING(E10*(1+E$11),1000) -> 0 | F20: =+CEILING(F10*(1+F$11),1000) -> 0 | G20: =+CEILING(G10*(1+G$11),1000) -> 132000 | H20: =+CEILING(H10*(1+H$11),1000) -> 132000 | I20: =+CEILING(I10*(1+I$11),1000) -> 135000 | L20: 510519 | M20: BONIFICACIONES | N20: =+SUM(C30:I30) -> 0 | O20: =+N20 -> 0 | P20: =+O20 -> 0 | Q20: =+P20 -> 0 | R20: =+Q20 -> 0 | S20: =+R20 -> 0 | T20: =+S20 -> 0 | U20: =+T20 -> 0 | V20: =+U20 -> 0 | ... Y20: =+X20 -> 0
A21: 510510 | B21: CESANTÍAS | C21: =+SUM(C12:C20)/12 -> 1442500 | D21: =+SUM(D12:D20)/12 -> 760916.67 | E21: =+SUM(E12:E20)/12 -> 465583.33 | F21: =+SUM(F12:F20)/12 -> 325583.33 | G21: =+SUM(G12:G20)/12 -> 384500 | H21: =+SUM(H12:H20)/12 -> 199250 | I21: =+SUM(I12:I20)/12 -> 107083.33 | L21: 510520 | M21: INDEMNIZACIONES LABORALES | N21: =+SUM(C31:I31) -> 0 | O21: =+N21 -> 0 | P21: =+O21 -> 0 | Q21: =+P21 -> 0 | R21: =+Q21 -> 0 | S21: =+R21 -> 0 | T21: =+S21 -> 0 | U21: =+T21 -> 0 | V21: =+U21 -> 0 | ... Y21: =+X21 -> 0
A22: 510511 | B22: INTERESES SOBRE CESANTÍAS | C22: =+C21*12% -> 173100 | D22: =+D21*12% -> 91310 | E22: =+E21*12% -> 55870 | F22: =+F21*12% -> 39070 | G22: =+G21*12% -> 46140 | H22: =+H21*12% -> 23910 | I22: =+I21*12% -> 12850 | L22: 510521 | M22: DOTACIÓN Y SUMINISTRO A TRABAJADORES | N22: =+SUM(C32:I32) -> 210000 | O22: =+N22 -> 210000 | P22: =+O22 -> 210000 | Q22: =+P22 -> 210000 | R22: =+Q22 -> 210000 | S22: =+R22 -> 210000 | T22: =+S22 -> 210000 | U22: =+T22 -> 210000 | V22: =+U22 -> 210000 | ... Y22: =+X22 -> 210000
A23: 510512 | B23: PRIMA LEGAL | C23: =+C21 -> 1442500 | D23: =+D21 -> 760916.67 | E23: =+E21 -> 465583.33 | F23: =+F21 -> 325583.33 | G23: =+G21 -> 384500 | H23: =+H21 -> 199250 | I23: =+I21 -> 107083.33 | L23: 510522 | M23: AUXILIOS AL PERSONAL | N23: =+SUM(C33:I33) -> 0 | O23: =+N23 -> 0 | P23: =+O23 -> 0 | Q23: =+P23 -> 0 | R23: =+Q23 -> 0 | S23: =+R23 -> 0 | T23: =+S23 -> 0 | U23: =+T23 -> 0 | V23: =+U23 -> 0 | ... Y23: =+X23 -> 0
A24: 510513 | B24: PRIMA EXTRALEGAL | C24: 0 | D24: 0 | E24: 0 | F24: 0 | G24: 0 | H24: 0 | I24: 0 | L24: 510523 | M24: APORTES SALUD | N24: =+SUM(C34:I34) -> 6243001.9 | O24: =+N24 -> 6243001.9 | P24: =+O24 -> 6243001.9 | Q24: =+P24 -> 6243001.9 | R24: =+Q24 -> 6243001.9 | S24: =+R24 -> 6243001.9 | T24: =+S24 -> 6243001.9 | U24: =+T24 -> 6243001.9 | V24: =+U24 -> 6243001.9 | ... Y24: =+X24 -> 6243001.9
A25: 510514 | B25: PRIMA DE VACACIONES | C25: 0 | D25: 0 | E25: 0 | F25: 0 | G25: 0 | H25: 0 | I25: 0 | L25: 510524 | M25: APORTES PENSIÓN | N25: =+SUM(C35:I35) -> 8813649.8 | O25: =+N25 -> 8813649.8 | P25: =+O25 -> 8813649.8 | Q25: =+P25 -> 8813649.8 | R25: =+Q25 -> 8813649.8 | S25: =+R25 -> 8813649.8 | T25: =+S25 -> 8813649.8 | U25: =+T25 -> 8813649.8 | V25: =+U25 -> 8813649.8 | ... Y25: =+X25 -> 8813649.8
A26: 510515 | B26: PRIMA DE ANTIGÜEDAD | C26: 0 | D26: 0 | E26: 0 | F26: 0 | G26: 0 | H26: 0 | I26: 0 | L26: 510525 | M26: APORTES A,R,L | N26: =+SUM(C36:I36) -> 383393.76 | O26: =+N26 -> 383393.76 | P26: =+O26 -> 383393.76 | Q26: =+P26 -> 383393.76 | R26: =+Q26 -> 383393.76 | S26: =+R26 -> 383393.76 | T26: =+S26 -> 383393.76 | U26: =+T26 -> 383393.76 | V26: =+U26 -> 383393.76 | ... Y26: =+X26 -> 383393.76
A27: 510516 | B27: VACACIONES | C27: 0 | D27: 0 | E27: 0 | F27: 0 | G27: 0 | H27: 0 | I27: 0 | L27: 510526 | M27: APORTES CAJAS DE COMPENSACIÓN FAMILIAR | N27: =+SUM(C37:I37) -> 2937883.3 | O27: =+N27 -> 2937883.3 | P27: =+O27 -> 2937883.3 | Q27: =+P27 -> 2937883.3 | R27: =+Q27 -> 2937883.3 | S27: =+R27 -> 2937883.3 | T27: =+S27 -> 2937883.3 | U27: =+T27 -> 2937883.3 | V27: =+U27 -> 2937883.3 | ... Y27: =+X27 -> 2937883.3
A28: 510517 | B28: PENSIONES DE JUBILACIÓN | C28: 0 | D28: 0 | E28: 0 | F28: 0 | G28: 0 | H28: 0 | I28: 0 | L28: 510527 | M28: APORTES I,C,B,F, | N28: =+SUM(C38:I38) -> 1468941.6 | O28: =+N28 -> 1468941.6 | P28: =+O28 -> 1468941.6 | Q28: =+P28 -> 1468941.6 | R28: =+Q28 -> 1468941.6 | S28: =+R28 -> 1468941.6 | T28: =+S28 -> 1468941.6 | U28: =+T28 -> 1468941.6 | V28: =+U28 -> 1468941.6 | ... Y28: =+X28 -> 1468941.6
A29: 510518 | B29: OTRAS PRESTACIONES SOCIALES | C29: 0 | D29: 0 | E29: 0 | F29: 0 | G29: 0 | H29: 0 | I29: 0 | L29: 510528 | M29: APORTES SENA | N29: =+SUM(C39:I39) -> 2203412.4 | O29: =+N29 -> 2203412.4 | P29: =+O29 -> 2203412.4 | Q29: =+P29 -> 2203412.4 | R29: =+Q29 -> 2203412.4 | S29: =+R29 -> 2203412.4 | T29: =+S29 -> 2203412.4 | U29: =+T29 -> 2203412.4 | V29: =+U29 -> 2203412.4 | ... Y29: =+X29 -> 2203412.4
A30: 510519 | B30: BONIFICACIONES | C30: 0 | D30: 0 | E30: 0 | F30: 0 | G30: 0 | H30: 0 | I30: 0 | L30: 510529 | M30: APORTES SINDICALES | N30: =+SUM(C40:I40) -> 0 | O30: =+N30 -> 0 | P30: =+O30 -> 0 | Q30: =+P30 -> 0 | R30: =+Q30 -> 0 | S30: =+R30 -> 0 | T30: =+S30 -> 0 | U30: =+T30 -> 0 | V30: =+U30 -> 0 | ... Y30: =+X30 -> 0
A31: 510520 | B31: INDEMNIZACIONES LABORALES | C31: 0 | D31: 0 | E31: 0 | F31: 0 | G31: 0 | H31: 0 | I31: 0 | L31: 510530 | M31: SEGUROS | N31: =+SUM(C41:I41) -> 0 | O31: =+N31 -> 0 | P31: =+O31 -> 0 | Q31: =+P31 -> 0 | R31: =+Q31 -> 0 | S31: =+R31 -> 0 | T31: =+S31 -> 0 | U31: =+T31 -> 0 | V31: =+U31 -> 0 | ... Y31: =+X31 -> 0
A32: 510521 | B32: DOTACIÓN Y SUMINISTRO A TRABAJADORES | C32: 0 | D32: 0 | G32: 70000 | H32: 70000 | I32: 70000 | L32: 510531 | M32: CAPACITACIÓN AL PERSONAL | N32: =+SUM(C42:I42) -> 0 | O32: =+N32 -> 0 | P32: =+O32 -> 0 | Q32: =+P32 -> 0 | R32: =+Q32 -> 0 | S32: =+R32 -> 0 | T32: =+S32 -> 0 | U32: =+T32 -> 0 | V32: =+U32 -> 0 | ... Y32: =+X32 -> 0
A33: 510522 | B33: AUXILIOS AL PERSONAL | C33: 0 | D33: 0 | E33: 0 | F33: 0 | G33: 0 | H33: 0 | I33: 0 | L33: 510532 | M33: GASTOS DEPORTIVOS Y DE RECREACIÓN | N33: =+SUM(C43:I43) -> 0 | O33: =+N33 -> 0 | P33: =+O33 -> 0 | Q33: =+P33 -> 0 | R33: =+Q33 -> 0 | S33: =+R33 -> 0 | T33: =+S33 -> 0 | U33: =+T33 -> 0 | V33: =+U33 -> 0 | ... Y33: =+X33 -> 0
A34: 510523 | B34: APORTES SALUD | C34: =+SUM(C$1:C$19)*70%*$J34 -> 1949414.9 | D34: =+SUM(D$1:D$19)*$J34 -> 1469085.8 | E34: =+SUM(E$1:E$19)*$J34 -> 898837.78 | F34: =+SUM(F$1:F$19)*$J34 -> 628537.7 | G34: =+SUM(G$1:G$19)*$J34 -> 731053.9 | H34: =+SUM(H$1:H$19)*$J34 -> 373362.26 | I34: =+SUM(I$1:I$19)*$J34 -> 192709.63 | J34: 0.085 | L34: 510533 | M34: GASTOS MÉDICOS Y MEDICAMENTOS | N34: =+SUM(C44:I44) -> 0 | O34: =+N34 -> 0 | P34: =+O34 -> 0 | Q34: =+P34 -> 0 | R34: =+Q34 -> 0 | S34: =+R34 -> 0 | T34: =+S34 -> 0 | U34: =+T34 -> 0 | V34: =+U34 -> 0 | ... Y34: =+X34 -> 0
A35: 510524 | B35: APORTES PENSIÓN | C35: =+SUM(C$1:C$19)*70%*$J35 -> 2752115.1 | D35: =+SUM(D$1:D$19)*$J35 -> 2074003.5 | E35: =+SUM(E$1:E$19)*$J35 -> 1268947.5 | F35: =+SUM(F$1:F$19)*$J35 -> 887347.33 | G35: =+SUM(G$1:G$19)*$J35 -> 1032076.1 | H35: =+SUM(H$1:H$19)*$J35 -> 527099.65 | I35: =+SUM(I$1:I$19)*$J35 -> 272060.66 | J35: 0.12 | L35: 510534 | M35: SUBSIDIO DE ALIMENTACIÓN | N35: =+SUM(C45:I45) -> 0 | O35: =+N35 -> 0 | P35: =+O35 -> 0 | Q35: =+P35 -> 0 | R35: =+Q35 -> 0 | S35: =+R35 -> 0 | T35: =+S35 -> 0 | U35: =+T35 -> 0 | V35: =+U35 -> 0 | ... Y35: =+X35 -> 0
A36: 510525 | B36: APORTES A,R,L | C36: =+SUM(C$1:C$19)*70%*$J36 -> 119717.01 | D36: =+SUM(D$1:D$19)*$J36 -> 90219.15 | E36: =+SUM(E$1:E$19)*$J36 -> 55199.214 | F36: =+SUM(F$1:F$19)*$J36 -> 38599.609 | G36: =+SUM(G$1:G$19)*$J36 -> 44895.31 | H36: =+SUM(H$1:H$19)*$J36 -> 22928.835 | I36: =+SUM(I$1:I$19)*$J36 -> 11834.639 | J36: 0.00522 | K36: Clase I | L36: 510595 | M36: OTROS BENEFICIOS A EMPLEADOS | N36: =+SUM(C46:I46) -> 0 | O36: =+N36 -> 0 | P36: =+O36 -> 0 | Q36: =+P36 -> 0 | R36: =+Q36 -> 0 | S36: =+R36 -> 0 | T36: =+S36 -> 0 | U36: =+T36 -> 0 | V36: =+U36 -> 0 | ... Y36: =+X36 -> 0
A37: 510526 | B37: APORTES CAJAS DE COMPENSACIÓN FAMILIAR | C37: =+SUM(C$1:C$19)*70%*$J37 -> 917371.7 | D37: =+SUM(D$1:D$19)*$J37 -> 691334.48 | E37: =+SUM(E$1:E$19)*$J37 -> 422982.48 | F37: =+SUM(F$1:F$19)*$J37 -> 295782.44 | G37: =+SUM(G$1:G$19)*$J37 -> 344025.36 | H37: =+SUM(H$1:H$19)*$J37 -> 175699.88 | I37: =+SUM(I$1:I$19)*$J37 -> 90686.886 | J37: 0.04
A38: 510527 | B38: APORTES I,C,B,F, | C38: =+SUM(C$1:C$19)*70%*$J38 -> 458685.85 | D38: =+SUM(D$1:D$19)*$J38 -> 345667.24 | E38: =+SUM(E$1:E$19)*$J38 -> 211491.24 | F38: =+SUM(F$1:F$19)*$J38 -> 147891.22 | G38: =+SUM(G$1:G$19)*$J38 -> 172012.68 | H38: =+SUM(H$1:H$19)*$J38 -> 87849.942 | I38: =+SUM(I$1:I$19)*$J38 -> 45343.443 | J38: 0.02
A39: 510528 | B39: APORTES SENA | C39: =+SUM(C$1:C$19)*70%*$J39 -> 688028.78 | D39: =+SUM(D$1:D$19)*$J39 -> 518500.86 | E39: =+SUM(E$1:E$19)*$J39 -> 317236.86 | F39: =+SUM(F$1:F$19)*$J39 -> 221836.83 | G39: =+SUM(G$1:G$19)*$J39 -> 258019.02 | H39: =+SUM(H$1:H$19)*$J39 -> 131774.91 | I39: =+SUM(I$1:I$19)*$J39 -> 68015.164 | J39: 0.03
A40: 510529 | B40: APORTES SINDICALES | C40: 0 | D40: 0 | E40: 0 | F40: 0 | G40: 0 | H40: 0 | I40: 0
A41: 510530 | B41: SEGUROS | C41: 0 | D41: 0 | E41: 0 | F41: 0 | G41: 0 | H41: 0 | I41: 0
A42: 510531 | B42: CAPACITACIÓN AL PERSONAL | C42: 0 | D42: 0 | E42: 0 | F42: 0 | G42: 0 | H42: 0 | I42: 0 | J42: PESEM
A43: 510532 | B43: GASTOS DEPORTIVOS Y DE RECREACIÓN | C43: 0 | D43: 0 | E43: 0 | F43: 0 | G43: 0 | H43: 0 | I43: 0
A44: 510533 | B44: GASTOS MÉDICOS Y MEDICAMENTOS | C44: 0 | D44: 0 | E44: 0 | F44: 0 | G44: 0 | H44: 0 | I44: 0
A45: 510534 | B45: SUBSIDIO DE ALIMENTACIÓN | C45: 0 | D45: 0 | E45: 0 | F45: 0 | G45: 0 | H45: 0 | I45: 0
A46: 510595 | B46: OTROS BENEFICIOS A EMPLEADOS | C46: 0 | D46: 0 | E46: 0 | F46: 0 | G46: 0 | H46: 0 | I46: 0

Sheet PARÁMETROS
A1: VARIABLES | B1: Año 22 | C1: Año 23 | D1: Año 24 | E1: Año 25 | F1: Año 26 | G1: Año 27 | H1: Año 28 | I1: Año 29 | J1: Año 30 | K1: Año 31 | L1: Año 32 | M1: Año 32
A2: Inflación | B2: 0.12 | C2: 0.08 | D2: 0.06 | E2: 0.04 | F2: 0.04 | G2: 0.035 | H2: =+G2 -> 0.035
A3: Reajuste gastos | C3: =+C2*1.5 -> 0.12 | D3: 0 | E3: =+D2 -> 0.06 | F3: =+E2 -> 0.04 | G3: =+F2 -> 0.04 | H3: =+G2 -> 0.035
A4: Crecimiento Desembolsos (IPC + Variación Base Social) | C4: 0 | D4: =+C2*1.5 -> 0.12 | E4: =+D2*1.5 -> 0.09 | F4: =+E2*1.5 -> 0.06 | G4: =+F2*1.5 -> 0.06 | H4: =+G2*1.5 -> 0.0525
A5: % Cartera improductiva | C5: 0.03 | D5: =+C5 -> 0.03 | E5: =+D5 -> 0.03 | F5: =+E5 -> 0.03 | G5: =+F5 -> 0.03 | H5: =+G5 -> 0.03
A6: % Refinanciación | C6: 0.3 | D6: =+C6 -> 0.3 | E6: =+D6 -> 0.3 | F6: =+E6 -> 0.3 | G6: =+F6 -> 0.3 | H6: =+G6 -> 0.3
A7: Vida util PPE | C7: 36 | D7: =+C7 -> 36 | E7: =+D7 -> 36 | F7: =+E7 -> 36 | G7: =+F7 -> 36 | H7: =+G7 -> 36
A8: Provision General | B8: 0.01 | C8: =+B8 -> 0.01 | D8: =+C8 -> 0.01 | E8: =+D8 -> 0.01 | F8: =+E8+0.1% -> 0.011 | G8: =+F8+0.1% -> 0.012 | H8: =+G8+0.1% -> 0.013
A9: Siniestralidad | B9: 0.01 | C9: =+C8 -> 0.01 | D9: =+D8 -> 0.01 | E9: =+E8 -> 0.01 | F9: =+F8 -> 0.011 | G9: =+G8 -> 0.012 | H9: =+H8 -> 0.013
A10: IBR | B10: 0.11 | C10: 0.1 | D10: 0.09 | E10: 0.08 | F10: 0.06 | G10: =+G2+1% -> 0.045 | H10: =+H2+1% -> 0.045
A11: Tasa Ahorro Permanente | B11: 0.0322 | C11: =+C2 -> 0.08 | D11: =+D2 -> 0.06 | E11: =+E2 -> 0.04 | F11: =+F2 -> 0.04 | G11: =+G2 -> 0.035 | H11: =+H2 -> 0.035
A12: Tasa ahorro Vista | B12: 0.0549 | C12: =+B2+1% -> 0.13 | D12: =+C2+1% -> 0.09 | E12: =+D2+1% -> 0.07 | F12: =+E2+1% -> 0.05 | G12: =+F2+1% -> 0.05 | H12: =+G2+1% -> 0.045
A13: Tasa contractual | B13: 0.0722 | C13: =+C2+1% -> 0.09 | D13: =+D2+1% -> 0.07 | E13: =+E2+1% -> 0.05 | F13: =+F2+1% -> 0.05 | G13: =+G2+1% -> 0.045 | H13: =+H2+1% -> 0.045
A14: Tasa Obligaciones Financieras DTF+ 4 | B14: =+B2 -> 0.12 | C14: =+C2 -> 0.08 | D14: =+D10+4% -> 0.13 | E14: =+E10+4% -> 0.12 | F14: =+F10+4% -> 0.1 | G14: =+G10+4% -> 0.085 | H14: =+H10+4% -> 0.085
A15: % asociados con ahorro vista | B15: 0.25 | C15: =+B15 -> 0.25 | D15: =+C15 -> 0.25 | E15: =+D15 -> 0.25 | F15: =+E15 -> 0.25 | G15: =+F15 -> 0.25 | H15: =+G15 -> 0.25
A16: % asociados con ahorro contractual | B16: 0.03 | C16: =+B16 -> 0.03 | D16: =+C16 -> 0.03 | E16: =+D16 -> 0.03 | F16: =+E16 -> 0.03 | G16: =+F16 -> 0.03 | H16: =+G16 -> 0.03
A17: # Aperturas mensuales CDATs / Base Social | B17: 0 | C17: =+B17 -> 0 | D17: =+C17 -> 0 | E17: =+D17 -> 0 | F17: =+E17 -> 0 | G17: =+F17 -> 0 | H17: =+G17 -> 0
A18: % Asociados con ahorro Permanente | B18: 1 | C18: 1 | D18: 1 | E18: 1 | F18: 1 | G18: 1 | H18: 1
A19: Salario Mínimo (pesos) | B19: 1000000 | C19: 1150000 | D19: =+C19*(1+(C2+1.5%)) -> 1259250 | E19: =+D19*(1+(D2+1.5%)) -> 1353693.8 | F19: =+E19*(1+(E2+1.5%)) -> 1428146.9 | G19: =+F19*(1+(F2+1.5%)) -> 1506695 | H19: =+G19*(1+(G2+1.5%)) -> 1582029.7
A20: Prom. Individual de Aporte Mensual | B20: 59184 | C20: =+B$20*(1+B2) -> 66286.08 | D20: =+C$20*(1+C2) -> 71588.966 | E20: =+D$20*(1+D2) -> 75884.304 | F20: =+E$20*(1+E2) -> 78919.677 | G20: =+F$20*(1+F2) -> 82076.464 | H20: =+G$20*(1+G2) -> 84949.14
A21: Prom. Indiv. Ahorro Permanente | B21: =+B20/80*20 -> 14796 | C21: =+B21*(1+B2) -> 16571.52 | D21: =+C21*(1+C2) -> 17897.242 | E21: =+D21*(1+D2) -> 18971.076 | F21: =+E21*(1+E2) -> 19729.919 | G21: =+F21*(1+F2) -> 20519.116 | H21: =+G21*(1+G2) -> 21237.285
A22: Prom. Indiv. Fondo mutual | B22: 0 | C22: 0 | D22: 0 | E22: 0 | F22: 0 | G22: 0 | H22: 0
A23: Saldo inicial asociados | C23: 1600 | D23: =+C26 -> 1588 | E23: =+D26 -> 1600 | F23: =+E26 -> 1636 | G23: =+F26 -> 1696 | H23: =+G26 -> 1780
A24: Ingreso anual de Asociados | C24: 240 | D24: =+C24+12 -> 252 | E24: =+D24+12 -> 264 | F24: =+E24+12 -> 276 | G24: =+F24+12 -> 288 | H24: =+G24+12 -> 300
A25: Retiro Anual de asociados | C25: =+C24+12 -> 252 | D25: =+C25-12 -> 240 | E25: =+D25-12 -> 228 | F25: =+E25-12 -> 216 | G25: =+F25-12 -> 204 | H25: =+G25-12 -> 192
A26: Asociados al cierre del Año | C26: =+C23+C24-C25 -> 1588 | D26: =+D23+D24-D25 -> 1600 | E26: =+E23+E24-E25 -> 1636 | F26: =+F23+F24-F25 -> 1696 | G26: =+G23+G24-G25 -> 1780 | H26: =+H23+H24-H25 -> 1888
A27: % Habilidad | B27: 1 | C27: 1 | D27: 1 | E27: 1 | F27: 1 | G27: 1 | H27: 1
A28: Aportes Fondo Mutual | B28: 0 | C28: 0 | D28: 0 | E28: 0 | F28: 0 | G28: 0 | H28: 0
A29: Cuota de admisión | B29: 0 | C29: 0 | D29: 0 | E29: 0 | F29: 0 | G29: 0 | H29: 0
A30: Compra Activos Fijos y Software | B30: =+B19*10 -> 10000000 | C30: =+C19*10 -> 11500000 | D30: =+D19*10 -> 12592500 | E30: =+E19*10 -> 13536938 | F30: =+F19*10 -> 14281469 | G30: =+G19*10 -> 15066950 | H30: =+H19*10 -> 15820297
A31: Compras Cartera y Abonos Extraordinarios | B31: =+B19*20 -> 20000000 | C31: =+C19*20 -> 23000000 | D31: =+D19*20 -> 25185000 | E31: =+E19*20 -> 27073875 | F31: =+F19*20 -> 28562938 | G31: =+G19*20 -> 30133900 | H31: =+H19*20 -> 31640595
A32: Liquidación Promedio ex - asociados | B32: =+B19*2 -> 2000000 | C32: =+C19*2 -> 2300000 | D32: =+D19*2 -> 2518500 | E32: =+E19*2 -> 2707387.5 | F32: =+F19*2 -> 2856293.8 | G32: =+G19*2 -> 3013390 | H32: =+H19*2 -> 3164059.5
A33: Aportes cruzados con cartera | B33: 0.5 | C33: =+B33 -> 0.5 | D33: =+C33 -> 0.5 | E33: =+D33 -> 0.5 | F33: =+E33 -> 0.5 | G33: =+F33 -> 0.5 | H33: =+G33 -> 0.5
A34: Crecim. Gastos Generales IPC + 50% crecim base social | C34: 0 | D34: 0 | E34: 0 | F34: 0 | G34: 0 | H34: 0
C37: TASAS DE CREDITO
A38: LINEA | B38: Año 2022 | C38: =+C1 -> Año 23 | D38: =+D1 -> Año 24 | E38: =+E1 -> Año 25 | F38: =+F1 -> Año 26 | G38: =+G1 -> Año 27 | H38: =+H1 -> Año 28
A39: =+'Colocaciones 1er Año'!A2 -> Libre inversion | B39: 0.013 | C39: =B39+(+$E39-$B39)/3 -> 0.015333333 | D39: =C39+(+$E39-$B39)/3 -> 0.017666667 | E39: 0.02 | F39: =+E39 -> 0.02 | G39: =+F39 -> 0.02 | H39: =+G39 -> 0.02
A40: =+'Colocaciones 1er Año'!A3 -> Sobre aportes | B40: 0.009 | C40: =+B40 -> 0.009 | D40: =+C40 -> 0.009 | E40: =+D40 -> 0.009 | F40: =+E40 -> 0.009 | G40: =+F40 -> 0.009 | H40: =+G40 -> 0.009
A41: =+'Colocaciones 1er Año'!A4 -> Vivienda | B41: 0.0075 | C41: =+B41 -> 0.0075 | D41: =+C41 -> 0.0075 | E41: =+D41 -> 0.0075 | F41: =+E41 -> 0.0075 | G41: =+F41 -> 0.0075 | H41: =+G41 -> 0.0075
A42: =+'Colocaciones 1er Año'!A5 -> Vehiculo | B42: 0.01 | C42: =+B42 -> 0.01 | D42: =+C42 -> 0.01 | E42: =+D42 -> 0.01 | F42: =+E42 -> 0.01 | G42: =+F42 -> 0.01 | H42: =+G42 -> 0.01
A43: =+'Colocaciones 1er Año'!A6 -> Educativo | B43: 0.006 | C43: =+B43 -> 0.006 | D43: =+C43 -> 0.006 | E43: =+D43 -> 0.006 | F43: =+E43 -> 0.006 | G43: =+F43 -> 0.006 | H43: =+G43 -> 0.006
A44: =+'Colocaciones 1er Año'!A7 -> Solidaridad | B44: =+B43 -> 0.006 | C44: =+B44 -> 0.006 | D44: =+C44 -> 0.006 | E44: =+D44 -> 0.006 | F44: =+E44 -> 0.006 | G44: =+F44 -> 0.006 | H44: =+G44 -> 0.006
A45: =+'Colocaciones 1er Año'!A8 -> Compra Cartera | B45: 0.0095 | C45: =+B45 -> 0.0095 | D45: =+C45 -> 0.0095 | E45: =+D45 -> 0.0095 | F45: =+E45 -> 0.0095 | G45: =+F45 -> 0.0095 | H45: =+G45 -> 0.0095
D47: ROTACION . PLAZO PROMEDIO
A48: LINEA | B48: =+B1 -> Año 22 | C48: Año 1 | D48: Año 2 | E48: Años 3 | F48: Años 4 | G48: Años 5
A49: =+'Colocaciones 1er Año'!A2 -> Libre inversion | B49: 36 | C49: 60 | D49: 72 | E49: =+D49 -> 72 | F49: 72 | G49: =+F49 -> 72
A50: =+'Colocaciones 1er Año'!A3 -> Sobre aportes | B50: =+B49 -> 36 | C50: 60 | D50: =+C50 -> 60 | E50: =+D50 -> 60 | F50: =+E50 -> 60 | G50: =+F50 -> 60
A51: =+'Colocaciones 1er Año'!A4 -> Vivienda | B51: =+B50 -> 36 | C51: 120 | D51: =+C51 -> 120 | E51: =+D51 -> 120 | F51: =+E51 -> 120 | G51: =+F51 -> 120
A52: =+'Colocaciones 1er Año'!A5 -> Vehiculo | B52: =+B51 -> 36 | C52: 72 | D52: =+C52 -> 72 | E52: =+D52 -> 72 | F52: =+E52 -> 72 | G52: =+F52 -> 72
A53: =+'Colocaciones 1er Año'!A6 -> Educativo | B53: =+B52 -> 36 | C53: 12 | D53: =+C53 -> 12 | E53: =+D53 -> 12 | F53: =+E53 -> 12 | G53: =+F53 -> 12
A54: =+'Colocaciones 1er Año'!A7 -> Solidaridad | B54: =+B53 -> 36 | C54: 12 | D54: =+C54 -> 12 | E54: =+D54 -> 12 | F54: =+E54 -> 12 | G54: =+F54 -> 12
A55: =+'Colocaciones 1er Año'!A8 -> Compra Cartera | B55: =+B54 -> 36 | C55: 84 | D55: =+C55 -> 84 | E55: =+D55 -> 84 | F55: =+E55 -> 84 | G55: =+F55 -> 84
C57: SALDO CARTERA
A58: LINEA | D58: 44896 | E58: 45261
A59: =+A49 -> Libre inversion | D59: 7000000000 | E59: =+'FLUJO DE CARTERA'!N127 -> 7.5190318e+09
A60: =+A50 -> Sobre aportes | D60: 1000000000 | E60: =+'FLUJO DE CARTERA'!H128 -> 9.1763856e+08
A61: =+A51 -> Vivienda | D61: 2000000000 | E61: =+'FLUJO DE CARTERA'!H129 -> 2.1250692e+09
A62: =+A52 -> Vehiculo | D62: 500000000 | E62: =+'FLUJO DE CARTERA'!H130 -> 6.5592588e+08
A63: =+A53 -> Educativo | D63: 50000000 | E63: =+'FLUJO DE CARTERA'!H131 -> 74560418
A64: =+A54 -> Solidaridad | D64: 50000000 | E64: =+'FLUJO DE CARTERA'!H132 -> 74560418
A65: =+A55 -> Compra Cartera | D65: =13000000000-10600000000 -> 2400000000 | E65: =+'FLUJO DE CARTERA'!H133 -> 2.6679114e+09
A66: TOTAL | D66: =SUM(D59:D65) -> 13000000000 | E66: =SUM(E59:E65) -> 1.4034698e+10
D67: =+'EF. Anuales'!H5 -> 13000000000 | E67: =+E66/D66-1 -> 0.079592128
A68: Cruce mensual Ahorro Perman.
A69: LINEA | B69: =+B1 -> Año 22 | C69: =+C1 -> Año 23 | D69: =+D1 -> Año 24 | E69: =+E1 -> Año 25 | F69: =+F1 -> Año 26 | G69: =+G1 -> Año 27 | H69: =+H1 -> Año 28 | I69: =+I1 -> Año 29 | ... M69: =+M1 -> Año 32
A70: =+A59 -> Libre inversion | B70: 0 | C70: =+B70*1.05 -> 0 | D70: =+C70*1.05 -> 0 | E70: =+D70*1.05 -> 0 | F70: =+E70*1.05 -> 0 | G70: =+F70*1.05 -> 0 | H70: =+G70*1.05 -> 0 | I70: =+H70*1.05 -> 0 | J70: =+I70*1.05 -> 0 | ... M70: =+L70*1.05 -> 0
A71: =+A60 -> Sobre aportes | B71: 0 | C71: =+B71 -> 0 | D71: =+C71 -> 0 | E71: =+D71 -> 0 | F71: =+E71 -> 0 | G71: =+F71 -> 0 | H71: =+G71 -> 0 | I71: =+H71 -> 0 | J71: =+I71 -> 0 | ... M71: =+L71 -> 0
A72: =+A61 -> Vivienda | B72: 0 | C72: =+B72 -> 0 | D72: =+C72 -> 0 | E72: =+D72 -> 0 | F72: =+E72 -> 0 | G72: =+F72 -> 0 | H72: =+G72 -> 0 | I72: =+H72 -> 0 | J72: =+I72 -> 0 | ... M72: =+L72 -> 0
A73: =+A62 -> Vehiculo | B73: 0 | C73: =+B73 -> 0 | D73: =+C73 -> 0 | E73: =+D73 -> 0 | F73: =+E73 -> 0 | G73: =+F73 -> 0 | H73: =+G73 -> 0 | I73: =+H73 -> 0 | J73: =+I73 -> 0 | ... M73: =+L73 -> 0
A74: =+A63 -> Educativo | B74: 0 | C74: =+B74 -> 0 | D74: =+C74 -> 0 | E74: =+D74 -> 0 | F74: =+E74 -> 0 | G74: =+F74 -> 0 | H74: =+G74 -> 0 | I74: =+H74 -> 0 | J74: =+I74 -> 0 | ... M74: =+L74 -> 0
A75: =+A64 -> Solidaridad | B75: 0 | C75: =+B75 -> 0 | D75: =+C75 -> 0 | E75: =+D75 -> 0 | F75: =+E75 -> 0 | G75: =+F75 -> 0 | H75: =+G75 -> 0 | I75: =+H75 -> 0 | J75: =+I75 -> 0 | ... M75: =+L75 -> 0
A76: =+A65 -> Compra Cartera | B76: 0 | C76: =+B76 -> 0 | D76: =+C76 -> 0 | E76: =+D76 -> 0 | F76: =+E76 -> 0 | G76: =+F76 -> 0 | H76: =+G76 -> 0 | I76: =+H76 -> 0 | J76: =+I76 -> 0 | ... M76: =+L76 -> 0
A77: TOTAL | B77: =SUM(B70:B76) -> 0 | C77: =SUM(C70:C76) -> 0 | D77: =SUM(D70:D76) -> 0 | E77: =SUM(E70:E76) -> 0 | F77: =SUM(F70:F76) -> 0 | G77: =SUM(G70:G76) -> 0 | H77: =SUM(H70:H76) -> 0 | I77: =SUM(I70:I76) -> 0 | ... M77: =SUM(M70:M76) -> 0

Sheet EF. Anuales
A1: SITUACION FCIERA | B1: 43070 | C1: 43435 | D1: 43800 | E1: 44166 | F1: 44531 | G1: 44805 | H1: 44896 | I1: =EOMONTH(H1,12) -> 45291 | J1: =EOMONTH(I1,12) -> 45657 | K1: =EOMONTH(J1,12) -> 46022 | L1: =EOMONTH(K1,12) -> 46387 | M1: =EOMONTH(L1,12) -> 46752
A2: Efectivo y Eq NETO | B2: =+CUC!C4+CUC!C32+CUC!C559-CUC!C816-CUC!C939-B3-B4 -> 4.9399855e+08 | C2: =+CUC!D4+CUC!D32+CUC!D559-CUC!D816-CUC!D939-C3-C4 -> 4.9309031e+08 | D2: =+CUC!E4+CUC!E32+CUC!E559-CUC!E816-CUC!E939-D3-D4 -> 309177346 | E2: =+CUC!F4+CUC!F32+CUC!F559-CUC!F816-CUC!F939-E3-E4 -> 3.4019951e+08 | F2: =+CUC!G4+CUC!G32+CUC!G559-CUC!G816-CUC!G939-F3-F4 -> 6.9571353e+08 | G2: =+CUC!H4+CUC!H32+CUC!H559-CUC!H816-CUC!H939-G3-G4 -> 3.9125522e+08 | H2: 2.768338e+08 | I2: =+'EF. Mensuales'!N2 -> 4.6024694e+08 | J2: =+'EF. Mensuales'!Z2 -> 3.1104176e+08 | K2: =+'EF. Mensuales'!AL2 -> 3.5334586e+08 | L2: =+'EF. Mensuales'!AX2 -> 3.7942399e+08 | M2: =+'EF. Mensuales'!BJ2 -> 3.944668e+08
A3: Fondo de Liquidez | B3: =+CUC!C18+CUC!C33 -> 3.4848086e+08 | C3: =+CUC!D18+CUC!D33 -> 3.6839883e+08 | D3: =+CUC!E18+CUC!E33 -> 366214794 | E3: =+CUC!F18+CUC!F33 -> 4.1491519e+08 | F3: =+CUC!G18+CUC!G33 -> 4.7909842e+08 | G3: =+CUC!H18+CUC!H33 -> 4.9866945e+08 | H3: 420000000 | I3: =+'EF. Mensuales'!N3 -> 4.7149385e+08 | J3: =+'EF. Mensuales'!Z3 -> 5.1583223e+08 | K3: =+'EF. Mensuales'!AL3 -> 5.5694197e+08 | L3: =+'EF. Mensuales'!AX3 -> 5.9471622e+08 | M3: =+'EF. Mensuales'!BJ3 -> 6.3642366e+08
A4: Otras inversiones | B4: =+CUC!C122+CUC!C143 -> 11032105 | C4: =+CUC!D122+CUC!D143 -> 11713417 | D4: =+CUC!E122+CUC!E143 -> 12368227 | E4: =+CUC!F122+CUC!F143 -> 21988403 | F4: =+CUC!G122+CUC!G143 -> 212946752 | G4: =+CUC!H122+CUC!H143 -> 215330328 | H4: =+G4 -> 215330328 | I4: =+'EF. Mensuales'!N4 -> 2.1621896e+08 | J4: =+'EF. Mensuales'!Z4 -> 2.1713869e+08 | K4: =+'EF. Mensuales'!AL4 -> 2.1809061e+08 | L4: =+'EF. Mensuales'!AX4 -> 2.1907584e+08 | M4: =+'EF. Mensuales'!BJ4 -> 2.2009556e+08
A5: Cartera de Crédito | B5: =+CUC!C248-B6 -> 7.3206698e+09 | C5: =+CUC!D248-C6 -> 8.581492e+09 | D5: =+CUC!E248-D6 -> 9346559831 | E5: =+CUC!F248-E6 -> 1.0632818e+10 | F5: =+CUC!G248-F6 -> 1.2750293e+10 | G5: =+CUC!H248-G6 -> 1.3000109e+10 | H5: 13000000000 | I5: =+'EF. Mensuales'!N5 -> 1.4946699e+10 | J5: =+'EF. Mensuales'!Z5 -> 1.7723663e+10 | K5: =+'EF. Mensuales'!AL5 -> 2.0770567e+10 | L5: =+'EF. Mensuales'!AX5 -> 2.3896542e+10 | M5: =+'EF. Mensuales'!BJ5 -> 2.729814e+10
A6: Provisión Cartera | B6: =-CUC!C273-CUC!C279-CUC!C285-CUC!C327-CUC!C338-CUC!C344-CUC!C368-CUC!C374-CUC!C380-CUC!C410-CUC!C421-CUC!C427-CUC!C457-CUC!C468-CUC!C474-CUC!C480-CUC!C503-CUC!C514 -> -126097433 | C6: =-CUC!D273-CUC!D279-CUC!D285-CUC!D327-CUC!D338-CUC!D344-CUC!D368-CUC!D374-CUC!D380-CUC!D410-CUC!D421-CUC!D427-CUC!D457-CUC!D468-CUC!D474-CUC!D480-CUC!D503-CUC!D514 -> -153143825 | D6: =-CUC!E273-CUC!E279-CUC!E285-CUC!E327-CUC!E338-CUC!E344-CUC!E368-CUC!E374-CUC!E380-CUC!E410-CUC!E421-CUC!E427-CUC!E457-CUC!E468-CUC!E474-CUC!E480-CUC!E503-CUC!E514 -> -164331426 | E6: =-CUC!F273-CUC!F279-CUC!F285-CUC!F327-CUC!F338-CUC!F344-CUC!F368-CUC!F374-CUC!F380-CUC!F410-CUC!F421-CUC!F427-CUC!F457-CUC!F468-CUC!F474-CUC!F480-CUC!F503-CUC!F514 -> -190849251 | F6: =-CUC!G273-CUC!G279-CUC!G285-CUC!G327-CUC!G338-CUC!G344-CUC!G368-CUC!G374-CUC!G380-CUC!G410-CUC!G421-CUC!G427-CUC!G457-CUC!G468-CUC!G474-CUC!G480-CUC!G503-CUC!G514 -> -205154112 | G6: =-CUC!H273-CUC!H279-CUC!H285-CUC!H327-CUC!H338-CUC!H344-CUC!H368-CUC!H374-CUC!H380-CUC!H410-CUC!H421-CUC!H427-CUC!H457-CUC!H468-CUC!H474-CUC!H480-CUC!H503-CUC!H514 -> -216224881 | H6: =+G6 -> -216224881 | I6: =+'EF. Mensuales'!N6 -> -8.1752531e+08 | J6: =+'EF. Mensuales'!Z6 -> -9.6216871e+08 | K6: =+'EF. Mensuales'!AL6 -> -1.1352965e+09 | L6: =+'EF. Mensuales'!AX6 -> -1.33177e+09 | M6: =+'EF. Mensuales'!BJ6 -> -1.5610642e+09
A7: P.P. y Equipo | B7: =+CUC!C634 -> 1.708496e+08 | C7: =+CUC!D634 -> 1.62574e+08 | D7: =+CUC!E634 -> 144895055 | E7: =+CUC!F634 -> 1.2971496e+08 | F7: =+CUC!G634 -> 1.1989654e+08 | G7: =+CUC!H634 -> 1.1175316e+08 | H7: =+G7-(CUC!H1585/3) -> 1.1137548e+08 | I7: =+'EF. Mensuales'!N7 -> 1.2131548e+08 | J7: =+'EF. Mensuales'!Z7 -> 1.3004798e+08 | K7: =+'EF. Mensuales'!AL7 -> 1.3720642e+08 | L7: =+'EF. Mensuales'!AX7 -> 1.42402e+08 | M7: =+'EF. Mensuales'!BJ7 -> 1.4552677e+08
A8: Intangibles | B8: =+CUC!C685+CUC!C677 -> 0 | C8: =+CUC!D685+CUC!D677 -> 0 | D8: =+CUC!E685+CUC!E677 -> 0 | E8: =+CUC!F685+CUC!F677 -> 0 | F8: =+CUC!G685+CUC!G677 -> 0 | G8: =+CUC!H685+CUC!H677 -> 7628544 | H8: 0 | I8: =+'EF. Mensuales'!N8 -> -2.3283064e-09 | J8: =+'EF. Mensuales'!Z8 -> -3.7252903e-09 | K8: =+'EF. Mensuales'!AL8 -> -3.7252903e-09 | L8: =+'EF. Mensuales'!AX8 -> -3.7252903e-09 | M8: =+'EF. Mensuales'!BJ8 -> 2.7939677e-09
A9: Otros activos | B9: 0 | C9: 0 | D9: 0 | E9: 0 | F9: 0 | G9: 0 | H9: 0 | I9: =+'EF. Mensuales'!N9 -> 0 | J9: =+'EF. Mensuales'!Z9 -> 0 | K9: =+'EF. Mensuales'!AL9 -> 0 | L9: =+'EF. Mensuales'!AX9 -> 0 | M9: =+'EF. Mensuales'!BJ9 -> 0
A10: TOTAL ACTIVOS | B10: =SUM(B2:B9) -> 8.2189335e+09 | C10: =SUM(C2:C9) -> 9.4641248e+09 | D10: =SUM(D2:D9) -> 10014883827 | E10: =SUM(E2:E9) -> 1.1348786e+10 | F10: =SUM(F2:F9) -> 1.4052794e+10 | G10: =SUM(G2:G9) -> 1.400852e+10 | H10: =SUM(H2:H9) -> 1.3807315e+10 | I10: =SUM(I2:I9) -> 1.5398449e+10 | ... M10: =SUM(M2:M9) -> 2.7133588e+10
A11: Ahorro Permanente | B11: =+CUC!C757 -> 6.4603227e+08 | C11: =+CUC!D757 -> 7.2469339e+08 | D11: =+CUC!E757 -> 815488749 | E11: =+CUC!F757 -> 955742947 | F11: =+CUC!G757 -> 1100887652 | G11: =+CUC!H757 -> 1184284291 | H11: 1200000000 | I11: =+'EF. Mensuales'!N11 -> 1.3185313e+09 | J11: =+'EF. Mensuales'!Z11 -> 1.4527228e+09 | K11: =+'EF. Mensuales'!AL11 -> 1.6058544e+09 | L11: =+'EF. Mensuales'!AX11 -> 1.7808134e+09 | M11: =+'EF. Mensuales'!BJ11 -> 1.9874365e+09
A12: Ahorro vista | B12: =+CUC!C741 -> 1.8885488e+09 | C12: =+CUC!D741 -> 2.0085779e+09 | D12: =+CUC!E741 -> 1878761857 | E12: =+CUC!F741 -> 2387310260 | F12: =+CUC!G741 -> 3017302995 | G12: =+CUC!H741 -> 2.7569794e+09 | H12: 2600000000 | I12: =+'EF. Mensuales'!N12 -> 2.9588845e+09 | J12: =+'EF. Mensuales'!Z12 -> 3.2364482e+09 | K12: =+'EF. Mensuales'!AL12 -> 3.4704113e+09 | L12: =+'EF. Mensuales'!AX12 -> 3.6479642e+09 | M12: =+'EF. Mensuales'!BJ12 -> 3.8346009e+09
A13: Ahorro contractual | B13: =+CUC!C751 -> 2.7150753e+08 | C13: =+CUC!D751 -> 233944684 | D13: =+CUC!E751 -> 301965223 | E13: =+CUC!F751 -> 325496000 | F13: =+CUC!G751 -> 354734101 | G13: =+CUC!H751 -> 373803463 | H13: 400000000 | I13: =+'EF. Mensuales'!N13 -> 4.3752276e+08 | J13: =+'EF. Mensuales'!Z13 -> 4.6915131e+08 | K13: =+'EF. Mensuales'!AL13 -> 4.9315399e+08 | L13: =+'EF. Mensuales'!AX13 -> 5.1838468e+08 | M13: =+'EF. Mensuales'!BJ13 -> 5.4219918e+08
A14: Obligaciones Financieras | B14: =+CUC!C768 -> 529506590 | C14: =+CUC!D768 -> 1.0333868e+09 | D14: =+CUC!E768 -> 872666664 | E14: =+CUC!F768 -> 751861673 | F14: =+CUC!G768 -> 1.6353002e+09 | G14: =+CUC!H768 -> 1.1434501e+09 | H14: 1000000000 | I14: =+'EF. Mensuales'!N14 -> 2.1064086e+09 | J14: =+'EF. Mensuales'!Z14 -> 3.1539222e+09 | K14: =+'EF. Mensuales'!AL14 -> 4.1646039e+09 | L14: =+'EF. Mensuales'!AX14 -> 5.0903896e+09 | M14: =+'EF. Mensuales'!BJ14 -> 5.6728823e+09
A15: Provisiones | B15: =+CUC!C1021 -> 0 | C15: =+CUC!D1021 -> 0 | D15: =+CUC!E1021 -> 0 | E15: =+CUC!F1021 -> 0 | F15: =+CUC!G1021 -> 0 | G15: =+CUC!H1021 -> 0 | H15: 0 | I15: =+'EF. Mensuales'!N15 -> 0 | J15: =+'EF. Mensuales'!Z15 -> 0 | K15: =+'EF. Mensuales'!AL15 -> 0 | L15: =+'EF. Mensuales'!AX15 -> 0 | M15: =+'EF. Mensuales'!BJ15 -> 0
A16: Fondos | B16: =+CUC!C925 -> 2.6328117e+08 | C16: =+CUC!D925 -> 3.4707553e+08 | D16: =+CUC!E925 -> 421337580 | E16: =+CUC!F925 -> 3.6636605e+08 | F16: =+CUC!G925 -> 2.5538217e+08 | G16: =+CUC!H925 -> 4.4501659e+08 | H16: 300000000 | I16: =+'EF. Mensuales'!N16 -> 4.0890146e+08 | J16: =+'EF. Mensuales'!Z16 -> 2.2585359e+08 | K16: =+'EF. Mensuales'!AL16 -> 4.4514356e+08 | L16: =+'EF. Mensuales'!AX16 -> 7.6238318e+08 | M16: =+'EF. Mensuales'!BJ16 -> 1.3771359e+09
A17: Otros pasivos | B17: 0 | C17: 0 | D17: 0 | E17: 0 | F17: 0 | G17: 0 | H17: 0 | I17: =+'EF. Mensuales'!N17 -> 0 | J17: =+'EF. Mensuales'!Z17 -> 0 | K17: =+'EF. Mensuales'!AL17 -> 0 | L17: =+'EF. Mensuales'!AX17 -> 0 | M17: =+'EF. Mensuales'!BJ17 -> 0
A18: TOTAL PASIVO | B18: =SUM(B11:B17) -> 3.5988764e+09 | C18: =SUM(C11:C17) -> 4.3476783e+09 | D18: =SUM(D11:D17) -> 4290220073 | E18: =SUM(E11:E17) -> 4.7867769e+09 | F18: =SUM(F11:F17) -> 6.3636071e+09 | G18: =SUM(G11:G17) -> 5.9035338e+09 | H18: =SUM(H11:H17) -> 5500000000 | I18: =SUM(I11:I17) -> 7.2302486e+09 | ... M18: =SUM(M11:M17) -> 1.3414255e+10
A19: Aportes Sociales | B19: =+CUC!C1034+CUC!C970 -> 3.2611733e+09 | C19: =+CUC!D1034+CUC!D970 -> 3.6470097e+09 | D19: =+CUC!E1034+CUC!E970 -> 4071345736 | E19: =+CUC!F1034+CUC!F970 -> 4769148425 | F19: =+CUC!G1034+CUC!G970 -> 5459221807 | G19: =+CUC!H1034+CUC!H970 -> 5821799570 | H19: 5950000000 | I19: =+'EF. Mensuales'!N19 -> 6.2549787e+09 | J19: =+'EF. Mensuales'!Z19 -> 6.6537989e+09 | K19: =+'EF. Mensuales'!AL19 -> 7.1548249e+09 | L19: =+'EF. Mensuales'!AX19 -> 7.7651339e+09 | M19: =+'EF. Mensuales'!BJ19 -> 8.520059e+09
A20: Reservas, fondos y Superavit | B20: =+CUC!C1044+CUC!C1053+CUC!C1067+CUC!C1062+CUC!C1070 -> 1.0379772e+09 | C20: =+CUC!D1044+CUC!D1053+CUC!D1067+CUC!D1062+CUC!D1070 -> 1.1021977e+09 | D20: =+CUC!E1044+CUC!E1053+CUC!E1067+CUC!E1062+CUC!E1070 -> 1175711999 | E20: =+CUC!F1044+CUC!F1053+CUC!F1067+CUC!F1062+CUC!F1070 -> 1.2693934e+09 | F20: =+CUC!G1044+CUC!G1053+CUC!G1067+CUC!G1062+CUC!G1070 -> 1.5741476e+09 | G20: =+CUC!H1044+CUC!H1053+CUC!H1067+CUC!H1062+CUC!H1070 -> 1.7072493e+09 | H20: =+G20 -> 1.7072493e+09 | I20: =+'EF. Mensuales'!N20 -> 1.8372623e+09 | J20: =+'EF. Mensuales'!Z20 -> 1.8524543e+09 | K20: =+'EF. Mensuales'!AL20 -> 2.030695e+09 | L20: =+'EF. Mensuales'!AX20 -> 2.3379286e+09 | M20: =+'EF. Mensuales'!BJ20 -> 2.7374072e+09
A21: Resultados Ejercicios Anteriores | I21: =+'EF. Mensuales'!N21 -> 0 | J21: =+'EF. Mensuales'!Z21 -> 0 | K21: =+'EF. Mensuales'!AL21 -> 0 | L21: =+'EF. Mensuales'!AX21 -> 0 | M21: =+'EF. Mensuales'!BJ21 -> 0
A22: Resultado Ejercicio | B22: =+CUC!C1064 -> 3.211026e+08 | C22: =+CUC!D1064 -> 3.6757136e+08 | D22: =+CUC!E1064 -> 478097873 | E22: =+CUC!F1064 -> 5.23771e+08 | F22: =+CUC!G1064 -> 6.5581739e+08 | G22: =+CUC!H1064 -> 5.7593774e+08 | H22: =+H74 -> 6.5006548e+08 | I22: =+'EF. Mensuales'!N22 -> 75959519 | J22: =+'EF. Mensuales'!Z22 -> 8.9120388e+08 | K22: =+'EF. Mensuales'!AL22 -> 1.5361679e+09 | L22: =+'EF. Mensuales'!AX22 -> 1.997393e+09 | M22: =+'EF. Mensuales'!BJ22 -> 2.4618675e+09
A23: TOTAL PATRIMONIO | B23: =+SUM(B19:B22) -> 4.6202531e+09 | C23: =+SUM(C19:C22) -> 5.1167787e+09 | D23: =+SUM(D19:D22) -> 5725155608 | E23: =+SUM(E19:E22) -> 6.5623129e+09 | F23: =+SUM(F19:F22) -> 7.6891868e+09 | G23: =+SUM(G19:G22) -> 8.1049866e+09 | H23: =+SUM(H19:H22) -> 8.3073147e+09 | I23: =+SUM(I19:I22) -> 8.1682005e+09 | ... M23: =+SUM(M19:M22) -> 1.3719334e+10
B24: =+B10-B18-B23 -> -195962.36 | C24: =+C10-C18-C23 -> -332275 | D24: =+D10-D18-D23 -> -491854 | E24: =+E10-E18-E23 -> -303320.82 | F24: =+F10-F18-F23 -> 0 | G24: =+G10-G18-G23 -> 0 | H24: =+H10-H18-H23 -> 0 | I24: =+I10-I18-I23 -> 0 | ... M24: =+M10-M18-M23 -> 0
A26: TEA implicita Cartera | C26: =+C57/AVERAGE(B5:C5) -> 0.12570534 | D26: =+D57/AVERAGE(C5:D5) -> 0.1284915 | E26: =+E57/AVERAGE(D5:E5) -> 0.13137107 | F26: =+F57/AVERAGE(E5:F5) -> 0.13938774 | H26: =+H57/AVERAGE(F5:H5) -> 0.12746242 | I26: =+I57/AVERAGE(H5:I5) -> 0.14265029 | J26: =+J57/AVERAGE(I5:J5) -> 0.15369974 | K26: =+K57/AVERAGE(J5:K5) -> 0.16707259 | L26: =+L57/AVERAGE(K5:L5) -> 0.16712786 | M26: =+M57/AVERAGE(L5:M5) -> 0.16690983
A27: FLUJO DE CAJA | I27: =+I1 -> 45291 | J27: =+J1 -> 45657 | K27: =+K1 -> 46022 | L27: =+L1 -> 46387 | M27: =+M1 -> 46752
A28: Saldo Inicial | I28: =+'EF. Mensuales'!C28 -> 2.768338e+08 | J28: =+I54 -> 4.6024694e+08 | K28: =+J54 -> 3.1104176e+08 | L28: =+K54 -> 3.5334586e+08 | M28: =+L54 -> 3.7942399e+08
A29: Recaudos de Cartera (capital + intereses) | I29: =+SUM('EF. Mensuales'!C29:N29) -> 4.0305751e+09 | J29: =+SUM('EF. Mensuales'!O29:Z29) -> 4.3409146e+09 | K29: =+SUM('EF. Mensuales'!AA29:AL29) -> 5.3128641e+09 | L29: =+SUM('EF. Mensuales'!AM29:AX29) -> 6.1541261e+09 | M29: =+SUM('EF. Mensuales'!AY29:BJ29) -> 6.8561042e+09
A30: Recaudo Aportes | I30: =+SUM('EF. Mensuales'!C30:N30) -> 1.2683179e+09 | J30: =+SUM('EF. Mensuales'!O30:Z30) -> 1.3689242e+09 | K30: =+SUM('EF. Mensuales'!AA30:AL30) -> 1.4720037e+09 | L30: =+SUM('EF. Mensuales'!AM30:AX30) -> 1.5753946e+09 | M30: =+SUM('EF. Mensuales'!AY30:BJ30) -> 1.7083395e+09
A31: Captaciones | I31: =+SUM('EF. Mensuales'!C31:N31) -> 1.5152424e+09 | J31: =+SUM('EF. Mensuales'!O31:Z31) -> 1.6714694e+09 | K31: =+SUM('EF. Mensuales'!AA31:AL31) -> 1.8021466e+09 | L31: =+SUM('EF. Mensuales'!AM31:AX31) -> 1.9139434e+09 | M31: =+SUM('EF. Mensuales'!AY31:BJ31) -> 2.0241374e+09
A32: Rendimientos Excedentes Tesorería | I32: =+SUM('EF. Mensuales'!C32:N32) -> 6550768.1 | J32: =+SUM('EF. Mensuales'!O32:Z32) -> 6537483.9 | K32: =+SUM('EF. Mensuales'!AA32:AL32) -> 3509481.1 | L32: =+SUM('EF. Mensuales'!AM32:AX32) -> 3960285.4 | M32: =+SUM('EF. Mensuales'!AY32:BJ32) -> 3998295.6
A33: Contribuciones Fondos | I33: =+SUM('EF. Mensuales'!C33:N33) -> 0 | J33: =+SUM('EF. Mensuales'!O33:Z33) -> 0 | K33: =+SUM('EF. Mensuales'!AA33:AL33) -> 0 | L33: =+SUM('EF. Mensuales'!AM33:AX33) -> 0 | M33: =+SUM('EF. Mensuales'!AY33:BJ33) -> 0
A34: Recaudo Liq. Prestaciones Sociales | I34: =+SUM('EF. Mensuales'!C34:N34) -> 4.3229054e+08 | J34: =+SUM('EF. Mensuales'!O34:Z34) -> 4.5857509e+08 | K34: =+SUM('EF. Mensuales'!AA34:AL34) -> 4.7197334e+08 | L34: =+SUM('EF. Mensuales'!AM34:AX34) -> 4.7383877e+08 | M34: =+SUM('EF. Mensuales'!AY34:BJ34) -> 4.7336291e+08
A35: Pagos por Caja Cartera | I35: =+SUM('EF. Mensuales'!C35:N35) -> 276000000 | J35: =+SUM('EF. Mensuales'!O35:Z35) -> 302220000 | K35: =+SUM('EF. Mensuales'!AA35:AL35) -> 324886500 | L35: =+SUM('EF. Mensuales'!AM35:AX35) -> 3.4275526e+08 | M35: =+SUM('EF. Mensuales'!AY35:BJ35) -> 3.616068e+08
A36: Disminución de Inversiones | I36: =+SUM('EF. Mensuales'!C36:N36) -> 0 | J36: =+SUM('EF. Mensuales'!O36:Z36) -> 0 | K36: =+SUM('EF. Mensuales'!AA36:AL36) -> 0 | L36: =+SUM('EF. Mensuales'!AM36:AX36) -> 0 | M36: =+SUM('EF. Mensuales'!AY36:BJ36) -> 0
A37: =+A60 -> Admtivos, Sociales, comisiones | I37: =+SUM('EF. Mensuales'!C37:N37) -> 8818307.1 | J37: =+SUM('EF. Mensuales'!O37:Z37) -> 9523771.7 | K37: =+SUM('EF. Mensuales'!AA37:AL37) -> 10095198 | L37: =+SUM('EF. Mensuales'!AM37:AX37) -> 10499006 | M37: =+SUM('EF. Mensuales'!AY37:BJ37) -> 10918966
A38: Venta de PPE | I38: =+SUM('EF. Mensuales'!C38:N38) -> 0 | J38: =+SUM('EF. Mensuales'!O38:Z38) -> 0 | K38: =+SUM('EF. Mensuales'!AA38:AL38) -> 0 | L38: =+SUM('EF. Mensuales'!AM38:AX38) -> 0 | M38: =+SUM('EF. Mensuales'!AY38:BJ38) -> 0
A39: Nuevas obligaciones | I39: =+SUM('EF. Mensuales'!C39:N39) -> 1.4846382e+09 | J39: =+SUM('EF. Mensuales'!O39:Z39) -> 1.7687422e+09 | K39: =+SUM('EF. Mensuales'!AA39:AL39) -> 2.0666792e+09 | L39: =+SUM('EF. Mensuales'!AM39:AX39) -> 2.2942361e+09 | M39: =+SUM('EF. Mensuales'!AY39:BJ39) -> 2.1918997e+09
A40: TOTAL ENTRADAS | I40: =SUM(I29:I39) -> 9.0224331e+09 | J40: =SUM(J29:J39) -> 9.9269066e+09 | K40: =SUM(K29:K39) -> 1.1464158e+10 | L40: =SUM(L29:L39) -> 1.2768754e+10 | M40: =SUM(M29:M39) -> 1.3630368e+10
A41: Desembolsos NETOS | I41: =+SUM('EF. Mensuales'!C41:N41) -> 5755750000 | J41: =+SUM('EF. Mensuales'!O41:Z41) -> 6446440000 | K41: =+SUM('EF. Mensuales'!AA41:AL41) -> 7.0266196e+09 | L41: =+SUM('EF. Mensuales'!AM41:AX41) -> 7.4482168e+09 | M41: =+SUM('EF. Mensuales'!AY41:BJ41) -> 7.8951098e+09
A42: Retiro Aportes en Efectivo (Remanentes) | I42: =+SUM('EF. Mensuales'!C42:N42) -> 98399758 | J42: =+SUM('EF. Mensuales'!O42:Z42) -> 99664095 | K42: =+SUM('EF. Mensuales'!AA42:AL42) -> 1.0018939e+08 | L42: =+SUM('EF. Mensuales'!AM42:AX42) -> 99895253 | M42: =+SUM('EF. Mensuales'!AY42:BJ42) -> 98990011
A43: Retiro de Ahorros en Efectivo | I43: =+SUM('EF. Mensuales'!C43:N43) -> 1.1981629e+09 | J43: =+SUM('EF. Mensuales'!O43:Z43) -> 1.3292383e+09 | K43: =+SUM('EF. Mensuales'!AA43:AL43) -> 1.4341456e+09 | L43: =+SUM('EF. Mensuales'!AM43:AX43) -> 1.5200948e+09 | M43: =+SUM('EF. Mensuales'!AY43:BJ43) -> 1.5970526e+09
A44: Aumento de Fondo de Liquidez | I44: =+SUM('EF. Mensuales'!C44:N44) -> 33758731 | J44: =+SUM('EF. Mensuales'!O44:Z44) -> 24669380 | K44: =+SUM('EF. Mensuales'!AA44:AL44) -> 19725700 | L44: =+SUM('EF. Mensuales'!AM44:AX44) -> 14807188 | M44: =+SUM('EF. Mensuales'!AY44:BJ44) -> 17159936
A45: Cuatro por mil | I45: =+SUM('EF. Mensuales'!C45:N45) -> 0 | J45: =+SUM('EF. Mensuales'!O45:Z45) -> 0 | K45: =+SUM('EF. Mensuales'!AA45:AL45) -> 0 | L45: =+SUM('EF. Mensuales'!AM45:AX45) -> 0 | M45: =+SUM('EF. Mensuales'!AY45:BJ45) -> 0
A46: Pago Gastos Generales | I46: =+SUM('EF. Mensuales'!C46:N46) -> 5.9839613e+08 | J46: =+SUM('EF. Mensuales'!O46:Z46) -> 6.5290029e+08 | K46: =+SUM('EF. Mensuales'!AA46:AL46) -> 6.5290029e+08 | L46: =+SUM('EF. Mensuales'!AM46:AX46) -> 6.920743e+08 | M46: =+SUM('EF. Mensuales'!AY46:BJ46) -> 7.1975728e+08
A47: Gastos TC | I47: =+SUM('EF. Mensuales'!C47:N47) -> 0 | J47: =+SUM('EF. Mensuales'!O47:Z47) -> 0 | K47: =+SUM('EF. Mensuales'!AA47:AL47) -> 0 | L47: =+SUM('EF. Mensuales'!AM47:AX47) -> 0 | M47: =+SUM('EF. Mensuales'!AY47:BJ47) -> 0
A48: Pago obligacion financiera | I48: =+SUM('EF. Mensuales'!C48:N48) -> 4.6900466e+08 | J48: =+SUM('EF. Mensuales'!O48:Z48) -> 1.0025077e+09 | K48: =+SUM('EF. Mensuales'!AA48:AL48) -> 1.4361566e+09 | L48: =+SUM('EF. Mensuales'!AM48:AX48) -> 1.7789854e+09 | M48: =+SUM('EF. Mensuales'!AY48:BJ48) -> 2.0198059e+09
A49: Fondos y gastos sociales | I49: =+SUM('EF. Mensuales'!C49:N49) -> 6.4664771e+08 | J49: =+SUM('EF. Mensuales'!O49:Z49) -> 4.7789788e+08 | K49: =+SUM('EF. Mensuales'!AA49:AL49) -> 7.0581814e+08 | L49: =+SUM('EF. Mensuales'!AM49:AX49) -> 1.1394105e+09 | M49: =+SUM('EF. Mensuales'!AY49:BJ49) -> 1.2154671e+09
A50: Otros costos | I50: =+SUM('EF. Mensuales'!C50:N50) -> 0 | J50: =+SUM('EF. Mensuales'!O50:Z50) -> 0 | K50: =+SUM('EF. Mensuales'!AA50:AL50) -> 0 | L50: =+SUM('EF. Mensuales'!AM50:AX50) -> 0 | M50: =+SUM('EF. Mensuales'!AY50:BJ50) -> 0
A51: Gastos Bancarios | I51: =+SUM('EF. Mensuales'!C51:N51) -> 4400060 | J51: =+SUM('EF. Mensuales'!O51:Z51) -> 5016658.8 | K51: =+SUM('EF. Mensuales'!AA51:AL51) -> 5687777.7 | L51: =+SUM('EF. Mensuales'!AM51:AX51) -> 6346742.1 | M51: =+SUM('EF. Mensuales'!AY51:BJ51) -> 6781671.3
A52: Compras PPE y Diferidos | I52: =+SUM('EF. Mensuales'!C52:N52) -> 34500000 | J52: =+SUM('EF. Mensuales'!O52:Z52) -> 37777500 | K52: =+SUM('EF. Mensuales'!AA52:AL52) -> 40610812 | L52: =+SUM('EF. Mensuales'!AM52:AX52) -> 42844407 | M52: =+SUM('EF. Mensuales'!AY52:BJ52) -> 45200850
A53: TOTAL SALIDAS | I53: =SUM(I41:I52) -> 8.83902e+09 | J53: =SUM(J41:J52) -> 1.0076112e+10 | K53: =SUM(K41:K52) -> 1.1421854e+10 | L53: =SUM(L41:L52) -> 1.2742675e+10 | M53: =SUM(M41:M52) -> 1.3615325e+10
A54: Saldo Disponible | I54: =+I28+I40-I53 -> 4.6024694e+08 | J54: =+J28+J40-J53 -> 3.1104176e+08 | K54: =+K28+K40-K53 -> 3.5334586e+08 | L54: =+L28+L40-L53 -> 3.7942399e+08 | M54: =+M28+M40-M53 -> 3.944668e+08
A56: RESULTADO | B56: =+B1 -> 43070 | C56: =+C1 -> 43435 | D56: =+D1 -> 43800 | E56: =+E1 -> 44166 | F56: =+F1 -> 44531 | G56: =+G1 -> 44805 | H56: =+H1 -> 44896 | I56: =+I1 -> 45291 | ... M56: =+M1 -> 46752
A57: Intereses Cartera Crédito | B57: =+CUC!C1088 -> 8.9302999e+08 | C57: =+CUC!D1088 -> 9.9949332e+08 | D57: =+CUC!E1088 -> 1151801153 | E57: =+CUC!F1294 -> 1312356108 | F57: =+CUC!G1292 -> 1629659457 | G57: =+CUC!H1292 -> 1234804967 | H57: =+CUC!I1292 -> 1.6464066e+09 | I57: =+SUM('EF. Mensuales'!C58:N58) -> 1.9933024e+09 | J57: =+SUM('EF. Mensuales'!O58:Z58) -> 2.5107131e+09 | K57: =+SUM('EF. Mensuales'!AA58:AL58) -> 3.2156654e+09 | L57: =+SUM('EF. Mensuales'!AM58:AX58) -> 3.7325591e+09 | M57: =+SUM('EF. Mensuales'!AY58:BJ58) -> 4.2724478e+09
A58: Rendimientos financieros | B58: =+CUC!C1329 -> 19811535 | C58: =+CUC!D1329 -> 18262815 | D58: =+CUC!E1329 -> 25459295 | E58: =+CUC!F1329 -> 18944163 | F58: =+CUC!G1311+CUC!G1329 -> 14213233 | G58: =+CUC!H1311+CUC!H1329 -> 19571031 | H58: =+CUC!I1311+CUC!I1329 -> 26094708 | I58: =+SUM('EF. Mensuales'!C59:N59) -> 24285884 | J58: =+SUM('EF. Mensuales'!O59:Z59) -> 26206490 | K58: =+SUM('EF. Mensuales'!AA59:AL59) -> 24893516 | L58: =+SUM('EF. Mensuales'!AM59:AX59) -> 26927348 | M58: =+SUM('EF. Mensuales'!AY59:BJ59) -> 28545796
A59: Utilidad valoracion inversiones | B59: =+CUC!C1340 -> 0 | C59: =+CUC!D1340 -> 0 | D59: =+CUC!E1340 -> 0 | E59: =+CUC!F1340 -> 15151018 | F59: =+CUC!G1340 -> 5393203.5 | G59: =+CUC!H1340 -> 7764709 | H59: =+CUC!I1340 -> 10352945 | I59: =+SUM('EF. Mensuales'!C60:N60) -> 888627.81 | J59: =+SUM('EF. Mensuales'!O60:Z60) -> 919729.78 | K59: =+SUM('EF. Mensuales'!AA60:AL60) -> 951920.33 | L59: =+SUM('EF. Mensuales'!AM60:AX60) -> 985237.54 | M59: =+SUM('EF. Mensuales'!AY60:BJ60) -> 1019720.9
A60: Admtivos, Sociales, comisiones | B60: =+CUC!C1087-CUC!C1344-B59-B58-B57 -> 37448529 | C60: =+CUC!D1087-CUC!D1344-C59-C58-C57 -> 44663239 | D60: =+CUC!E1087-CUC!E1344-D59-D58-D57 -> 37582646 | E60: =+CUC!F1406 -> 24696761 | F60: =+CUC!G1087-CUC!G1344-F59-F58-F57 -> 9765839.3 | G60: =+CUC!H1087-CUC!H1344-G59-G58-G57 -> 6613730.4 | H60: =+CUC!I1087-CUC!I1344-H59-H58-H57 -> 8818307.1 | I60: =+SUM('EF. Mensuales'!C61:N61) -> 8818307.1 | J60: =+SUM('EF. Mensuales'!O61:Z61) -> 9523771.7 | K60: =+SUM('EF. Mensuales'!AA61:AL61) -> 10095198 | L60: =+SUM('EF. Mensuales'!AM61:AX61) -> 10499006 | M60: =+SUM('EF. Mensuales'!AY61:BJ61) -> 10918966
A61: Total Ingresos Operacionales | B61: =+CUC!C1087-CUC!C1344 -> 9.5029005e+08 | C61: =+CUC!D1087-CUC!D1344 -> 1.0624194e+09 | D61: =+CUC!E1087-CUC!E1344 -> 1214843094 | E61: =+SUM(E57:E60) -> 1.371148e+09 | F61: =+CUC!G1087-CUC!G1344 -> 1.6590317e+09 | G61: =+CUC!H1087-CUC!H1344 -> 1.2687544e+09 | H61: =SUM(H57:H60) -> 1.6916726e+09 | I61: =SUM(I57:I60) -> 2.0272952e+09 | J61: =SUM(J57:J60) -> 2.5473631e+09 | K61: =SUM(K57:K60) -> 3.2516061e+09 | L61: =SUM(L57:L60) -> 3.7709707e+09 | M61: =SUM(M57:M60) -> 4.3129322e+09
A62: Cuatro por mil | B62: 0 | C62: 0 | D62: 0 | E62: 0 | F62: 0 | G62: 0 | H62: 0 | I62: =+SUM('EF. Mensuales'!C63:N63) -> 0 | J62: =+SUM('EF. Mensuales'!O63:Z63) -> 0 | K62: =+SUM('EF. Mensuales'!AA63:AL63) -> 0 | L62: =+SUM('EF. Mensuales'!AM63:AX63) -> 0 | M62: =+SUM('EF. Mensuales'!AY63:BJ63) -> 0
A63: Intereses credito bancario | B63: =+CUC!C1956 -> 41311402 | C63: =+CUC!D1956 -> 66598514 | D63: =+CUC!E1956 -> 67662458 | E63: =+CUC!F1956 -> 45623060 | F63: =+CUC!G1956 -> 1.0408993e+08 | G63: =+CUC!H1956 -> 57299759 | H63: =+CUC!I1956 -> 76399678 | I63: =+SUM('EF. Mensuales'!C64:N64) -> 90775096 | J63: =+SUM('EF. Mensuales'!O64:Z64) -> 2.8127914e+08 | K63: =+SUM('EF. Mensuales'!AA64:AL64) -> 3.801591e+08 | L63: =+SUM('EF. Mensuales'!AM64:AX64) -> 4.105351e+08 | M63: =+SUM('EF. Mensuales'!AY64:BJ64) -> 4.103988e+08
A64: Gastos admón y ventas | B64: =+CUC!C1438+CUC!C1484-CUC!C1520+CUC!C1961+CUC!C1889+CUC!C1970+CUC!C1971 -> 3.6713043e+08 | C64: =+CUC!D1438+CUC!D1484-CUC!D1520+CUC!D1961+CUC!D1889+CUC!D1970+CUC!D1971 -> 3.6786137e+08 | D64: =+CUC!E1438+CUC!E1484-CUC!E1520+CUC!E1961+CUC!E1889+CUC!E1970+CUC!E1971 -> 404831330 | E64: =+CUC!F1438+CUC!F1484-CUC!F1520+CUC!F1961+CUC!F1889+CUC!F1970+CUC!F1971 -> 5.0565721e+08 | F64: =+CUC!G1438+CUC!G1484-CUC!G1520+CUC!G1961+CUC!G1889+CUC!G1970+CUC!G1971 -> 4.9519066e+08 | G64: =+CUC!H1438+CUC!H1484-CUC!H1520+CUC!H1961+CUC!H1889+CUC!H1970+CUC!H1971 -> 3.9791529e+08 | H64: =+CUC!I1438+CUC!I1484-CUC!I1520+CUC!I1961+CUC!I1889+CUC!I1970+CUC!I1971 -> 5.3055372e+08 | I64: =+SUM('EF. Mensuales'!C65:N65) -> 5.9839613e+08 | J64: =+SUM('EF. Mensuales'!O65:Z65) -> 6.5290029e+08 | K64: =+SUM('EF. Mensuales'!AA65:AL65) -> 6.5290029e+08 | L64: =+SUM('EF. Mensuales'!AM65:AX65) -> 6.920743e+08 | M64: =+SUM('EF. Mensuales'!AY65:BJ65) -> 7.1975728e+08
A65: =+A47 -> Gastos TC | B65: 0 | C65: 0 | D65: 0 | E65: 0 | F65: 0 | G65: 0 | H65: 0 | I65: =+SUM('EF. Mensuales'!C66:N66) -> 0 | J65: =+SUM('EF. Mensuales'!O66:Z66) -> 0 | K65: =+SUM('EF. Mensuales'!AA66:AL66) -> 0 | L65: =+SUM('EF. Mensuales'!AM66:AX66) -> 0 | M65: =+SUM('EF. Mensuales'!AY66:BJ66) -> 0
A66: Depreciaciones y Amortizaciones | B66: =+CUC!C1585+CUC!C1578 -> 6850904 | C66: =+CUC!D1585+CUC!D1578 -> 14563166 | D66: =+CUC!E1585+CUC!E1578 -> 14961837 | E66: =+CUC!F1585+CUC!F1578 -> 44874098 | F66: =+CUC!G1585+CUC!G1578 -> 32582462 | G66: =+CUC!H1585+CUC!H1578 -> 24018673 | H66: =+CUC!I1585+CUC!I1578 -> 32024897 | I66: =+SUM('EF. Mensuales'!C67:N67) -> 24560000 | J66: =+SUM('EF. Mensuales'!O67:Z67) -> 29045000 | K66: =+SUM('EF. Mensuales'!AA67:AL67) -> 33452375 | L66: =+SUM('EF. Mensuales'!AM67:AX67) -> 37648826 | M66: =+SUM('EF. Mensuales'!AY67:BJ67) -> 42076081
A67: Gastos Varios y otros gastos | B67: =+CUC!C1658+CUC!C1520 -> 1093084 | C67: =+CUC!D1658+CUC!D1520 -> 0 | D67: =+CUC!E1658+CUC!E1520 -> 2884247 | E67: =+CUC!F1658+CUC!F1520 -> 1543629.2 | F67: =+CUC!G1658+CUC!G1520 -> 1.0950142e+08 | G67: =+CUC!H1658+CUC!H1520 -> 2040808 | H67: =+CUC!I1658+CUC!I1520 -> 1.2057258e+08 | I67: =+SUM('EF. Mensuales'!C68:N68) -> 135000000 | J67: =+SUM('EF. Mensuales'!O68:Z68) -> 1.512e+08 | K67: =+SUM('EF. Mensuales'!AA68:AL68) -> 1.512e+08 | L67: =+SUM('EF. Mensuales'!AM68:AX68) -> 1.60272e+08 | M67: =+SUM('EF. Mensuales'!AY68:BJ68) -> 1.6668288e+08
A68: Multas sanciones y litigios | B68: 0 | C68: 0 | D68: 0 | E68: 0 | F68: 0 | G68: 0 | H68: 0 | I68: =+SUM('EF. Mensuales'!C69:N69) -> 0 | J68: =+SUM('EF. Mensuales'!O69:Z69) -> 0 | K68: =+SUM('EF. Mensuales'!AA69:AL69) -> 0 | L68: =+SUM('EF. Mensuales'!AM69:AX69) -> 0 | M68: =+SUM('EF. Mensuales'!AY69:BJ69) -> 0
A69: Gastos Financieros | B69: =+CUC!C1626 -> 3314047.6 | C69: =+CUC!D1626 -> 4801648.5 | D69: =+CUC!E1626 -> 2776869 | E69: =+CUC!F1626 -> 2020872.9 | F69: =+CUC!G1626 -> 3391724.7 | G69: =+CUC!H1626 -> 1888980.7 | H69: =+CUC!I1626 -> 2518640.9 | I69: =+SUM('EF. Mensuales'!C70:N70) -> 4400060 | J69: =+SUM('EF. Mensuales'!O70:Z70) -> 5016658.8 | K69: =+SUM('EF. Mensuales'!AA70:AL70) -> 5687777.7 | L69: =+SUM('EF. Mensuales'!AM70:AX70) -> 6346742.1 | M69: =+SUM('EF. Mensuales'!AY70:BJ70) -> 6781671.3
A70: Deterioro | B70: =+CUC!C1521-CUC!C1344 -> 15064660 | C70: =+CUC!D1521-CUC!D1344 -> 29456494 | D70: =+CUC!E1521-CUC!E1344 -> 26095394 | E70: =+CUC!F1521-CUC!F1344 -> 45210046 | F70: =+CUC!G1521-CUC!G1344 -> 13874530 | G70: =+CUC!H1521-CUC!H1344 -> 9670769 | H70: =+CUC!I1521-CUC!I1344 -> 12894359 | I70: =+SUM('EF. Mensuales'!C71:N71) -> 6.0130043e+08 | J70: =+SUM('EF. Mensuales'!O71:Z71) -> 1.446434e+08 | K70: =+SUM('EF. Mensuales'!AA71:AL71) -> 1.7312783e+08 | L70: =+SUM('EF. Mensuales'!AM71:AX71) -> 1.9647343e+08 | M70: =+SUM('EF. Mensuales'!AY71:BJ71) -> 2.2929424e+08
A71: Intereses Depósitos | B71: =+CUC!C1951+CUC!C1953+CUC!C1954 -> 178477477 | C71: =+CUC!D1951+CUC!D1953+CUC!D1954 -> 182271377 | D71: =+CUC!E1951+CUC!E1953+CUC!E1954 -> 179836805 | E71: =+CUC!F1951+CUC!F1953+CUC!F1954 -> 2.0244813e+08 | F71: =+CUC!G1951+CUC!G1953+CUC!G1954 -> 244583618 | G71: =+CUC!H1951+CUC!H1953+CUC!H1954 -> 199982424 | H71: =+CUC!I1951+CUC!I1953+CUC!I1954 -> 266643232 | I71: =+SUM('EF. Mensuales'!C72:N72) -> 4.96904e+08 | J71: =+SUM('EF. Mensuales'!O72:Z72) -> 3.9207472e+08 | K71: =+SUM('EF. Mensuales'!AA72:AL72) -> 3.1891078e+08 | L71: =+SUM('EF. Mensuales'!AM72:AX72) -> 2.7022733e+08 | M71: =+SUM('EF. Mensuales'!AY72:BJ72) -> 2.7607377e+08
A72: Otros Costos | B72: =+CUC!C1957 -> 15935831 | C72: =+CUC!D1957 -> 29295444 | D72: =+CUC!E1957 -> 37696281 | E72: =+CUC!F1957 -> 0 | F72: =+CUC!G1957 -> 0 | G72: =+CUC!H1957 -> 0 | H72: =+CUC!I1957 -> 0 | I72: =+SUM('EF. Mensuales'!C73:N73) -> 0 | J72: =+SUM('EF. Mensuales'!O73:Z73) -> 0 | K72: =+SUM('EF. Mensuales'!AA73:AL73) -> 0 | L72: =+SUM('EF. Mensuales'!AM73:AX73) -> 0 | M72: =+SUM('EF. Mensuales'!AY73:BJ73) -> 0
A73: Total Costos y Gastos Operacionales | B73: =SUM(B62:B72) -> 6.2917783e+08 | C73: =SUM(C62:C72) -> 6.9484802e+08 | D73: =SUM(D62:D72) -> 736745221 | E73: =SUM(E62:E72) -> 8.4737705e+08 | F73: =SUM(F62:F72) -> 1.0032143e+09 | G73: =SUM(G62:G72) -> 6.928167e+08 | H73: =+SUM(H62:H72) -> 1.0416071e+09 | I73: =SUM(I62:I72) -> 1.9513357e+09 | J73: =SUM(J62:J72) -> 1.6561592e+09 | K73: =SUM(K62:K72) -> 1.7154382e+09 | L73: =SUM(L62:L72) -> 1.7735777e+09 | M73: =SUM(M62:M72) -> 1.8510647e+09
A74: Resultado Anual | B74: =+B61-B73 -> 3.2111222e+08 | C74: =+C61-C73 -> 3.6757136e+08 | D74: =+D61-D73 -> 478097873 | E74: =+E61-E73 -> 5.23771e+08 | F74: =+F61-F73 -> 6.5581739e+08 | G74: =+G61-G73 -> 5.7593774e+08 | H74: =+H61-H73 -> 6.5006548e+08 | I74: =+I61-I73 -> 75959519 | ... M74: =+M61-M73 -> 2.4618675e+09
B75: =+B22-B74 -> -9612.29 | C75: =+C22-C74 -> 0 | D75: =+D22-D74 -> 0 | E75: =+E22-E74 -> 0 | F75: =+F22-F74 -> 0.22000003 | G75: =+G22-G74 -> 0 | H75: =+H22-H74 -> 0
A76: INDICADOR | B76: =+B1 -> 43070 | C76: =+C1 -> 43435 | D76: =+D1 -> 43800 | E76: =+E1 -> 44166 | F76: =+F1 -> 44531 | G76: =+G1 -> 44805 | H76: =+H1 -> 44896 | I76: =+I1 -> 45291 | ... M76: =+M1 -> 46752
A77: Cartera NETA / Activos | B77: =+(B5+B6)/B10 -> 0.87536569 | C77: =+(C5+C6)/C10 -> 0.8905576 | D77: =+(D5+D6)/D10 -> 0.9168582 | E77: =+(E5+E6)/E10 -> 0.92009559 | F77: =+(F5+F6)/F10 -> 0.89271491 | G77: =+(G5+G6)/G10 -> 0.91257915 | H77: =+(H5+H6)/H10 -> 0.92586976 | I77: =+(I5+I6)/I10 -> 0.91757123 | ... M77: =+(M5+M6)/M10 -> 0.94853195
A78: Provisión / Cartera | B78: =+B6/B5 -> -0.017224849 | C78: =+C6/C5 -> -0.017845827 | D78: =+D6/D5 -> -0.017582023 | E78: =+E6/E5 -> -0.017949076 | F78: =+F6/F5 -> -0.016090149 | G78: =+G6/G5 -> -0.016632544 | H78: =+H6/H5 -> -0.016632683 | I78: =+I6/I5 -> -0.054696044 | ... M78: =+M6/M5 -> -0.057185736
A79: PPE / Activos | B79: =+B7/B10 -> 0.02078732 | C79: =+C7/C10 -> 0.017177923 | D79: =+D7/D10 -> 0.014467972 | E79: =+E7/E10 -> 0.011429853 | F79: =+F7/F10 -> 0.0085318649 | G79: =+G7/G10 -> 0.0079775138 | H79: =+H7/H10 -> 0.0080664116 | I79: =+I7/I10 -> 0.0078784223 | ... M79: =+M7/M10 -> 0.0053633441
A80: Activos Financieros / Pasivos financieros y aportes | B80: =+(B2+B3+B4+B5)/(B11+B12+B13+B14+B15+B19) -> 1.239119 | C80: =+(C2+C3+C4+C5)/(C11+C12+C13+C14+C15+C19) -> 1.2362936 | D80: =+(D2+D3+D4+D5)/(D11+D12+D13+D14+D15+D19) -> 1.263732 | E80: =+(E2+E3+E4+E5)/(E11+E12+E13+E14+E15+E19) -> 1.2416178 | F80: =+(F2+F3+F4+F5)/(F11+F12+F13+F14+F15+F19) -> 1.2222275 | G80: =+(G2+G3+G4+G5)/(G11+G12+G13+G14+G15+G19) -> 1.2504404 | H80: =+(H2+H3+H4+H5)/(H11+H12+H13+H14+H15+H19) -> 1.2477277 | I80: =+(I2+I3+I4+I5)/(I11+I12+I13+I14+I15+I19) -> 1.2308243 | ... M80: =+(M2+M3+M4+M5)/(M11+M12+M13+M14+M15+M19) -> 1.3887668
A81: Patrimonio / Aportes | B81: =+B23/B19 -> 1.4167457 | C81: =+C23/C19 -> 1.4030066 | D81: =+D23/D19 -> 1.4062072 | E81: =+E23/E19 -> 1.3759926 | F81: =+F23/F19 -> 1.4084767 | G81: =+G23/G19 -> 1.3921789 | H81: =+H23/H19 -> 1.3961873 | I81: =+I23/I19 -> 1.3058718 | ... M81: =+M23/M19 -> 1.6102393
A82: Capital institucional | B82: =+B20/B10 -> 0.12629098 | C82: =+C20/C10 -> 0.11646061 | D82: =+D20/D10 -> 0.11739647 | E82: =+E20/E10 -> 0.11185279 | F82: =+F20/F10 -> 0.1120167 | G82: =+G20/G10 -> 0.1218722 | H82: =+H20/H10 -> 0.12364817 | I82: =+I20/I10 -> 0.11931477 | ... M82: =+M20/M10 -> 0.10088629
A83: Crecimiento Ap + Ahp | C83: =+(C11+C19)/(B11+B19)-1 -> 0.11888226 | D83: =+(D11+D19)/(C11+C19)-1 -> 0.11783312 | E83: =+(E11+E19)/(D11+D19)-1 -> 0.17149279 | F83: =+(F11+F19)/(E11+E19)-1 -> 0.14589239 | G83: =+(G11+G19)/(F11+F19)-1 -> 0.067982768 | H83: =+(H11+H19)/(F11+F19)-1 -> 0.089920838 | I83: =+(I11+I19)/(F11+F19)-1 -> 0.1544792 | J83: =+(J11+J19)/(I11+I19)-1 -> 0.07037844 | K83: =+(K11+K19)/(J11+J19)-1 -> 0.080695223 | L83: =+(L11+L19)/(K11+K19)-1 -> 0.089635513 | M83: =+(M11+M19)/(L11+L19)-1 -> 0.10072842
A84: Crecimiento otras captaciones | C84: =+(C12+C13)/(B12+B13)-1 -> 0.03817783 | D84: =+(D12+D13)/(C12+C13)-1 -> -0.027556245 | E84: =+(E12+E13)/(D12+D13)-1 -> 0.24399164 | F84: =+(F12+F13)/(E12+E13)-1 -> 0.24300697 | G84: =+(G12+G13)/(F12+F13)-1 -> -0.071545541 | H84: =+(H12+H13)/(F12+F13)-1 -> -0.11033007 | I84: =+(I12+I13)/(H12+H13)-1 -> 0.13213574 | J84: =+(J12+J13)/(I12+I13)-1 -> 0.091035117 | K84: =+(K12+K13)/(J12+J13)-1 -> 0.069615125 | L84: =+(L12+L13)/(K12+K13)-1 -> 0.051161898 | M84: =+(M12+M13)/(L12+L13)-1 -> 0.050512158
A85: Crecimien de Cartera | C85: =+C5/B5-1 -> 0.17222771 | D85: =+D5/C5-1 -> 0.089153238 | E85: =+E5/D5-1 -> 0.13761832 | F85: =+F5/E5-1 -> 0.19914525 | G85: =+G5/F5-1 -> 0.019592942 | H85: =+H5/F5-1 -> 0.019584426 | I85: =+I5/F5-1 -> 0.17226321 | J85: =+J5/I5-1 -> 0.18579113 | K85: =+K5/J5-1 -> 0.17191161 | L85: =+L5/K5-1 -> 0.15050026 | M85: =+M5/L5-1 -> 0.14234684
A86: Margen NETO | B86: =+B74/B61 -> 0.33790969 | C86: =+C74/C61 -> 0.34597577 | D86: =+D74/D61 -> 0.39354701 | E86: =+E74/E61 -> 0.38199449 | F86: =+F74/F61 -> 0.39530129 | G86: =+G74/G61 -> 0.45393948 | H86: =+H74/H61 -> 0.38427382 | I86: =+I74/I61 -> 0.037468405 | ... M86: =+M74/M61 -> 0.57081062
A87: Excedente / Aportes | B87: =+B22/B19 -> 0.098462293 | C87: =+C22/C19 -> 0.10078705 | D87: =+D22/D19 -> 0.11742994 | E87: =+E22/E19 -> 0.10982485 | F87: =+F22/F19 -> 0.1201302 | G87: =+G22/G19 -> 0.098927785 | H87: =+H22/H19 -> 0.1092547 | I87: =+I22/I19 -> 0.012143849 | ... M87: =+M22/M19 -> 0.28894959
A88: G. Personal + Generales / Ingresos | B88: =+(+B64)/B61 -> 0.38633513 | C88: =+(+C64)/C61 -> 0.34624874 | D88: =+(+D64)/D61 -> 0.33323754 | E88: =+(+E64)/E61 -> 0.36878381 | F88: =+(+F64)/F61 -> 0.29848173 | G88: =+(+G64)/G61 -> 0.31362672 | H88: =+(+H64)/H61 -> 0.31362672 | I88: =+(+I64)/I61 -> 0.2951697 | ... M88: =+(+M64)/M61 -> 0.16688351
A89: Tasa Cartera | C89: =+C57/+(AVERAGE(C5:C5)*98%) -> 0.11884776 | D89: =+D57/+(AVERAGE(D5:D5)*98%) -> 0.12574758 | E89: =+E57/+(AVERAGE(E5:E5)*98%) -> 0.12594393 | F89: =+F57/+(AVERAGE(F5:F5)*98%) -> 0.13042193 | G89: =+G57/+(AVERAGE(G5:G5)*98%)/9*12 -> 0.12923021 | H89: =+H57/+(AVERAGE(H5:H5)*98%) -> 0.12923129 | I89: =+I57/+(AVERAGE(I5:I5)*98%) -> 0.13608236 | J89: =+J57/+(AVERAGE(J5:J5)*98%) -> 0.14454981 | K89: =+K57/+(AVERAGE(K5:K5)*98%) -> 0.15797794 | L89: =+L57/+(AVERAGE(L5:L5)*98%) -> 0.1593843 | M89: =+M57/+(AVERAGE(M5:M5)*98%) -> 0.15970468
A90: Tasa Depositos | C90: =+C71/+AVERAGE(B93:C93) -> 0.063142824 | D90: =+D71/+AVERAGE(C93:D93) -> 0.060313192 | E90: =+E71/+AVERAGE(D93:E93) -> 0.060751769 | F90: =+F71/+AVERAGE(E93:F93) -> 0.060083375 | G90: =+G71/+AVERAGE(F93:G93) -> 0.045512655 | H90: =+H71/+AVERAGE(G93:H93) -> 0.062628568 | I90: =+I71/+AVERAGE(H93:I93) -> 0.11147671 | J90: =+J71/+AVERAGE(I93:J93) -> 0.079421526 | ... M90: =+M71/+AVERAGE(L93:M93) -> 0.044848482
A91: Excedente / Activos | B91: =+B22/B10 -> 0.039068646 | C91: =+C22/C10 -> 0.038838389 | D91: =+D22/D10 -> 0.047738734 | E91: =+E22/E10 -> 0.046152159 | F91: =+F22/F10 -> 0.046668114 | G91: =+G22/G10 -> 0.041113388 | H91: =+H22/H10 -> 0.047081239 | I91: =+I22/I10 -> 0.0049329331 | ... M91: =+M22/M10 -> 0.090731365
A93: Total depositos | B93: =+B11+B12+B13 -> 2.8060886e+09 | C93: =+C11+C12+C13 -> 2.967216e+09 | D93: =+D11+D12+D13 -> 2996215829 | E93: =+E11+E12+E13 -> 3668549207 | F93: =+F11+F12+F13 -> 4472924748 | G93: =+G11+G12+G13 -> 4.3150672e+09 | H93: =+H11+H12+H13 -> 4200000000 | I93: =+I11+I12+I13 -> 4.7149385e+09 | ... M93: =+M11+M12+M13 -> 6.3642366e+09

Sheet EF. Mensuales
A1: SITUACION FINANCIERA | B1: 44896 | C1: =EOMONTH(B1,1) -> 44957 | D1: =EOMONTH(C1,1) -> 44985 | E1: =EOMONTH(D1,1) -> 45016 | F1: =EOMONTH(E1,1) -> 45046 | G1: =EOMONTH(F1,1) -> 45077 | H1: =EOMONTH(G1,1) -> 45107 | I1: =EOMONTH(H1,1) -> 45138 | J1: =EOMONTH(I1,1) -> 45169 | ... BJ1: =EOMONTH(BI1,1) -> 46752
A2: =+'EF. Anuales'!A2 -> Efectivo y Eq NETO | B2: =+'EF. Anuales'!H2 -> 2.768338e+08 | C2: =+C54 -> 3.9769666e+08 | D2: =+D54 -> 3.1859225e+08 | E2: =+E54 -> 2.3050453e+08 | F2: =+F54 -> 1.1978851e+08 | G2: =+G54 -> 18082727 | H2: =+H54 -> 1.0885256e+08 | I2: =+I54 -> 14457501 | J2: =+J54 -> 33753915 | ... BJ2: =+BJ54 -> 3.944668e+08
A3: =+'EF. Anuales'!A3 -> Fondo de Liquidez | B3: =+'EF. Anuales'!H3 -> 420000000 | C3: =+anexos!B7 -> 4.2419311e+08 | D3: =+anexos!C7 -> 4.284022e+08 | E3: =+anexos!D7 -> 4.3262783e+08 | F3: =+anexos!E7 -> 4.3687054e+08 | G3: =+anexos!F7 -> 4.4113089e+08 | H3: =+anexos!G7 -> 4.4540943e+08 | I3: =+anexos!H7 -> 4.4970671e+08 | J3: =+anexos!I7 -> 4.540233e+08 | ... BJ3: =+anexos!BI7 -> 6.3642366e+08
A4: =+'EF. Anuales'!A4 -> Otras inversiones | B4: =+'EF. Anuales'!H4 -> 215330328 | C4: =+B4+C60 -> 215330328 | D4: =+C4+D60 -> 215330328 | E4: =+D4+E60 -> 215330328 | F4: =+E4+F60 -> 215330328 | G4: =+F4+G60 -> 215330328 | H4: =+G4+H60 -> 215330328 | I4: =+H4+I60 -> 215330328 | J4: =+I4+J60 -> 215330328 | ... BJ4: =+BI4+BJ60 -> 2.2009556e+08
A5: =+'EF. Anuales'!A5 -> Cartera de Crédito | B5: =+'EF. Anuales'!H5 -> 13000000000 | C5: =+anexos!B19 -> 1.2943604e+10 | D5: =+anexos!C19 -> 1.3111398e+10 | E5: =+anexos!D19 -> 1.3276316e+10 | F5: =+anexos!E19 -> 1.3438473e+10 | G5: =+anexos!F19 -> 1.359797e+10 | H5: =+anexos!G19 -> 1.3570934e+10 | I5: =+anexos!H19 -> 1.3775794e+10 | J5: =+anexos!I19 -> 1.3929191e+10 | ... BJ5: =+anexos!BI19 -> 2.729814e+10
A6: =+'EF. Anuales'!A6 -> Provisión Cartera | B6: =+'EF. Anuales'!H6 -> -216224881 | C6: =+anexos!B34 -> -716224881 | D6: =+anexos!C34 -> -7.2452874e+08 | E6: =+anexos!D34 -> -7.3284281e+08 | F6: =+anexos!E34 -> -7.4116795e+08 | G6: =+anexos!F34 -> -7.495049e+08 | H6: =+anexos!G34 -> -7.5245017e+08 | I6: =+anexos!H34 -> -7.6225627e+08 | J6: =+anexos!I34 -> -7.7063502e+08 | ... BJ6: =+anexos!BI34 -> -1.5610642e+09
A7: =+'EF. Anuales'!A7 -> P.P. y Equipo | B7: =+'EF. Anuales'!H7 -> 1.1137548e+08 | C7: =+anexos!B42 -> 1.1124548e+08 | D7: =+anexos!C42 -> 1.1111548e+08 | E7: =+anexos!D42 -> 1.1098548e+08 | F7: =+anexos!E42 -> 1.1085548e+08 | G7: =+anexos!F42 -> 1.1072548e+08 | H7: =+anexos!G42 -> 1.1059548e+08 | I7: =+anexos!H42 -> 1.1046548e+08 | J7: =+anexos!I42 -> 1.1033548e+08 | ... BJ7: =+anexos!BI42 -> 1.4552677e+08
A8: =+'EF. Anuales'!A8 -> Intangibles | B8: =+'EF. Anuales'!H8 -> 0 | C8: =+anexos!B48 -> 21083333 | D8: =+anexos!C48 -> 19166667 | E8: =+anexos!D48 -> 17250000 | F8: =+anexos!E48 -> 15333333 | G8: =+anexos!F48 -> 13416667 | H8: =+anexos!G48 -> 11500000 | I8: =+anexos!H48 -> 9583333.3 | J8: =+anexos!I48 -> 7666666.7 | ... BJ8: =+anexos!BI48 -> 2.7939677e-09
A9: =+'EF. Anuales'!A9 -> Otros activos | B9: =+'EF. Anuales'!H9 -> 0 | C9: =+B9 -> 0 | D9: =+C9 -> 0 | E9: =+D9 -> 0 | F9: =+E9 -> 0 | G9: =+F9 -> 0 | H9: =+G9 -> 0 | I9: =+H9 -> 0 | J9: =+I9 -> 0 | ... BJ9: =+BI9 -> 0
A10: TOTAL ACTIVOS | B10: =SUM(B2:B9) -> 1.3807315e+10 | C10: =SUM(C2:C9) -> 1.3396928e+10 | D10: =SUM(D2:D9) -> 1.3479476e+10 | E10: =SUM(E2:E9) -> 1.3550172e+10 | F10: =SUM(F2:F9) -> 1.3595483e+10 | G10: =SUM(G2:G9) -> 1.3647151e+10 | H10: =SUM(H2:H9) -> 1.3710172e+10 | I10: =SUM(I2:I9) -> 1.3813081e+10 | ... BJ10: =SUM(BJ2:BJ9) -> 2.7133588e+10
A11: =+'EF. Anuales'!A11 -> Ahorro Permanente | B11: =+'EF. Anuales'!H11 -> 1200000000 | C11: =+anexos!B69 -> 1210764432 | D11: =+anexos!C69 -> 1.2213611e+09 | E11: =+anexos!D69 -> 1.2317919e+09 | F11: =+anexos!E69 -> 1.242059e+09 | G11: =+anexos!F69 -> 1.2521643e+09 | H11: =+anexos!G69 -> 1.2621097e+09 | I11: =+anexos!H69 -> 1.2718971e+09 | J11: =+anexos!I69 -> 1.2815286e+09 | ... BJ11: =+anexos!BI69 -> 1.9874365e+09
A12: =+'EF. Anuales'!A12 -> Ahorro vista | B12: =+'EF. Anuales'!H12 -> 2600000000 | C12: =+anexos!B75 -> 2.6281667e+09 | D12: =+anexos!C75 -> 2.6566385e+09 | E12: =+anexos!D75 -> 2.6854187e+09 | F12: =+anexos!E75 -> 2.7145108e+09 | G12: =+anexos!F75 -> 2.743918e+09 | H12: =+anexos!G75 -> 2.7736437e+09 | I12: =+anexos!H75 -> 2.8036915e+09 | J12: =+anexos!I75 -> 2.8340649e+09 | ... BJ12: =+anexos!BI75 -> 3.8346009e+09
A13: =+'EF. Anuales'!A13 -> Ahorro contractual | B13: =+'EF. Anuales'!H13 -> 400000000 | C13: =+anexos!B81 -> 403000000 | D13: =+anexos!C81 -> 406022500 | E13: =+anexos!D81 -> 4.0906767e+08 | F13: =+anexos!E81 -> 4.1213568e+08 | G13: =+anexos!F81 -> 4.1522669e+08 | H13: =+anexos!G81 -> 4.1834089e+08 | I13: =+anexos!H81 -> 4.2147845e+08 | J13: =+anexos!I81 -> 4.2463954e+08 | ... BJ13: =+anexos!BI81 -> 5.4219918e+08
A14: =+'EF. Anuales'!A14 -> Obligaciones Financieras | B14: =+'EF. Anuales'!H14 -> 1000000000 | C14: =+anexos!B89 -> 9.7222222e+08 | D14: =+anexos!C89 -> 9.4521605e+08 | E14: =+anexos!D89 -> 9.1896005e+08 | F14: =+anexos!E89 -> 8.9343338e+08 | G14: =+anexos!F89 -> 8.6861579e+08 | H14: =+anexos!G89 -> 8.4448757e+08 | I14: =+anexos!H89 -> 8.6440208e+08 | J14: =+anexos!I89 -> 9.4165266e+08 | ... BJ14: =+anexos!BI89 -> 5.6728823e+09
A15: =+'EF. Anuales'!A15 -> Provisiones | B15: =+'EF. Anuales'!H15 -> 0 | C15: =+anexos!B117 -> 0 | D15: =+anexos!C117 -> 0 | E15: =+anexos!D117 -> 0 | F15: =+anexos!E117 -> 0 | G15: =+anexos!F117 -> 0 | H15: =+anexos!G117 -> 0 | I15: =+anexos!H117 -> 0 | J15: =+anexos!I117 -> 0 | ... BJ15: =+anexos!BI117 -> 0
A16: =+'EF. Anuales'!A16 -> Fondos | B16: =+'EF. Anuales'!H16 -> 300000000 | C16: =+anexos!B104 -> 283000000 | D16: =+anexos!C104 -> 2.6748843e+08 | E16: =+anexos!D104 -> 7.7339252e+08 | F16: =+anexos!E104 -> 7.1715509e+08 | G16: =+anexos!F104 -> 6.6567256e+08 | H16: =+anexos!G104 -> 6.1854761e+08 | I16: =+anexos!H104 -> 5.7541604e+08 | J16: =+anexos!I104 -> 5.3594402e+08 | ... BJ16: =+anexos!BI104 -> 1.3771359e+09
A17: =+'EF. Anuales'!A17 -> Otros pasivos | B17: =+'EF. Anuales'!H17 -> 0 | C17: =+anexos!B96 -> 0 | D17: =+anexos!C96 -> 0 | E17: =+anexos!D96 -> 0 | F17: =+anexos!E96 -> 0 | G17: =+anexos!F96 -> 0 | H17: =+anexos!G96 -> 0 | I17: =+anexos!H96 -> 0 | J17: =+anexos!I96 -> 0 | ... BJ17: =+anexos!BI96 -> 0
A18: TOTAL PASIVO | B18: =SUM(B11:B17) -> 5500000000 | C18: =SUM(C11:C17) -> 5.4971533e+09 | D18: =SUM(D11:D17) -> 5.4967265e+09 | E18: =SUM(E11:E17) -> 6.0186309e+09 | F18: =SUM(F11:F17) -> 5.9792939e+09 | G18: =SUM(G11:G17) -> 5.9455973e+09 | H18: =SUM(H11:H17) -> 5.9171295e+09 | I18: =SUM(I11:I17) -> 5.9368853e+09 | ... BJ18: =SUM(BJ11:BJ17) -> 1.3414255e+10
A19: =+'EF. Anuales'!A19 -> Aportes Sociales | B19: =+'EF. Anuales'!H19 -> 5950000000 | C19: =+anexos!B111 -> 5977963978 | D19: =+anexos!C111 -> 6.0054456e+09 | E19: =+anexos!D111 -> 6.0324506e+09 | F19: =+anexos!E111 -> 6.0589848e+09 | G19: =+anexos!F111 -> 6.0850539e+09 | H19: =+anexos!G111 -> 6.1106635e+09 | I19: =+anexos!H111 -> 6.1358192e+09 | J19: =+anexos!I111 -> 6.1605264e+09 | ... BJ19: =+anexos!BI111 -> 8.520059e+09
A20: =+'EF. Anuales'!A20 -> Reservas, fondos y Superavit | B20: =+'EF. Anuales'!H20 -> 1.7072493e+09 | C20: =+B20 -> 1.7072493e+09 | D20: =+C20 -> 1.7072493e+09 | E20: =(+D20)+((D21)*20%) -> 1.8372623e+09 | F20: =+E20 -> 1.8372623e+09 | G20: =+F20 -> 1.8372623e+09 | H20: =+G20 -> 1.8372623e+09 | I20: =+H20 -> 1.8372623e+09 | J20: =+I20 -> 1.8372623e+09 | K20: =+J20 -> 1.8372623e+09 | L20: =+K20 -> 1.8372623e+09 | M20: =+L20 -> 1.8372623e+09 | ... P20: =+O20 -> 1.8372623e+09 | Q20: =(+P20)+((P21)*20%) -> 1.8524543e+09 | R20: =+Q20 -> 1.8524543e+09 | S20: =+R20 -> 1.8524543e+09 | T20: =+S20 -> 1.8524543e+09 | U20: =+T20 -> 1.8524543e+09 | V20: =+U20 -> 1.8524543e+09 | W20: =+V20 -> 1.8524543e+09 | X20: =+W20 -> 1.8524543e+09 | Y20: =+X20 -> 1.8524543e+09 | ... AB20: =+AA20 -> 1.8524543e+09 | AC20: =(+AB20)+((AB21)*20%) -> 2.030695e+09 | AD20: =+AC20 -> 2.030695e+09 | AE20: =+AD20 -> 2.030695e+09 | AF20: =+AE20 -> 2.030695e+09 | AG20: =+AF20 -> 2.030695e+09 | AH20: =+AG20 -> 2.030695e+09 | AI20: =+AH20 -> 2.030695e+09 | AJ20: =+AI20 -> 2.030695e+09 | AK20: =+AJ20 -> 2.030695e+09 | ... AN20: =+AM20 -> 2.030695e+09 | AO20: =(+AN20)+((AN21)*20%) -> 2.3379286e+09 | AP20: =+AO20 -> 2.3379286e+09 | AQ20: =+AP20 -> 2.3379286e+09 | AR20: =+AQ20 -> 2.3379286e+09 | AS20: =+AR20 -> 2.3379286e+09 | AT20: =+AS20 -> 2.3379286e+09 | AU20: =+AT20 -> 2.3379286e+09 | AV20: =+AU20 -> 2.3379286e+09 | AW20: =+AV20 -> 2.3379286e+09 | ... AZ20: =+AY20 -> 2.3379286e+09 | BA20: =(+AZ20)+((AZ21)*20%) -> 2.7374072e+09 | BB20: =+BA20 -> 2.7374072e+09 | BC20: =+BB20 -> 2.7374072e+09 | BD20: =+BC20 -> 2.7374072e+09 | BE20: =+BD20 -> 2.7374072e+09 | BF20: =+BE20 -> 2.7374072e+09 | BG20: =+BF20 -> 2.7374072e+09 | BH20: =+BG20 -> 2.7374072e+09 | BI20: =+BH20 -> 2.7374072e+09 | BJ20: =+BI20 -> 2.7374072e+09
A21: =+'EF. Anuales'!A21 -> Resultados Ejercicios Anteriores | C21: =+B22 -> 6.5006548e+08 | D21: =+C21 -> 6.5006548e+08 | O21: =+N22 -> 75959519 | P21: =+O21 -> 75959519 | AA21: =+Z22 -> 8.9120388e+08 | AB21: =+AA21 -> 8.9120388e+08 | AM21: =+AL22 -> 1.5361679e+09 | AN21: =+AM21 -> 1.5361679e+09 | AY21: =+AX22 -> 1.997393e+09 | AZ21: =+AY21 -> 1.997393e+09
A22: =+'EF. Anuales'!A22 -> Resultado Ejercicio | B22: =+'EF. Anuales'!H22 -> 6.5006548e+08 | C22: =+C76 -> -4.355041e+08 | D22: =+D76 -> -3.8001107e+08 | E22: =+E76 -> -3.3817201e+08 | F22: =+F76 -> -2.8005804e+08 | G22: =+G76 -> -2.2076224e+08 | H22: =+H76 -> -1.5488342e+08 | I22: =+I76 -> -96885418 | J22: =+J76 -> -35952483 | ... BJ22: =+BJ76 -> 2.4618675e+09
A23: TOTAL PATRIMONIO | B23: =SUM(B19:B22) -> 8.3073147e+09 | C23: =SUM(C19:C22) -> 7.8997746e+09 | D23: =SUM(D19:D22) -> 7.9827492e+09 | E23: =SUM(E19:E22) -> 7.5315409e+09 | F23: =SUM(F19:F22) -> 7.6161891e+09 | G23: =SUM(G19:G22) -> 7.701554e+09 | H23: =SUM(H19:H22) -> 7.7930425e+09 | I23: =SUM(I19:I22) -> 7.8761961e+09 | ... BJ23: =SUM(BJ19:BJ22) -> 1.3719334e+10
B24: =+B10-B18-B23 -> 0 | C24: =+C10-C18-C23 -> 0 | D24: =+D10-D18-D23 -> 0 | E24: =+E10-E18-E23 -> 0 | F24: =+F10-F18-F23 -> 0 | G24: =+G10-G18-G23 -> 0 | H24: =+H10-H18-H23 -> 0 | I24: =+I10-I18-I23 -> 0 | ... BJ24: =+BJ10-BJ18-BJ23 -> 0
A27: FLUJO DE CAJA | B27: =+B1 -> 44896 | C27: =+C1 -> 44957 | D27: =+D1 -> 44985 | E27: =+E1 -> 45016 | F27: =+F1 -> 45046 | G27: =+G1 -> 45077 | H27: =+H1 -> 45107 | I27: =+I1 -> 45138 | ... BJ27: =+BJ1 -> 46752
A28: Saldo Inicial | C28: =+B2 -> 2.768338e+08 | D28: =+C54 -> 3.9769666e+08 | E28: =+D54 -> 3.1859225e+08 | F28: =+E54 -> 2.3050453e+08 | G28: =+F54 -> 1.1978851e+08 | H28: =+G54 -> 18082727 | I28: =+H54 -> 1.0885256e+08 | J28: =+I54 -> 14457501 | K28: =+J54 -> 33753915 | ... BJ28: =+BI54 -> 2.024021e+08
A29: =+'EF. Anuales'!A29 -> Recaudos de Cartera (capital + intereses) | C29: =+anexos!B18 -> 2.86296e+08 | D29: =+anexos!C18 -> 2.8496515e+08 | E29: =+anexos!D18 -> 2.890427e+08 | F29: =+anexos!E18 -> 2.9299369e+08 | G29: =+anexos!F18 -> 2.9682699e+08 | H29: =+anexos!G18 -> 4.845205e+08 | I29: =+anexos!H18 -> 2.9946031e+08 | J29: =+anexos!I18 -> 3.0411218e+08 | ... BJ29: =+anexos!BI18 -> 6.109364e+08
A30: =+'EF. Anuales'!A30 -> Recaudo Aportes | C30: =+anexos!B108 -> 106057728 | D30: =+anexos!C108 -> 1.0599144e+08 | E30: =+anexos!D108 -> 1.0592516e+08 | F30: =+anexos!E108 -> 1.0585887e+08 | G30: =+anexos!F108 -> 1.0579258e+08 | H30: =+anexos!G108 -> 1.057263e+08 | I30: =+anexos!H108 -> 1.0566001e+08 | J30: =+anexos!I108 -> 1.0559373e+08 | ... BJ30: =+anexos!BI108 -> 1.4552157e+08
A31: =+'EF. Anuales'!A31 -> Captaciones | C31: =+anexos!B64+anexos!B72+anexos!B78 -> 1.2095888e+08 | D31: =+anexos!C64+anexos!C72+anexos!C78 -> 1.2189138e+08 | E31: =+anexos!D64+anexos!D72+anexos!D78 -> 1.2283361e+08 | F31: =+anexos!E64+anexos!E72+anexos!E78 -> 1.2378566e+08 | G31: =+anexos!F64+anexos!F72+anexos!F78 -> 1.2474765e+08 | H31: =+anexos!G64+anexos!G72+anexos!G78 -> 1.2571967e+08 | I31: =+anexos!H64+anexos!H72+anexos!H78 -> 1.2670182e+08 | J31: =+anexos!I64+anexos!I72+anexos!I78 -> 1.2769422e+08 | ... BJ31: =+anexos!BI64+anexos!BI72+anexos!BI78 -> 1.7246475e+08
A32: =+'EF. Anuales'!A32 -> Rendimientos Excedentes Tesorería | C32: =+C28*(PARÁMETROS!$C$2/24) -> 922779.34 | D32: =+D28*(PARÁMETROS!$C$2/24) -> 1325655.5 | E32: =+E28*(PARÁMETROS!$C$2/24) -> 1061974.2 | F32: =+F28*(PARÁMETROS!$C$2/24) -> 768348.43 | G32: =+G28*(PARÁMETROS!$C$2/24) -> 399295.04 | H32: =+H28*(PARÁMETROS!$C$2/24) -> 60275.756 | I32: =+I28*(PARÁMETROS!$C$2/24) -> 362841.87 | J32: =+J28*(PARÁMETROS!$C$2/24) -> 48191.67 | ... N32: =+N28*(PARÁMETROS!$C$2/24) -> 494916.96 | O32: =+O28*(PARÁMETROS!$D$2/24) -> 1150617.3 | P32: =+P28*(PARÁMETROS!$D$2/24) -> 1355103.4 | Q32: =+Q28*(PARÁMETROS!$D$2/24) -> 1003435.7 | R32: =+R28*(PARÁMETROS!$D$2/24) -> 673894.04 | S32: =+S28*(PARÁMETROS!$D$2/24) -> 590837.05 | T32: =+T28*(PARÁMETROS!$D$2/24) -> 286500.42 | U32: =+U28*(PARÁMETROS!$D$2/24) -> 3144.0984 | V32: =+V28*(PARÁMETROS!$D$2/24) -> 191603.35 | ... Z32: =+Z28*(PARÁMETROS!$D$2/24) -> 499681.38 | AA32: =+AA28*(PARÁMETROS!$E$2/24) -> 518402.93 | AB32: =+AB28*(PARÁMETROS!$E$2/24) -> 721305.01 | AC32: =+AC28*(PARÁMETROS!$E$2/24) -> 518729.75 | AD32: =+AD28*(PARÁMETROS!$E$2/24) -> 332386.03 | AE32: =+AE28*(PARÁMETROS!$E$2/24) -> 260664.71 | AF32: =+AF28*(PARÁMETROS!$E$2/24) -> 9837.5511 | AG32: =+AG28*(PARÁMETROS!$E$2/24) -> 109208.83 | AH32: =+AH28*(PARÁMETROS!$E$2/24) -> 95978.944 | ... AL32: =+AL28*(PARÁMETROS!$E$2/24) -> 363659.82 | AM32: =+AM28*(PARÁMETROS!$F$2/24) -> 588909.76 | AN32: =+AN28*(PARÁMETROS!$F$2/24) -> 805058.61 | AO32: =+AO28*(PARÁMETROS!$F$2/24) -> 594540.56 | AP32: =+AP28*(PARÁMETROS!$F$2/24) -> 404384.09 | AQ32: =+AQ28*(PARÁMETROS!$F$2/24) -> 292816.79 | AR32: =+AR28*(PARÁMETROS!$F$2/24) -> 10392.543 | AS32: =+AS28*(PARÁMETROS!$F$2/24) -> 136389.93 | AT32: =+AT28*(PARÁMETROS!$F$2/24) -> 106726.27 | ... AX32: =+AX28*(PARÁMETROS!$F$2/24) -> 393075.09 | AY32: =+AY28*(PARÁMETROS!$G$2/24) -> 553326.65 | AZ32: =+AZ28*(PARÁMETROS!$G$2/24) -> 752745.47 | BA32: =+BA28*(PARÁMETROS!$G$2/24) -> 588542.59 | BB32: =+BB28*(PARÁMETROS!$G$2/24) -> 443120.6 | BC32: =+BC28*(PARÁMETROS!$G$2/24) -> 416142.21 | BD32: =+BD28*(PARÁMETROS!$G$2/24) -> 178911.27 | BE32: =+BE28*(PARÁMETROS!$G$2/24) -> 17026.848 | BF32: =+BF28*(PARÁMETROS!$G$2/24) -> 122853.18 | ... BJ32: =+BJ28*(PARÁMETROS!$G$2/24) -> 295169.73
A33: =+'EF. Anuales'!A33 -> Contribuciones Fondos | C33: =+anexos!B102 -> 0 | D33: =+anexos!C102 -> 0 | E33: =+anexos!D102 -> 0 | F33: =+anexos!E102 -> 0 | G33: =+anexos!F102 -> 0 | H33: =+anexos!G102 -> 0 | I33: =+anexos!H102 -> 0 | J33: =+anexos!I102 -> 0 | ... BJ33: =+anexos!BI102 -> 0
A34: =+'EF. Anuales'!A34 -> Recaudo Liq. Prestaciones Sociales | C34: =+'FLUJO DE CARTERA'!C201 -> 35667692 | D34: =+'FLUJO DE CARTERA'!D201 -> 35701206 | E34: =+'FLUJO DE CARTERA'!E201 -> 35773423 | F34: =+'FLUJO DE CARTERA'!F201 -> 35841534 | G34: =+'FLUJO DE CARTERA'!G201 -> 35905871 | H34: =+'FLUJO DE CARTERA'!H201 -> 35966727 | I34: =+'FLUJO DE CARTERA'!I201 -> 36080579 | J34: =+'FLUJO DE CARTERA'!J201 -> 36133901 | ... BJ34: =+'FLUJO DE CARTERA'!BJ201 -> 39488588
A35: =+'EF. Anuales'!A35 -> Pagos por Caja Cartera | C35: =+'FLUJO DE CARTERA'!C212 -> 23000000 | D35: =+'FLUJO DE CARTERA'!D212 -> 23000000 | E35: =+'FLUJO DE CARTERA'!E212 -> 23000000 | F35: =+'FLUJO DE CARTERA'!F212 -> 23000000 | G35: =+'FLUJO DE CARTERA'!G212 -> 23000000 | H35: =+'FLUJO DE CARTERA'!H212 -> 23000000 | I35: =+'FLUJO DE CARTERA'!I212 -> 23000000 | J35: =+'FLUJO DE CARTERA'!J212 -> 23000000 | ... BJ35: =+'FLUJO DE CARTERA'!BJ212 -> 30133900
A36: =+'EF. Anuales'!A36 -> Disminución de Inversiones | C36: =+anexos!B6 -> 0 | D36: =+anexos!C6 -> 0 | E36: =+anexos!D6 -> 0 | F36: =+anexos!E6 -> 0 | G36: =+anexos!F6 -> 0 | H36: =+anexos!G6 -> 0 | I36: =+anexos!H6 -> 0 | J36: =+anexos!I6 -> 0 | ... BJ36: =+anexos!BI6 -> 0
A37: =+'EF. Anuales'!A37 -> Admtivos, Sociales, comisiones | C37: =+C61 -> 734858.93 | D37: =+D61 -> 734858.93 | E37: =+E61 -> 734858.93 | F37: =+F61 -> 734858.93 | G37: =+G61 -> 734858.93 | H37: =+H61 -> 734858.93 | I37: =+I61 -> 734858.93 | J37: =+J61 -> 734858.93 | ... BJ37: =+BJ61 -> 909913.85
A38: Ventas de PPE | C38: =+anexos!B40 -> 0 | D38: =+anexos!C40 -> 0 | E38: =+anexos!D40 -> 0 | F38: =+anexos!E40 -> 0 | G38: =+anexos!F40 -> 0 | H38: =+anexos!G40 -> 0 | I38: =+anexos!H40 -> 0 | J38: =+anexos!I40 -> 0 | ... BJ38: =+anexos!BI40 -> 0
A39: =+'EF. Anuales'!A39 -> Nuevas obligaciones | C39: =IF(+SUM(C28:C37)>C53,0,(C53-SUM(C28:C37))*1.5) -> 0 | D39: =IF(+SUM(D28:D37)>D53,0,(D53-SUM(D28:D37))*1.5) -> 0 | E39: =IF(+SUM(E28:E37)>E53,0,(E53-SUM(E28:E37))*1.5) -> 0 | F39: =IF(+SUM(F28:F37)>F53,0,(F53-SUM(F28:F37))*1.5) -> 0 | G39: =IF(+SUM(G28:G37)>G53,0,(G53-SUM(G28:G37))*1.5) -> 0 | H39: =IF(+SUM(H28:H37)>H53,0,(H53-SUM(H28:H37))*1.5) -> 0 | I39: =IF(+SUM(I28:I37)>I53,0,(I53-SUM(I28:I37))*1.5) -> 43372503 | J39: =IF(+SUM(J28:J37)>J53,0,(J53-SUM(J28:J37))*1.5) -> 1.0126175e+08 | ... BJ39: =IF(+SUM(BJ28:BJ37)>BJ53,0,(BJ53-SUM(BJ28:BJ37))*1.5) -> 0
A40: TOTAL ENTRADAS | C40: =SUM(C29:C39) -> 5.7363793e+08 | D40: =SUM(D29:D39) -> 5.7360969e+08 | E40: =SUM(E29:E39) -> 5.7837172e+08 | F40: =SUM(F29:F39) -> 5.8298296e+08 | G40: =SUM(G29:G39) -> 5.8740725e+08 | H40: =SUM(H29:H39) -> 7.7572833e+08 | I40: =SUM(I29:I39) -> 6.3537293e+08 | J40: =SUM(J29:J39) -> 6.9857882e+08 | ... BJ40: =SUM(BJ29:BJ39) -> 9.9975029e+08
A41: =+'EF. Anuales'!A41 -> Desembolsos NETOS | C41: =+anexos!B12-anexos!B13 -> 224250000 | D41: =+anexos!C12-anexos!C13 -> 448500000 | E41: =+anexos!D12-anexos!D13 -> 448500000 | F41: =+anexos!E12-anexos!E13 -> 448500000 | G41: =+anexos!F12-anexos!F13 -> 448500000 | H41: =+anexos!G12-anexos!G13 -> 448500000 | I41: =+anexos!H12-anexos!H13 -> 448500000 | J41: =+anexos!I12-anexos!I13 -> 448500000 | ... BJ41: =+anexos!BI12-anexos!BI13 -> 2.0506779e+08
A42: =+'EF. Anuales'!A42 -> Retiro Aportes en Efectivo (Remanentes) | C42: =+anexos!B110+anexos!B68-'FLUJO DE CARTERA'!C190 -> 0 | D42: =+anexos!C110+anexos!C68-'FLUJO DE CARTERA'!D190 -> 0 | E42: =+anexos!D110+anexos!D68-'FLUJO DE CARTERA'!E190 -> 0 | F42: =+anexos!E110+anexos!E68-'FLUJO DE CARTERA'!F190 -> 0 | G42: =+anexos!F110+anexos!F68-'FLUJO DE CARTERA'!G190 -> 0 | H42: =+anexos!G110+anexos!G68-'FLUJO DE CARTERA'!H190 -> 0 | I42: =+anexos!H110+anexos!H68-'FLUJO DE CARTERA'!I190 -> 48565946 | J42: =+anexos!I110+anexos!I68-'FLUJO DE CARTERA'!J190 -> 0 | ... BJ42: =+anexos!BI110+anexos!BI68-'FLUJO DE CARTERA'!BJ190 -> 49981518
A43: =+'EF. Anuales'!A43 -> Retiro de Ahorros en Efectivo | C43: =+anexos!B74+anexos!B80 -> 94444444 | D43: =+anexos!C74+anexos!C80 -> 95393519 | E43: =+anexos!D74+anexos!D80 -> 96352319 | F43: =+anexos!E74+anexos!E80 -> 97320946 | G43: =+anexos!F74+anexos!F80 -> 98299503 | H43: =+anexos!G74+anexos!G80 -> 99288093 | I43: =+anexos!H74+anexos!H80 -> 1.0028682e+08 | J43: =+anexos!I74+anexos!I80 -> 1.0129579e+08 | ... BJ43: =+anexos!BI74+anexos!BI80 -> 1.3608436e+08
A44: =+'EF. Anuales'!A44 -> Aumento de Fondo de Liquidez | C44: =+anexos!B5 -> 2793109.9 | D44: =+anexos!C5 -> 2795117.4 | E44: =+anexos!D5 -> 2797620.7 | F44: =+anexos!E5 -> 2800619.4 | G44: =+anexos!F5 -> 2804113 | H44: =+anexos!G5 -> 2808101.4 | I44: =+anexos!H5 -> 2812584.3 | J44: =+anexos!I5 -> 2817561.6 | ... BJ44: =+anexos!BI5 -> 1433286.9
A45: =+'EF. Anuales'!A45 -> Cuatro por mil | C45: 0 | D45: 0 | E45: 0 | F45: 0 | G45: 0 | H45: 0 | I45: 0 | J45: 0 | K45: 0 | L45: 0 | M45: 0 | N45: 0 | O45: 0 | P45: 0 | Q45: 0 | R45: 0 | S45: 0 | T45: 0 | U45: 0 | V45: 0 | W45: 0 | X45: 0 | Y45: 0 | Z45: 0 | AA45: 0 | AB45: 0 | AC45: 0 | AD45: 0 | AE45: 0 | AF45: 0 | AG45: 0 | AH45: 0 | AI45: 0 | AJ45: 0 | AK45: 0 | AL45: 0 | AM45: 0 | AN45: 0 | AO45: 0 | AP45: 0 | AQ45: 0 | AR45: 0 | AS45: 0 | AT45: 0 | AU45: 0 | AV45: 0 | AW45: 0 | AX45: 0 | AY45: 0 | AZ45: 0 | BA45: 0 | BB45: 0 | BC45: 0 | BD45: 0 | BE45: 0 | BF45: 0 | BG45: 0 | BH45: 0 | BI45: 0 | BJ45: 0
A46: =+'EF. Anuales'!A46 -> Pago Gastos Generales | C46: =+C65 -> 48628292 | D46: =+D65 -> 48628292 | E46: =+E65 -> 63628292 | F46: =+F65 -> 48628292 | G46: =+G65 -> 48628292 | H46: =+H65 -> 48628292 | I46: =+I65 -> 48604396 | J46: =+J65 -> 48604396 | ... BJ46: =+BJ65 -> 60011264
A47: =+'EF. Anuales'!A47 -> Gastos TC | C47: =+C66 -> 0 | D47: =+D66 -> 0 | E47: =+E66 -> 0 | F47: =+F66 -> 0 | G47: =+G66 -> 0 | H47: =+H66 -> 0 | I47: =+I66 -> 0 | J47: =+J66 -> 0 | ... BJ47: =+BJ66 -> 0
A48: =+'EF. Anuales'!A48 -> Pago obligacion financiera | C48: =+anexos!B86+anexos!B87 -> 34444444 | D48: =+anexos!C86+anexos!C87 -> 33487654 | E48: =+anexos!D86+anexos!D87 -> 32557442 | F48: =+anexos!E86+anexos!E87 -> 31653068 | G48: =+anexos!F86+anexos!F87 -> 30773816 | H48: =+anexos!G86+anexos!G87 -> 29918988 | I48: =+anexos!H86+anexos!H87 -> 29087905 | J48: =+anexos!I86+anexos!I87 -> 29773850 | ... BJ48: =+anexos!BI86+anexos!BI87 -> 2.0341335e+08
A49: =+'EF. Anuales'!A49 -> Fondos y gastos sociales | C49: =+anexos!B93+anexos!B100+anexos!B116+C68 -> 25000000 | D49: =+anexos!C93+anexos!C100+anexos!C116+D68 -> 23583333 | E49: =+anexos!D93+anexos!D100+anexos!D116+E68 -> 22290702 | F49: =+anexos!E93+anexos!E100+anexos!E116+F68 -> 64449377 | G49: =+anexos!F93+anexos!F100+anexos!F116+G68 -> 59762924 | H49: =+anexos!G93+anexos!G100+anexos!G116+H68 -> 55472713 | I49: =+anexos!H93+anexos!H100+anexos!H116+I68 -> 51545634 | J49: =+anexos!I93+anexos!I100+anexos!I116+J68 -> 47951336 | ... BJ49: =+anexos!BI93+anexos!BI100+anexos!BI116+BJ68 -> 1.3623097e+08
A50: =+'EF. Anuales'!A50 -> Otros costos | C50: =+C73 -> 0 | D50: =+D73 -> 0 | E50: =+E73 -> 0 | F50: =+F73 -> 0 | G50: =+G73 -> 0 | H50: =+H73 -> 0 | I50: =+I73 -> 0 | J50: =+J73 -> 0 | ... BJ50: =+BJ73 -> 0
A51: =+'EF. Anuales'!A51 -> Gastos Bancarios | C51: =+SUM(C41:C50)*0.05% -> 214780.15 | D51: =+SUM(D41:D50)*0.05% -> 326193.96 | E51: =+SUM(E41:E50)*0.05% -> 333063.19 | F51: =+SUM(F41:F50)*0.05% -> 346676.15 | G51: =+SUM(G41:G50)*0.05% -> 344384.32 | H51: =+SUM(H41:H50)*0.05% -> 342308.09 | I51: =+SUM(I41:I50)*0.05% -> 364701.64 | J51: =+SUM(J41:J50)*0.05% -> 339471.47 | ... BJ51: =+SUM(BJ41:BJ50)*0.05% -> 396111.27
A52: =+'EF. Anuales'!A52 -> Compras PPE y Diferidos | C52: =+anexos!B41+anexos!B47 -> 23000000 | D52: =+anexos!C41+anexos!C47 -> 0 | E52: =+anexos!D41+anexos!D47 -> 0 | F52: =+anexos!E41+anexos!E47 -> 0 | G52: =+anexos!F41+anexos!F47 -> 0 | H52: =+anexos!G41+anexos!G47 -> 0 | I52: =+anexos!H41+anexos!H47 -> 0 | J52: =+anexos!I41+anexos!I47 -> 0 | ... BJ52: =+anexos!BI41+anexos!BI47 -> 15066950
A53: TOTAL SALIDAS | C53: =SUM(C41:C52) -> 4.5277507e+08 | D53: =SUM(D41:D52) -> 6.5271411e+08 | E53: =SUM(E41:E52) -> 6.6645944e+08 | F53: =SUM(F41:F52) -> 6.9369898e+08 | G53: =SUM(G41:G52) -> 6.8911303e+08 | H53: =SUM(H41:H52) -> 6.849585e+08 | I53: =SUM(I41:I52) -> 7.2976799e+08 | J53: =SUM(J41:J52) -> 6.7928241e+08 | ... BJ53: =SUM(BJ41:BJ52) -> 8.0768559e+08
A54: Saldo Disponible | C54: =+C28+C40-C53 -> 3.9769666e+08 | D54: =+D28+D40-D53 -> 3.1859225e+08 | E54: =+E28+E40-E53 -> 2.3050453e+08 | F54: =+F28+F40-F53 -> 1.1978851e+08 | G54: =+G28+G40-G53 -> 18082727 | H54: =+H28+H40-H53 -> 1.0885256e+08 | I54: =+I28+I40-I53 -> 14457501 | J54: =+J28+J40-J53 -> 33753915 | ... BJ54: =+BJ28+BJ40-BJ53 -> 3.944668e+08
A57: ESTADO RESULTADOS | B57: =+B1 -> 44896 | C57: =+C1 -> 44957 | D57: =+D1 -> 44985 | E57: =+E1 -> 45016 | F57: =+F1 -> 45046 | G57: =+G1 -> 45077 | H57: =+H1 -> 45107 | I57: =+I1 -> 45138 | ... BJ57: =+BJ1 -> 46752
A58: =+'EF. Anuales'!A57 -> Intereses Cartera Crédito | B58: ='EF. Anuales'!H57/12 -> 1.3720055e+08 | C58: =+anexos!B11 -> 1.5816133e+08 | D58: =+anexos!C11 -> 1.573711e+08 | E58: =+anexos!D11 -> 1.5920558e+08 | F58: =+anexos!E11 -> 1.6101384e+08 | G58: =+anexos!F11 -> 1.6279654e+08 | H58: =+anexos!G11 -> 1.6455429e+08 | I58: =+anexos!H11 -> 1.6346681e+08 | J58: =+anexos!I11 -> 1.6579655e+08 | ... BJ58: =+anexos!BI11 -> 3.8900277e+08
A59: =+'EF. Anuales'!A58 -> Rendimientos financieros | B59: ='EF. Anuales'!H58/12 -> 2174559 | C59: =+anexos!B4+C32 -> 2322779.3 | D59: =+anexos!C4+D32 -> 2739632.6 | E59: =+anexos!D4+E32 -> 2489981.5 | F59: =+anexos!E4+F32 -> 2210441.2 | G59: =+anexos!F4+G32 -> 1855530.2 | H59: =+anexos!G4+H32 -> 1530712.1 | I59: =+anexos!H4+I32 -> 1847540 | J59: =+anexos!I4+J32 -> 1547214 | ... BJ59: =+anexos!BI4+BJ32 -> 2404772.3
A60: =+'EF. Anuales'!A59 -> Utilidad valoracion inversiones | B60: ='EF. Anuales'!H59/12 -> 862745.45 | C60: 0 | D60: 0 | E60: 0 | F60: 0 | G60: 0 | H60: 0 | I60: 0 | J60: 0 | K60: 0 | L60: 0 | M60: 0 | N60: =+B60*1.03 -> 888627.81 | O60: 0 | P60: 0 | Q60: 0 | R60: 0 | S60: 0 | T60: 0 | U60: 0 | V60: 0 | W60: 0 | X60: 0 | Y60: 0 | Z60: =+N60*1.035 -> 919729.78 | AA60: =+O60*1.035 -> 0 | AB60: =+P60*1.035 -> 0 | AC60: =+Q60*1.035 -> 0 | AD60: =+R60*1.035 -> 0 | AE60: =+S60*1.035 -> 0 | AF60: =+T60*1.035 -> 0 | AG60: =+U60*1.035 -> 0 | ... BJ60: =+AX60*1.035 -> 1019720.9
A61: =+'EF. Anuales'!A60 -> Admtivos, Sociales, comisiones | B61: ='EF. Anuales'!H60/12 -> 734858.93 | C61: =+B61 -> 734858.93 | D61: =+C61 -> 734858.93 | E61: =+D61 -> 734858.93 | F61: =+E61 -> 734858.93 | G61: =+F61 -> 734858.93 | H61: =+G61 -> 734858.93 | I61: =+H61 -> 734858.93 | J61: =+I61 -> 734858.93 | ... N61: =+M61 -> 734858.93 | O61: =+C61*(1+PARÁMETROS!$C$2) -> 793647.64 | P61: =+D61*(1+PARÁMETROS!$C$2) -> 793647.64 | Q61: =+E61*(1+PARÁMETROS!$C$2) -> 793647.64 | R61: =+F61*(1+PARÁMETROS!$C$2) -> 793647.64 | S61: =+G61*(1+PARÁMETROS!$C$2) -> 793647.64 | T61: =+H61*(1+PARÁMETROS!$C$2) -> 793647.64 | U61: =+I61*(1+PARÁMETROS!$C$2) -> 793647.64 | V61: =+J61*(1+PARÁMETROS!$C$2) -> 793647.64 | ... Z61: =+N61*(1+PARÁMETROS!$C$2) -> 793647.64 | AA61: =+O61*(1+PARÁMETROS!$D$2) -> 841266.5 | AB61: =+P61*(1+PARÁMETROS!$D$2) -> 841266.5 | AC61: =+Q61*(1+PARÁMETROS!$D$2) -> 841266.5 | AD61: =+R61*(1+PARÁMETROS!$D$2) -> 841266.5 | AE61: =+S61*(1+PARÁMETROS!$D$2) -> 841266.5 | AF61: =+T61*(1+PARÁMETROS!$D$2) -> 841266.5 | AG61: =+U61*(1+PARÁMETROS!$D$2) -> 841266.5 | AH61: =+V61*(1+PARÁMETROS!$D$2) -> 841266.5 | ... AL61: =+Z61*(1+PARÁMETROS!$D$2) -> 841266.5 | AM61: =+AA61*(1+PARÁMETROS!$E$2) -> 874917.16 | AN61: =+AB61*(1+PARÁMETROS!$E$2) -> 874917.16 | AO61: =+AC61*(1+PARÁMETROS!$E$2) -> 874917.16 | AP61: =+AD61*(1+PARÁMETROS!$E$2) -> 874917.16 | AQ61: =+AE61*(1+PARÁMETROS!$E$2) -> 874917.16 | AR61: =+AF61*(1+PARÁMETROS!$E$2) -> 874917.16 | AS61: =+AG61*(1+PARÁMETROS!$E$2) -> 874917.16 | AT61: =+AH61*(1+PARÁMETROS!$E$2) -> 874917.16 | ... AX61: =+AL61*(1+PARÁMETROS!$E$2) -> 874917.16 | AY61: =+AM61*(1+PARÁMETROS!$F$2) -> 909913.85 | AZ61: =+AN61*(1+PARÁMETROS!$F$2) -> 909913.85 | BA61: =+AO61*(1+PARÁMETROS!$F$2) -> 909913.85 | BB61: =+AP61*(1+PARÁMETROS!$F$2) -> 909913.85 | BC61: =+AQ61*(1+PARÁMETROS!$F$2) -> 909913.85 | BD61: =+AR61*(1+PARÁMETROS!$F$2) -> 909913.85 | BE61: =+AS61*(1+PARÁMETROS!$F$2) -> 909913.85 | BF61: =+AT61*(1+PARÁMETROS!$F$2) -> 909913.85 | ... BJ61: =+AX61*(1+PARÁMETROS!$F$2) -> 909913.85
A62: Total Ingresos | B62: =SUM(B58:B61) -> 1.4097272e+08 | C62: =SUM(C58:C61) -> 1.6121897e+08 | D62: =SUM(D58:D61) -> 1.6084559e+08 | E62: =SUM(E58:E61) -> 1.6243042e+08 | F62: =SUM(F58:F61) -> 1.6395914e+08 | G62: =SUM(G58:G61) -> 1.6538693e+08 | H62: =SUM(H58:H61) -> 1.6681986e+08 | I62: =SUM(I58:I61) -> 1.6604921e+08 | ... BJ62: =SUM(BJ58:BJ61) -> 3.9333718e+08
A63: =+'EF. Anuales'!A62 -> Cuatro por mil | B63: ='EF. Anuales'!H62/12 -> 0 | C63: =+C45 -> 0 | D63: =+D45 -> 0 | E63: =+E45 -> 0 | F63: =+F45 -> 0 | G63: =+G45 -> 0 | H63: =+H45 -> 0 | I63: =+I45 -> 0 | J63: =+J45 -> 0 | ... BJ63: =+BJ45 -> 0
A64: Intereses crédito bancario | B64: ='EF. Anuales'!H63/12 -> 6366639.8 | C64: =+anexos!B87 -> 6666666.7 | D64: =+anexos!C87 -> 6481481.5 | E64: =+anexos!D87 -> 6301440.3 | F64: =+anexos!E87 -> 6126400.3 | G64: =+anexos!F87 -> 5956222.5 | H64: =+anexos!G87 -> 5790771.9 | I64: =+anexos!H87 -> 5629917.1 | J64: =+anexos!I87 -> 5762680.6 | ... BJ64: =+anexos!BI87 -> 41331000
A65: Gastos Administración | B65: ='EF. Anuales'!H64/12 -> 44212810 | C65: =+'Gastos Generales 2021-2024'!K92-'Gastos Generales 2021-2024'!K86 -> 48628292 | D65: =+'Gastos Generales 2021-2024'!L92-'Gastos Generales 2021-2024'!L86 -> 48628292 | E65: =+'Gastos Generales 2021-2024'!M92-'Gastos Generales 2021-2024'!M86 -> 63628292 | F65: =+'Gastos Generales 2021-2024'!N92-'Gastos Generales 2021-2024'!N86 -> 48628292 | G65: =+'Gastos Generales 2021-2024'!O92-'Gastos Generales 2021-2024'!O86 -> 48628292 | H65: =+'Gastos Generales 2021-2024'!P92-'Gastos Generales 2021-2024'!P86 -> 48628292 | I65: =+'Gastos Generales 2021-2024'!Q92-'Gastos Generales 2021-2024'!Q86 -> 48604396 | J65: =+'Gastos Generales 2021-2024'!R92-'Gastos Generales 2021-2024'!R86 -> 48604396 | ... BJ65: =+'Gastos Generales 2021-2024'!BR92-'Gastos Generales 2021-2024'!BR86 -> 60011264
A66: =+'EF. Anuales'!A65 -> Gastos TC | B66: ='EF. Anuales'!H65/12 -> 0 | C66: 0 | D66: 0 | E66: 0 | F66: 0 | G66: =+'FLUJO DE CARTERA'!G107+'FLUJO DE CARTERA'!G103+'FLUJO DE CARTERA'!G105 -> 0 | H66: =+'FLUJO DE CARTERA'!H107+'FLUJO DE CARTERA'!H103+'FLUJO DE CARTERA'!H105 -> 0 | I66: =+'FLUJO DE CARTERA'!I107+'FLUJO DE CARTERA'!I103+'FLUJO DE CARTERA'!I105 -> 0 | J66: =+'FLUJO DE CARTERA'!J107+'FLUJO DE CARTERA'!J103+'FLUJO DE CARTERA'!J105 -> 0 | K66: =+'FLUJO DE CARTERA'!K107+'FLUJO DE CARTERA'!K103+'FLUJO DE CARTERA'!K105 -> 0 | L66: =+'FLUJO DE CARTERA'!L107+'FLUJO DE CARTERA'!L103+'FLUJO DE CARTERA'!L105 -> 0 | M66: =+'FLUJO DE CARTERA'!M107+'FLUJO DE CARTERA'!M103+'FLUJO DE CARTERA'!M105 -> 0 | N66: =+'FLUJO DE CARTERA'!N107+'FLUJO DE CARTERA'!N103+'FLUJO DE CARTERA'!N105 -> 0 | ... BJ66: =+'FLUJO DE CARTERA'!BJ107+'FLUJO DE CARTERA'!BJ103+'FLUJO DE CARTERA'!BJ105 -> 0
A67: =+'EF. Anuales'!A66 -> Depreciaciones y Amortizaciones | B67: ='EF. Anuales'!H66/12 -> 2668741.4 | C67: =+anexos!B39+anexos!B46 -> 2046666.7 | D67: =+anexos!C39+anexos!C46 -> 2046666.7 | E67: =+anexos!D39+anexos!D46 -> 2046666.7 | F67: =+anexos!E39+anexos!E46 -> 2046666.7 | G67: =+anexos!F39+anexos!F46 -> 2046666.7 | H67: =+anexos!G39+anexos!G46 -> 2046666.7 | I67: =+anexos!H39+anexos!H46 -> 2046666.7 | J67: =+anexos!I39+anexos!I46 -> 2046666.7 | ... BJ67: =+anexos!BI39+anexos!BI46 -> 3506340.1
A68: =+'EF. Anuales'!A67 -> Gastos Varios y otros gastos | B68: ='EF. Anuales'!H67/12 -> 10047715 | C68: =+'Gastos Generales 2021-2024'!K86 -> 0 | D68: =+'Gastos Generales 2021-2024'!L86 -> 0 | E68: =+'Gastos Generales 2021-2024'!M86 -> 0 | F68: =+'Gastos Generales 2021-2024'!N86 -> 0 | G68: =+'Gastos Generales 2021-2024'!O86 -> 0 | H68: =+'Gastos Generales 2021-2024'!P86 -> 0 | I68: =+'Gastos Generales 2021-2024'!Q86 -> 0 | J68: =+'Gastos Generales 2021-2024'!R86 -> 0 | ... BJ68: =+'Gastos Generales 2021-2024'!BR86 -> 55560960
A69: =+'EF. Anuales'!A68 -> Multas sanciones y litigios | B69: ='EF. Anuales'!H68/12 -> 0 | C69: =+anexos!B115 -> 0 | D69: =+anexos!C115 -> 0 | E69: =+anexos!D115 -> 0 | F69: =+anexos!E115 -> 0 | G69: =+anexos!F115 -> 0 | H69: =+anexos!G115 -> 0 | I69: =+anexos!H115 -> 0 | J69: =+anexos!I115 -> 0 | ... BJ69: =+anexos!BI115 -> 0
A70: =+'EF. Anuales'!A69 -> Gastos Financieros | B70: ='EF. Anuales'!H69/12 -> 209886.75 | C70: =+C51 -> 214780.15 | D70: =+D51 -> 326193.96 | E70: =+E51 -> 333063.19 | F70: =+F51 -> 346676.15 | G70: =+G51 -> 344384.32 | H70: =+H51 -> 342308.09 | I70: =+I51 -> 364701.64 | J70: =+J51 -> 339471.47 | ... BJ70: =+BJ51 -> 396111.27
A71: =+'EF. Anuales'!A70 -> Deterioro | B71: ='EF. Anuales'!H70/12 -> 1074529.9 | C71: =-anexos!B32 -> 500000000 | D71: =-anexos!C32 -> 8303857.1 | E71: =-anexos!D32 -> 8314069.1 | F71: =-anexos!E32 -> 8325143.4 | G71: =-anexos!F32 -> 8336951.8 | H71: =-anexos!G32 -> 2945264.9 | I71: =-anexos!H32 -> 9806105.3 | J71: =-anexos!I32 -> 8378747.6 | ... BJ71: =-anexos!BI32 -> 1509138.6
A72: =+'EF. Anuales'!A71 -> Intereses Depósitos | B72: ='EF. Anuales'!H71/12 -> 22220269 | C72: =+anexos!B65+anexos!B73+anexos!B79 -> 39166667 | D72: =+anexos!C65+anexos!C73+anexos!C79 -> 39566068 | E72: =+anexos!D65+anexos!D73+anexos!D79 -> 39967826 | F72: =+anexos!E65+anexos!E73+anexos!E79 -> 40371990 | G72: =+anexos!F65+anexos!F73+anexos!F79 -> 40778611 | H72: =+anexos!G65+anexos!G73+anexos!G79 -> 41187740 | I72: =+anexos!H65+anexos!H73+anexos!H79 -> 41599428 | J72: =+anexos!I65+anexos!I73+anexos!I79 -> 42013728 | ... BJ72: =+anexos!BI65+anexos!BI73+anexos!BI79 -> 23682529
A73: =+'EF. Anuales'!A72 -> Otros Costos | B73: ='EF. Anuales'!H72/12 -> 0 | C73: 0 | D73: 0 | E73: 0 | F73: 0 | G73: 0 | H73: 0 | I73: 0 | J73: 0 | K73: 0 | L73: 0 | M73: 0 | N73: 0 | O73: 0 | P73: 0 | Q73: 0 | R73: 0 | S73: 0 | T73: 0 | U73: 0 | V73: 0 | W73: 0 | X73: 0 | Y73: 0 | Z73: 0 | AA73: 0 | AB73: 0 | AC73: 0 | AD73: 0 | AE73: 0 | AF73: 0 | AG73: 0 | AH73: 0 | AI73: 0 | AJ73: 0 | AK73: 0 | AL73: 0 | AM73: 0 | AN73: 0 | AO73: 0 | AP73: 0 | AQ73: 0 | AR73: 0 | AS73: 0 | AT73: 0 | AU73: 0 | AV73: 0 | AW73: 0 | AX73: 0 | AY73: 0 | AZ73: 0 | BA73: 0 | BB73: 0 | BC73: 0 | BD73: 0 | BE73: 0 | BF73: 0 | BG73: 0 | BH73: 0 | BI73: 0 | BJ73: 0
A74: Total Costos y Gastos | B74: =SUM(B63:B73) -> 86800592 | C74: =SUM(C63:C73) -> 5.9672307e+08 | D74: =SUM(D63:D73) -> 1.0535256e+08 | E74: =SUM(E63:E73) -> 1.2059136e+08 | F74: =SUM(F63:F73) -> 1.0584517e+08 | G74: =SUM(G63:G73) -> 1.0609113e+08 | H74: =SUM(H63:H73) -> 1.0094104e+08 | I74: =SUM(I63:I73) -> 1.0805121e+08 | ... BJ74: =SUM(BJ63:BJ73) -> 1.8599734e+08
A75: Resultado Mensual | B75: =B62-B74 -> 54172123 | C75: =+C62-C74 -> -4.355041e+08 | D75: =+D62-D74 -> 55493028 | E75: =+E62-E74 -> 41839062 | F75: =+F62-F74 -> 58113973 | G75: =+G62-G74 -> 59295801 | H75: =+H62-H74 -> 65878821 | I75: =+I62-I74 -> 57997997 | J75: =+J62-J74 -> 60932935 | ... BJ75: =+BJ62-BJ74 -> 2.0733984e+08
A76: Resultado Acumulado | B76: =B75 -> 54172123 | C76: =+C75 -> -4.355041e+08 | D76: =+C76+D75 -> -3.8001107e+08 | E76: =+D76+E75 -> -3.3817201e+08 | F76: =+E76+F75 -> -2.8005804e+08 | G76: =+F76+G75 -> -2.2076224e+08 | H76: =+G76+H75 -> -1.5488342e+08 | I76: =+H76+I75 -> -96885418 | J76: =+I76+J75 -> -35952483 | K76: =+J76+K75 -> 16648660 | ... N76: =+M76+N75 -> 75959519 | O76: =+O75 -> 85260495 | P76: =+O76+P75 -> 1.627054e+08 | Q76: =+P76+Q75 -> 2.4297756e+08 | R76: =+Q76+R75 -> 3.2910462e+08 | S76: =+R76+S75 -> 4.1350375e+08 | T76: =+S76+T75 -> 5.0065392e+08 | U76: =+T76+U75 -> 5.8882738e+08 | V76: =+U76+V75 -> 6.7995215e+08 | W76: =+V76+W75 -> 7.6206414e+08 | ... Z76: =+Y76+Z75 -> 8.9120388e+08 | AA76: =+AA75 -> 1.3664866e+08 | AB76: =+AA76+AB75 -> 2.6421578e+08 | AC76: =+AB76+AC75 -> 3.9570867e+08 | AD76: =+AC76+AD75 -> 5.3526347e+08 | AE76: =+AD76+AE75 -> 6.7219455e+08 | AF76: =+AE76+AF75 -> 8.1286178e+08 | AG76: =+AF76+AG75 -> 9.5371522e+08 | AH76: =+AG76+AH75 -> 1.0992863e+09 | AI76: =+AH76+AI75 -> 1.2341343e+09 | ... AL76: =+AK76+AL75 -> 1.5361679e+09 | AM76: =+AM75 -> 1.7624049e+08 | AN76: =+AM76+AN75 -> 3.4189936e+08 | AO76: =+AN76+AO75 -> 5.117374e+08 | AP76: =+AO76+AP75 -> 6.9100099e+08 | AQ76: =+AP76+AQ75 -> 8.6634901e+08 | AR76: =+AQ76+AR75 -> 1.0455058e+09 | AS76: =+AR76+AS75 -> 1.2248947e+09 | AT76: =+AS76+AT75 -> 1.409533e+09 | AU76: =+AT76+AU75 -> 1.5815503e+09 | ... AX76: =+AW76+AX75 -> 1.997393e+09 | AY76: =+AY75 -> 2.1533939e+08 | AZ76: =+AY76+AZ75 -> 4.1835455e+08 | BA76: =+AZ76+BA75 -> 6.2579752e+08 | BB76: =+BA76+BB75 -> 8.4419995e+08 | BC76: =+BB76+BC75 -> 1.0572909e+09 | BD76: =+BC76+BD75 -> 1.2745906e+09 | BE76: =+BD76+BE75 -> 1.4936817e+09 | BF76: =+BE76+BF75 -> 1.7182476e+09 | BG76: =+BF76+BG75 -> 1.9286339e+09 | ... BJ76: =+BI76+BJ75 -> 2.4618675e+09
A77: Tasa Mensual de Interés Ahorros | C77: =+C72/B11 -> 0.032638889 | D77: =+D72/C11 -> 0.032678585 | E77: =+E72/D11 -> 0.032724005 | F77: =+F72/E11 -> 0.032775008 | G77: =+G72/F11 -> 0.03283146 | H77: =+H72/G11 -> 0.03289324 | I77: =+I72/H11 -> 0.032960233 | J77: =+J72/I11 -> 0.033032331 | ... BJ77: =+BJ72/BI11 -> 0.012021928
A78: Tasa Mensual de Interés Cartera | C78: =+C58/B5 -> 0.012166256 | D78: =+D58/C5 -> 0.012158213 | E78: =+E58/D5 -> 0.012142533 | F78: =+F58/E5 -> 0.0121279 | G78: =+G58/F5 -> 0.012114214 | H78: =+H58/G5 -> 0.012101387 | I78: =+I58/H5 -> 0.012045362 | J78: =+J58/I5 -> 0.012035353 | ... BJ78: =+BJ58/BI5 -> 0.014179271

Sheet posible retiro
A1: No | B1: CEDULA | C1: DIRECCION | D1: APORTES | E1: PERMANENTE | F1: CREDITOS | G1: CDAT | H1: TOTAL AHORRO
D27: =SUM(D2:D26) -> 0 | E27: =SUM(E2:E26) -> 0 | F27: =SUM(F2:F26) -> 0 | G27: =SUM(G2:G26) -> 0 | H27: =SUM(H2:H26) -> 0

Sheet Colocaciones 1er Año
A1: APROBACIONES | B1: =+anexos!B2 -> 44957 | C1: =+anexos!C2 -> 44985 | D1: =+anexos!D2 -> 45016 | E1: =+anexos!E2 -> 45046 | F1: =+anexos!F2 -> 45077 | G1: =+anexos!G2 -> 45107 | H1: =+anexos!H2 -> 45138 | I1: =+anexos!I2 -> 45169 | ... M1: =+anexos!M2 -> 45291
A2: Libre inversion | B2: 150000000 | C2: 300000000 | D2: =+C2 -> 300000000 | E2: =+D2 -> 300000000 | F2: =+E2 -> 300000000 | G2: =+F2 -> 300000000 | H2: =+G2 -> 300000000 | I2: =+H2 -> 300000000 | J2: 500000000 | K2: =+J2 -> 500000000 | L2: =+K2 -> 500000000 | M2: 100000000
A3: Sobre aportes | B3: =+B2/20 -> 7500000 | C3: =+C2/20 -> 15000000 | D3: =+D2/20 -> 15000000 | E3: =+E2/20 -> 15000000 | F3: =+F2/20 -> 15000000 | G3: =+G2/20 -> 15000000 | H3: =+H2/20 -> 15000000 | I3: =+I2/20 -> 15000000 | ... M3: =+M2/20 -> 5000000
A4: Vivienda | B4: =+B2/5 -> 30000000 | C4: =+C2/5 -> 60000000 | D4: =+D2/5 -> 60000000 | E4: =+E2/5 -> 60000000 | F4: =+F2/5 -> 60000000 | G4: =+G2/5 -> 60000000 | H4: =+H2/5 -> 60000000 | I4: =+I2/5 -> 60000000 | ... M4: =+M2/5 -> 20000000
A5: Vehiculo | B5: =+B4 -> 30000000 | C5: =+C4 -> 60000000 | D5: =+D4 -> 60000000 | E5: =+E4 -> 60000000 | F5: =+F4 -> 60000000 | G5: =+G4 -> 60000000 | H5: =+H4 -> 60000000 | I5: =+I4 -> 60000000 | ... M5: =+M4 -> 20000000
A6: Educativo | B6: =+B3 -> 7500000 | C6: =+C3 -> 15000000 | D6: =+D3 -> 15000000 | E6: =+E3 -> 15000000 | F6: =+F3 -> 15000000 | G6: =+G3 -> 15000000 | H6: =+H3 -> 15000000 | I6: =+I3 -> 15000000 | ... M6: =+M3 -> 5000000
A7: Solidaridad | B7: =+B6 -> 7500000 | C7: =+C6 -> 15000000 | D7: =+D6 -> 15000000 | E7: =+E6 -> 15000000 | F7: =+F6 -> 15000000 | G7: =+G6 -> 15000000 | H7: =+H6 -> 15000000 | I7: =+I6 -> 15000000 | ... M7: =+M6 -> 5000000
A8: Compra Cartera | B8: =+B2/2 -> 75000000 | C8: =+C2/2 -> 150000000 | D8: =+D2/2 -> 150000000 | E8: =+E2/2 -> 150000000 | F8: =+F2/2 -> 150000000 | G8: =+G2/2 -> 150000000 | H8: =+H2/2 -> 150000000 | I8: =+I2/2 -> 150000000 | ... M8: =+M2/2 -> 50000000
A9: otras | B9: 0 | C9: =+B9 -> 0 | D9: =+C9 -> 0 | E9: =+D9 -> 0 | F9: =+E9 -> 0 | G9: =+F9 -> 0 | H9: =+G9 -> 0 | I9: =+H9 -> 0 | J9: =+I9 -> 0 | ... M9: =+L9 -> 0
A10: TOTAL | B10: =SUM(B2:B9) -> 307500000 | C10: =SUM(C2:C9) -> 615000000 | D10: =SUM(D2:D9) -> 615000000 | E10: =SUM(E2:E9) -> 615000000 | F10: =SUM(F2:F9) -> 615000000 | G10: =SUM(G2:G9) -> 615000000 | H10: =SUM(H2:H9) -> 615000000 | I10: =SUM(I2:I9) -> 615000000 | ... M10: =SUM(M2:M9) -> 205000000
A13: REFINANCIACIONES | B13: =+B1 -> 44957 | C13: =+C1 -> 44985 | D13: =+D1 -> 45016 | E13: =+E1 -> 45046 | F13: =+F1 -> 45077 | G13: =+G1 -> 45107 | H13: =+H1 -> 45138 | I13: =+I1 -> 45169 | ... M13: =+M1 -> 45291
A14: =+A2 -> Libre inversion | B14: =+B2*PARÁMETROS!$C$6 -> 45000000 | C14: =+C2*PARÁMETROS!$C$6 -> 90000000 | D14: =+D2*PARÁMETROS!$C$6 -> 90000000 | E14: =+E2*PARÁMETROS!$C$6 -> 90000000 | F14: =+F2*PARÁMETROS!$C$6 -> 90000000 | G14: =+G2*PARÁMETROS!$C$6 -> 90000000 | H14: =+H2*PARÁMETROS!$C$6 -> 90000000 | I14: =+I2*PARÁMETROS!$C$6 -> 90000000 | ... M14: =+M2*PARÁMETROS!$C$6 -> 30000000
A15: =+A3 -> Sobre aportes | B15: =+B3*PARÁMETROS!$C$6 -> 2250000 | C15: =+C3*PARÁMETROS!$C$6 -> 4500000 | D15: =+D3*PARÁMETROS!$C$6 -> 4500000 | E15: =+E3*PARÁMETROS!$C$6 -> 4500000 | F15: =+F3*PARÁMETROS!$C$6 -> 4500000 | G15: =+G3*PARÁMETROS!$C$6 -> 4500000 | H15: =+H3*PARÁMETROS!$C$6 -> 4500000 | I15: =+I3*PARÁMETROS!$C$6 -> 4500000 | ... M15: =+M3*PARÁMETROS!$C$6 -> 1500000
A16: =+A4 -> Vivienda | B16: 0 | C16: 0 | D16: 0 | E16: 0 | F16: 0 | G16: 0 | H16: 0 | I16: 0 | J16: 0 | K16: 0 | L16: 0 | M16: 0
A17: =+A5 -> Vehiculo | B17: =+B5*PARÁMETROS!$C$6 -> 9000000 | C17: =+C5*PARÁMETROS!$C$6 -> 18000000 | D17: =+D5*PARÁMETROS!$C$6 -> 18000000 | E17: =+E5*PARÁMETROS!$C$6 -> 18000000 | F17: =+F5*PARÁMETROS!$C$6 -> 18000000 | G17: =+G5*PARÁMETROS!$C$6 -> 18000000 | H17: =+H5*PARÁMETROS!$C$6 -> 18000000 | I17: =+I5*PARÁMETROS!$C$6 -> 18000000 | ... M17: =+M5*PARÁMETROS!$C$6 -> 6000000
A18: =+A6 -> Educativo | B18: =+B6*PARÁMETROS!$C$6 -> 2250000 | C18: =+C6*PARÁMETROS!$C$6 -> 4500000 | D18: =+D6*PARÁMETROS!$C$6 -> 4500000 | E18: =+E6*PARÁMETROS!$C$6 -> 4500000 | F18: =+F6*PARÁMETROS!$C$6 -> 4500000 | G18: =+G6*PARÁMETROS!$C$6 -> 4500000 | H18: =+H6*PARÁMETROS!$C$6 -> 4500000 | I18: =+I6*PARÁMETROS!$C$6 -> 4500000 | ... M18: =+M6*PARÁMETROS!$C$6 -> 1500000
A19: =+A7 -> Solidaridad | B19: =+B7*PARÁMETROS!$C$6 -> 2250000 | C19: =+C7*PARÁMETROS!$C$6 -> 4500000 | D19: =+D7*PARÁMETROS!$C$6 -> 4500000 | E19: =+E7*PARÁMETROS!$C$6 -> 4500000 | F19: =+F7*PARÁMETROS!$C$6 -> 4500000 | G19: =+G7*PARÁMETROS!$C$6 -> 4500000 | H19: =+H7*PARÁMETROS!$C$6 -> 4500000 | I19: =+I7*PARÁMETROS!$C$6 -> 4500000 | ... M19: =+M7*PARÁMETROS!$C$6 -> 1500000
A20: =+A8 -> Compra Cartera | B20: =+B8*PARÁMETROS!$C$6 -> 22500000 | C20: =+C8*PARÁMETROS!$C$6 -> 45000000 | D20: =+D8*PARÁMETROS!$C$6 -> 45000000 | E20: =+E8*PARÁMETROS!$C$6 -> 45000000 | F20: =+F8*PARÁMETROS!$C$6 -> 45000000 | G20: =+G8*PARÁMETROS!$C$6 -> 45000000 | H20: =+H8*PARÁMETROS!$C$6 -> 45000000 | I20: =+I8*PARÁMETROS!$C$6 -> 45000000 | ... M20: =+M8*PARÁMETROS!$C$6 -> 15000000
A21: =+A9 -> otras | B21: =+B9*PARÁMETROS!$C$6 -> 0 | C21: =+C9*PARÁMETROS!$C$6 -> 0 | D21: =+D9*PARÁMETROS!$C$6 -> 0 | E21: =+E9*PARÁMETROS!$C$6 -> 0 | F21: =+F9*PARÁMETROS!$C$6 -> 0 | G21: =+G9*PARÁMETROS!$C$6 -> 0 | H21: =+H9*PARÁMETROS!$C$6 -> 0 | I21: =+I9*PARÁMETROS!$C$6 -> 0 | ... M21: =+M9*PARÁMETROS!$C$6 -> 0
A22: TOTAL | B22: =SUM(B14:B21) -> 83250000 | C22: =SUM(C14:C21) -> 166500000 | D22: =SUM(D14:D21) -> 166500000 | E22: =SUM(E14:E21) -> 166500000 | F22: =SUM(F14:F21) -> 166500000 | G22: =SUM(G14:G21) -> 166500000 | H22: =SUM(H14:H21) -> 166500000 | I22: =SUM(I14:I21) -> 166500000 | ... M22: =SUM(M14:M21) -> 55500000

Sheet Gastos Generales 2021-2024
K1: Año 2023 | L1: Año 2024 | M1: Año 2025 | N1: Año 2026 | O1: Año 2027
A2: IPC | K2: =+PARÁMETROS!B2 -> 0.12 | L2: =+PARÁMETROS!C2 -> 0.08 | M2: =+PARÁMETROS!D2 -> 0.06 | N2: =+PARÁMETROS!E2 -> 0.04 | O2: =+PARÁMETROS!F2 -> 0.04
A3: INCREMENTO | J3: REAJUSTE | K3: =+PARÁMETROS!C3 -> 0.12 | L3: =+PARÁMETROS!D3 -> 0 | M3: =+PARÁMETROS!E3 -> 0.06 | N3: =+PARÁMETROS!F3 -> 0.04 | O3: =+PARÁMETROS!G3 -> 0.04
A5: CUC | B5: GASTO | C5: =+CUC!C2 -> 43070 | D5: =+CUC!D2 -> 43435 | E5: =+CUC!E2 -> 43800 | F5: =+CUC!F2 -> 44166 | G5: =+CUC!G2 -> 44531 | H5: =+CUC!I2 -> 44896 | I5: Año 2023 | J5: ppto mes | K5: =+anexos!B91 -> 44957 | L5: =+anexos!C91 -> 44985 | M5: =+anexos!D91 -> 45016 | N5: =+anexos!E91 -> 45046 | O5: =+anexos!F91 -> 45077 | P5: =+anexos!G91 -> 45107 | Q5: =+anexos!H91 -> 45138 | R5: =+anexos!I91 -> 45169 | ... BR5: =+anexos!BI91 -> 46752
A6: =+CUC!A1439 -> 510501 | B6: =+CUC!B1439 -> SALARIO INTEGRAL | C6: =+CUC!C1439 -> 0 | D6: =+CUC!D1439 -> 0 | E6: =+CUC!E1439 -> 0 | F6: =+CUC!F1439 -> 0 | G6: =+CUC!G1439 -> 0 | H6: =+CUC!I1439 -> 0 | I6: =+SUM(K6:V6) -> 0 | J6: =+H6/12*(1+K$3) -> 0 | K6: =+J6 -> 0 | L6: =+K6 -> 0 | M6: =+L6 -> 0 | N6: =+M6 -> 0 | O6: =+N6 -> 0 | P6: =+O6 -> 0 | Q6: =+P6 -> 0 | R6: =+Q6 -> 0 | ... V6: =+U6 -> 0 | W6: =+K6*(1+$K$3) -> 0 | X6: =+L6*(1+$K$3) -> 0 | Y6: =+M6*(1+$K$3) -> 0 | Z6: =+N6*(1+$K$3) -> 0 | AA6: =+O6*(1+$K$3) -> 0 | AB6: =+P6*(1+$K$3) -> 0 | AC6: =+Q6*(1+$K$3) -> 0 | AD6: =+R6*(1+$K$3) -> 0 | ... AH6: =+V6*(1+$K$3) -> 0 | AI6: =+W6*(1+$L$3) -> 0 | AJ6: =+X6*(1+$L$3) -> 0 | AK6: =+Y6*(1+$L$3) -> 0 | AL6: =+Z6*(1+$L$3) -> 0 | AM6: =+AA6*(1+$L$3) -> 0 | AN6: =+AB6*(1+$L$3) -> 0 | AO6: =+AC6*(1+$L$3) -> 0 | AP6: =+AD6*(1+$L$3) -> 0 | ... AT6: =+AH6*(1+$L$3) -> 0 | AU6: =+AI6*(1+$M$3) -> 0 | AV6: =+AJ6*(1+$M$3) -> 0 | AW6: =+AK6*(1+$M$3) -> 0 | AX6: =+AL6*(1+$M$3) -> 0 | AY6: =+AM6*(1+$M$3) -> 0 | AZ6: =+AN6*(1+$M$3) -> 0 | BA6: =+AO6*(1+$M$3) -> 0 | BB6: =+AP6*(1+$M$3) -> 0 | ... BF6: =+AT6*(1+$M$3) -> 0 | BG6: =+AU6*(1+$N$3) -> 0 | BH6: =+AV6*(1+$N$3) -> 0 | BI6: =+AW6*(1+$N$3) -> 0 | BJ6: =+AX6*(1+$N$3) -> 0 | BK6: =+AY6*(1+$N$3) -> 0 | BL6: =+AZ6*(1+$N$3) -> 0 | BM6: =+BA6*(1+$N$3) -> 0 | BN6: =+BB6*(1+$N$3) -> 0 | ... BR6: =+BF6*(1+$N$3) -> 0
A7: =+CUC!A1440 -> 510502 | B7: =+CUC!B1440 -> DE REPRESENTACION | C7: =+CUC!C1440 -> 0 | D7: =+CUC!D1440 -> 0 | E7: =+CUC!E1440 -> 0 | F7: =+CUC!F1440 -> 0 | G7: =+CUC!G1440 -> 0 | H7: =+CUC!I1440 -> 0 | I7: =+SUM(K7:V7) -> 0 | J7: =+H7/12*(1+K$3) -> 0 | K7: =+J7 -> 0 | L7: =+K7 -> 0 | M7: =+L7 -> 0 | N7: =+M7 -> 0 | O7: =+N7 -> 0 | P7: =+O7 -> 0 | Q7: =+P7 -> 0 | R7: =+Q7 -> 0 | ... V7: =+U7 -> 0 | W7: =+K7*(1+$K$3) -> 0 | X7: =+L7*(1+$K$3) -> 0 | Y7: =+M7*(1+$K$3) -> 0 | Z7: =+N7*(1+$K$3) -> 0 | AA7: =+O7*(1+$K$3) -> 0 | AB7: =+P7*(1+$K$3) -> 0 | AC7: =+Q7*(1+$K$3) -> 0 | AD7: =+R7*(1+$K$3) -> 0 | ... AH7: =+V7*(1+$K$3) -> 0 | AI7: =+W7*(1+$L$3) -> 0 | AJ7: =+X7*(1+$L$3) -> 0 | AK7: =+Y7*(1+$L$3) -> 0 | AL7: =+Z7*(1+$L$3) -> 0 | AM7: =+AA7*(1+$L$3) -> 0 | AN7: =+AB7*(1+$L$3) -> 0 | AO7: =+AC7*(1+$L$3) -> 0 | AP7: =+AD7*(1+$L$3) -> 0 | ... AT7: =+AH7*(1+$L$3) -> 0 | AU7: =+AI7*(1+$M$3) -> 0 | AV7: =+AJ7*(1+$M$3) -> 0 | AW7: =+AK7*(1+$M$3) -> 0 | AX7: =+AL7*(1+$M$3) -> 0 | AY7: =+AM7*(1+$M$3) -> 0 | AZ7: =+AN7*(1+$M$3) -> 0 | BA7: =+AO7*(1+$M$3) -> 0 | BB7: =+AP7*(1+$M$3) -> 0 | ... BF7: =+AT7*(1+$M$3) -> 0 | BG7: =+AU7*(1+$N$3) -> 0 | BH7: =+AV7*(1+$N$3) -> 0 | BI7: =+AW7*(1+$N$3) -> 0 | BJ7: =+AX7*(1+$N$3) -> 0 | BK7: =+AY7*(1+$N$3) -> 0 | BL7: =+AZ7*(1+$N$3) -> 0 | BM7: =+BA7*(1+$N$3) -> 0 | BN7: =+BB7*(1+$N$3) -> 0 | ... BR7: =+BF7*(1+$N$3) -> 0
A8: =+CUC!A1441 -> 510503 | B8: =+CUC!B1441 -> SUELDOS | C8: =+CUC!C1441 -> 94337420 | D8: =+CUC!D1441 -> 90906517 | E8: =+CUC!E1441 -> 106244001 | F8: =+CUC!F1441 -> 116866434 | G8: =+CUC!G1441 -> 126042166 | H8: =+CUC!I1441 -> 141190668 | I8: =+SUM(K8:V8) -> 1.5813355e+08 | J8: =+H8/12*(1+K$3) -> 13177796 | K8: =+J8 -> 13177796 | L8: =+K8 -> 13177796 | M8: =+L8 -> 13177796 | N8: =+M8 -> 13177796 | O8: =+N8 -> 13177796 | P8: =+O8 -> 13177796 | Q8: =+P8 -> 13177796 | R8: =+Q8 -> 13177796 | ... V8: =+U8 -> 13177796 | W8: =+K8*(1+$K$3) -> 14759131 | X8: =+L8*(1+$K$3) -> 14759131 | Y8: =+M8*(1+$K$3) -> 14759131 | Z8: =+N8*(1+$K$3) -> 14759131 | AA8: =+O8*(1+$K$3) -> 14759131 | AB8: =+P8*(1+$K$3) -> 14759131 | AC8: =+Q8*(1+$K$3) -> 14759131 | AD8: =+R8*(1+$K$3) -> 14759131 | ... AH8: =+V8*(1+$K$3) -> 14759131 | AI8: =+W8*(1+$L$3) -> 14759131 | AJ8: =+X8*(1+$L$3) -> 14759131 | AK8: =+Y8*(1+$L$3) -> 14759131 | AL8: =+Z8*(1+$L$3) -> 14759131 | AM8: =+AA8*(1+$L$3) -> 14759131 | AN8: =+AB8*(1+$L$3) -> 14759131 | AO8: =+AC8*(1+$L$3) -> 14759131 | AP8: =+AD8*(1+$L$3) -> 14759131 | ... AT8: =+AH8*(1+$L$3) -> 14759131 | AU8: =+AI8*(1+$M$3) -> 15644679 | AV8: =+AJ8*(1+$M$3) -> 15644679 | AW8: =+AK8*(1+$M$3) -> 15644679 | AX8: =+AL8*(1+$M$3) -> 15644679 | AY8: =+AM8*(1+$M$3) -> 15644679 | AZ8: =+AN8*(1+$M$3) -> 15644679 | BA8: =+AO8*(1+$M$3) -> 15644679 | BB8: =+AP8*(1+$M$3) -> 15644679 | ... BF8: =+AT8*(1+$M$3) -> 15644679 | BG8: =+AU8*(1+$N$3) -> 16270466 | BH8: =+AV8*(1+$N$3) -> 16270466 | BI8: =+AW8*(1+$N$3) -> 16270466 | BJ8: =+AX8*(1+$N$3) -> 16270466 | BK8: =+AY8*(1+$N$3) -> 16270466 | BL8: =+AZ8*(1+$N$3) -> 16270466 | BM8: =+BA8*(1+$N$3) -> 16270466 | BN8: =+BB8*(1+$N$3) -> 16270466 | ... BR8: =+BF8*(1+$N$3) -> 16270466
A9: =+CUC!A1442 -> 510504 | B9: =+CUC!B1442 -> JORNALES | C9: =+CUC!C1442 -> 0 | D9: =+CUC!D1442 -> 0 | E9: =+CUC!E1442 -> 0 | F9: =+CUC!F1442 -> 0 | G9: =+CUC!G1442 -> 0 | H9: =+CUC!I1442 -> 0 | I9: =+SUM(K9:V9) -> 0 | J9: =+H9/12*(1+K$3) -> 0 | K9: =+J9 -> 0 | L9: =+K9 -> 0 | M9: =+L9 -> 0 | N9: =+M9 -> 0 | O9: =+N9 -> 0 | P9: =+O9 -> 0 | Q9: =+P9 -> 0 | R9: =+Q9 -> 0 | ... V9: =+U9 -> 0 | W9: =+K9*(1+$K$3) -> 0 | X9: =+L9*(1+$K$3) -> 0 | Y9: =+M9*(1+$K$3) -> 0 | Z9: =+N9*(1+$K$3) -> 0 | AA9: =+O9*(1+$K$3) -> 0 | AB9: =+P9*(1+$K$3) -> 0 | AC9: =+Q9*(1+$K$3) -> 0 | AD9: =+R9*(1+$K$3) -> 0 | ... AH9: =+V9*(1+$K$3) -> 0 | AI9: =+W9*(1+$L$3) -> 0 | AJ9: =+X9*(1+$L$3) -> 0 | AK9: =+Y9*(1+$L$3) -> 0 | AL9: =+Z9*(1+$L$3) -> 0 | AM9: =+AA9*(1+$L$3) -> 0 | AN9: =+AB9*(1+$L$3) -> 0 | AO9: =+AC9*(1+$L$3) -> 0 | AP9: =+AD9*(1+$L$3) -> 0 | ... AT9: =+AH9*(1+$L$3) -> 0 | AU9: =+AI9*(1+$M$3) -> 0 | AV9: =+AJ9*(1+$M$3) -> 0 | AW9: =+AK9*(1+$M$3) -> 0 | AX9: =+AL9*(1+$M$3) -> 0 | AY9: =+AM9*(1+$M$3) -> 0 | AZ9: =+AN9*(1+$M$3) -> 0 | BA9: =+AO9*(1+$M$3) -> 0 | BB9: =+AP9*(1+$M$3) -> 0 | ... BF9: =+AT9*(1+$M$3) -> 0 | BG9: =+AU9*(1+$N$3) -> 0 | BH9: =+AV9*(1+$N$3) -> 0 | BI9: =+AW9*(1+$N$3) -> 0 | BJ9: =+AX9*(1+$N$3) -> 0 | BK9: =+AY9*(1+$N$3) -> 0 | BL9: =+AZ9*(1+$N$3) -> 0 | BM9: =+BA9*(1+$N$3) -> 0 | BN9: =+BB9*(1+$N$3) -> 0 | ... BR9: =+BF9*(1+$N$3) -> 0
A10: =+CUC!A1443 -> 510505 | B10: =+CUC!B1443 -> HORAS EXTRAS | C10: =+CUC!C1443 -> 0 | D10: =+CUC!D1443 -> 0 | E10: =+CUC!E1443 -> 0 | F10: =+CUC!F1443 -> 0 | G10: =+CUC!G1443 -> 0 | H10: =+CUC!I1443 -> 0 | I10: =+SUM(K10:V10) -> 0 | J10: =+H10/12*(1+K$3) -> 0 | K10: =+J10 -> 0 | L10: =+K10 -> 0 | M10: =+L10 -> 0 | N10: =+M10 -> 0 | O10: =+N10 -> 0 | P10: =+O10 -> 0 | Q10: =+P10 -> 0 | R10: =+Q10 -> 0 | ... V10: =+U10 -> 0 | W10: =+K10*(1+$K$3) -> 0 | X10: =+L10*(1+$K$3) -> 0 | Y10: =+M10*(1+$K$3) -> 0 | Z10: =+N10*(1+$K$3) -> 0 | AA10: =+O10*(1+$K$3) -> 0 | AB10: =+P10*(1+$K$3) -> 0 | AC10: =+Q10*(1+$K$3) -> 0 | AD10: =+R10*(1+$K$3) -> 0 | ... AH10: =+V10*(1+$K$3) -> 0 | AI10: =+W10*(1+$L$3) -> 0 | AJ10: =+X10*(1+$L$3) -> 0 | AK10: =+Y10*(1+$L$3) -> 0 | AL10: =+Z10*(1+$L$3) -> 0 | AM10: =+AA10*(1+$L$3) -> 0 | AN10: =+AB10*(1+$L$3) -> 0 | AO10: =+AC10*(1+$L$3) -> 0 | AP10: =+AD10*(1+$L$3) -> 0 | ... AT10: =+AH10*(1+$L$3) -> 0 | AU10: =+AI10*(1+$M$3) -> 0 | AV10: =+AJ10*(1+$M$3) -> 0 | AW10: =+AK10*(1+$M$3) -> 0 | AX10: =+AL10*(1+$M$3) -> 0 | AY10: =+AM10*(1+$M$3) -> 0 | AZ10: =+AN10*(1+$M$3) -> 0 | BA10: =+AO10*(1+$M$3) -> 0 | BB10: =+AP10*(1+$M$3) -> 0 | ... BF10: =+AT10*(1+$M$3) -> 0 | BG10: =+AU10*(1+$N$3) -> 0 | BH10: =+AV10*(1+$N$3) -> 0 | BI10: =+AW10*(1+$N$3) -> 0 | BJ10: =+AX10*(1+$N$3) -> 0 | BK10: =+AY10*(1+$N$3) -> 0 | BL10: =+AZ10*(1+$N$3) -> 0 | BM10: =+BA10*(1+$N$3) -> 0 | BN10: =+BB10*(1+$N$3) -> 0 | ... BR10: =+BF10*(1+$N$3) -> 0
A11: =+CUC!A1444 -> 510506 | B11: =+CUC!B1444 -> COMISIONES | C11: =+CUC!C1444 -> 0 | D11: =+CUC!D1444 -> 0 | E11: =+CUC!E1444 -> 0 | F11: =+CUC!F1444 -> 0 | G11: =+CUC!G1444 -> 0 | H11: =+CUC!I1444 -> 0 | I11: =+SUM(K11:V11) -> 0 | J11: =+H11/12*(1+K$3) -> 0 | K11: =+J11 -> 0 | L11: =+K11 -> 0 | M11: =+L11 -> 0 | N11: =+M11 -> 0 | O11: =+N11 -> 0 | P11: =+O11 -> 0 | Q11: =+P11 -> 0 | R11: =+Q11 -> 0 | ... V11: =+U11 -> 0 | W11: =+K11*(1+$K$3) -> 0 | X11: =+L11*(1+$K$3) -> 0 | Y11: =+M11*(1+$K$3) -> 0 | Z11: =+N11*(1+$K$3) -> 0 | AA11: =+O11*(1+$K$3) -> 0 | AB11: =+P11*(1+$K$3) -> 0 | AC11: =+Q11*(1+$K$3) -> 0 | AD11: =+R11*(1+$K$3) -> 0 | ... AH11: =+V11*(1+$K$3) -> 0 | AI11: =+W11*(1+$L$3) -> 0 | AJ11: =+X11*(1+$L$3) -> 0 | AK11: =+Y11*(1+$L$3) -> 0 | AL11: =+Z11*(1+$L$3) -> 0 | AM11: =+AA11*(1+$L$3) -> 0 | AN11: =+AB11*(1+$L$3) -> 0 | AO11: =+AC11*(1+$L$3) -> 0 | AP11: =+AD11*(1+$L$3) -> 0 | ... AT11: =+AH11*(1+$L$3) -> 0 | AU11: =+AI11*(1+$M$3) -> 0 | AV11: =+AJ11*(1+$M$3) -> 0 | AW11: =+AK11*(1+$M$3) -> 0 | AX11: =+AL11*(1+$M$3) -> 0 | AY11: =+AM11*(1+$M$3) -> 0 | AZ11: =+AN11*(1+$M$3) -> 0 | BA11: =+AO11*(1+$M$3) -> 0 | BB11: =+AP11*(1+$M$3) -> 0 | ... BF11: =+AT11*(1+$M$3) -> 0 | BG11: =+AU11*(1+$N$3) -> 0 | BH11: =+AV11*(1+$N$3) -> 0 | BI11: =+AW11*(1+$N$3) -> 0 | BJ11: =+AX11*(1+$N$3) -> 0 | BK11: =+AY11*(1+$N$3) -> 0 | BL11: =+AZ11*(1+$N$3) -> 0 | BM11: =+BA11*(1+$N$3) -> 0 | BN11: =+BB11*(1+$N$3) -> 0 | ... BR11: =+BF11*(1+$N$3) -> 0
A12: =+CUC!A1445 -> 510507 | B12: =+CUC!B1445 -> VIATICOS | C12: =+CUC!C1445 -> 0 | D12: =+CUC!D1445 -> 0 | E12: =+CUC!E1445 -> 0 | F12: =+CUC!F1445 -> 0 | G12: =+CUC!G1445 -> 0 | H12: =+CUC!I1445 -> 0 | I12: =+SUM(K12:V12) -> 0 | J12: =+H12/12*(1+K$3) -> 0 | K12: =+J12 -> 0 | L12: =+K12 -> 0 | M12: =+L12 -> 0 | N12: =+M12 -> 0 | O12: =+N12 -> 0 | P12: =+O12 -> 0 | Q12: =+P12 -> 0 | R12: =+Q12 -> 0 | ... V12: =+U12 -> 0 | W12: =+K12*(1+$K$3) -> 0 | X12: =+L12*(1+$K$3) -> 0 | Y12: =+M12*(1+$K$3) -> 0 | Z12: =+N12*(1+$K$3) -> 0 | AA12: =+O12*(1+$K$3) -> 0 | AB12: =+P12*(1+$K$3) -> 0 | AC12: =+Q12*(1+$K$3) -> 0 | AD12: =+R12*(1+$K$3) -> 0 | ... AH12: =+V12*(1+$K$3) -> 0 | AI12: =+W12*(1+$L$3) -> 0 | AJ12: =+X12*(1+$L$3) -> 0 | AK12: =+Y12*(1+$L$3) -> 0 | AL12: =+Z12*(1+$L$3) -> 0 | AM12: =+AA12*(1+$L$3) -> 0 | AN12: =+AB12*(1+$L$3) -> 0 | AO12: =+AC12*(1+$L$3) -> 0 | AP12: =+AD12*(1+$L$3) -> 0 | ... AT12: =+AH12*(1+$L$3) -> 0 | AU12: =+AI12*(1+$M$3) -> 0 | AV12: =+AJ12*(1+$M$3) -> 0 | AW12: =+AK12*(1+$M$3) -> 0 | AX12: =+AL12*(1+$M$3) -> 0 | AY12: =+AM12*(1+$M$3) -> 0 | AZ12: =+AN12*(1+$M$3) -> 0 | BA12: =+AO12*(1+$M$3) -> 0 | BB12: =+AP12*(1+$M$3) -> 0 | ... BF12: =+AT12*(1+$M$3) -> 0 | BG12: =+AU12*(1+$N$3) -> 0 | BH12: =+AV12*(1+$N$3) -> 0 | BI12: =+AW12*(1+$N$3) -> 0 | BJ12: =+AX12*(1+$N$3) -> 0 | BK12: =+AY12*(1+$N$3) -> 0 | BL12: =+AZ12*(1+$N$3) -> 0 | BM12: =+BA12*(1+$N$3) -> 0 | BN12: =+BB12*(1+$N$3) -> 0 | ... BR12: =+BF12*(1+$N$3) -> 0
A13: =+CUC!A1446 -> 510508 | B13: =+CUC!B1446 -> INCAPACIDADES | C13: =+CUC!C1446 -> 0 | D13: =+CUC!D1446 -> 859122 | E13: =+CUC!E1446 -> 0 | F13: =+CUC!F1446 -> 0 | G13: =+CUC!G1446 -> 1303067 | H13: =+CUC!I1446 -> 0 | I13: =+SUM(K13:V13) -> 0 | J13: =+H13/12*(1+K$3) -> 0 | K13: =+J13 -> 0 | L13: =+K13 -> 0 | M13: =+L13 -> 0 | N13: =+M13 -> 0 | O13: =+N13 -> 0 | P13: =+O13 -> 0 | Q13: =+P13 -> 0 | R13: =+Q13 -> 0 | ... V13: =+U13 -> 0 | W13: =+K13*(1+$K$3) -> 0 | X13: =+L13*(1+$K$3) -> 0 | Y13: =+M13*(1+$K$3) -> 0 | Z13: =+N13*(1+$K$3) -> 0 | AA13: =+O13*(1+$K$3) -> 0 | AB13: =+P13*(1+$K$3) -> 0 | AC13: =+Q13*(1+$K$3) -> 0 | AD13: =+R13*(1+$K$3) -> 0 | ... AH13: =+V13*(1+$K$3) -> 0 | AI13: =+W13*(1+$L$3) -> 0 | AJ13: =+X13*(1+$L$3) -> 0 | AK13: =+Y13*(1+$L$3) -> 0 | AL13: =+Z13*(1+$L$3) -> 0 | AM13: =+AA13*(1+$L$3) -> 0 | AN13: =+AB13*(1+$L$3) -> 0 | AO13: =+AC13*(1+$L$3) -> 0 | AP13: =+AD13*(1+$L$3) -> 0 | ... AT13: =+AH13*(1+$L$3) -> 0 | AU13: =+AI13*(1+$M$3) -> 0 | AV13: =+AJ13*(1+$M$3) -> 0 | AW13: =+AK13*(1+$M$3) -> 0 | AX13: =+AL13*(1+$M$3) -> 0 | AY13: =+AM13*(1+$M$3) -> 0 | AZ13: =+AN13*(1+$M$3) -> 0 | BA13: =+AO13*(1+$M$3) -> 0 | BB13: =+AP13*(1+$M$3) -> 0 | ... BF13: =+AT13*(1+$M$3) -> 0 | BG13: =+AU13*(1+$N$3) -> 0 | BH13: =+AV13*(1+$N$3) -> 0 | BI13: =+AW13*(1+$N$3) -> 0 | BJ13: =+AX13*(1+$N$3) -> 0 | BK13: =+AY13*(1+$N$3) -> 0 | BL13: =+AZ13*(1+$N$3) -> 0 | BM13: =+BA13*(1+$N$3) -> 0 | BN13: =+BB13*(1+$N$3) -> 0 | ... BR13: =+BF13*(1+$N$3) -> 0
A14: =+CUC!A1447 -> 510509 | B14: =+CUC!B1447 -> AUXILIO DE TRANSPORTE | C14: =+CUC!C1447 -> 3443102 | D14: =+CUC!D1447 -> 3084476 | E14: =+CUC!E1447 -> 3726029 | F14: =+CUC!F1447 -> 4100446 | G14: =+CUC!G1447 -> 4906209 | H14: =+CUC!I1447 -> 6577253.3 | I14: =+SUM(K14:V14) -> 7366523.7 | J14: =+H14/12*(1+K$3) -> 613876.98 | K14: =+J14 -> 613876.98 | L14: =+K14 -> 613876.98 | M14: =+L14 -> 613876.98 | N14: =+M14 -> 613876.98 | O14: =+N14 -> 613876.98 | P14: =+O14 -> 613876.98 | Q14: =+P14 -> 613876.98 | R14: =+Q14 -> 613876.98 | ... V14: =+U14 -> 613876.98 | W14: =+K14*(1+$K$3) -> 687542.22 | X14: =+L14*(1+$K$3) -> 687542.22 | Y14: =+M14*(1+$K$3) -> 687542.22 | Z14: =+N14*(1+$K$3) -> 687542.22 | AA14: =+O14*(1+$K$3) -> 687542.22 | AB14: =+P14*(1+$K$3) -> 687542.22 | AC14: =+Q14*(1+$K$3) -> 687542.22 | AD14: =+R14*(1+$K$3) -> 687542.22 | ... AH14: =+V14*(1+$K$3) -> 687542.22 | AI14: =+W14*(1+$L$3) -> 687542.22 | AJ14: =+X14*(1+$L$3) -> 687542.22 | AK14: =+Y14*(1+$L$3) -> 687542.22 | AL14: =+Z14*(1+$L$3) -> 687542.22 | AM14: =+AA14*(1+$L$3) -> 687542.22 | AN14: =+AB14*(1+$L$3) -> 687542.22 | AO14: =+AC14*(1+$L$3) -> 687542.22 | AP14: =+AD14*(1+$L$3) -> 687542.22 | ... AT14: =+AH14*(1+$L$3) -> 687542.22 | AU14: =+AI14*(1+$M$3) -> 728794.75 | AV14: =+AJ14*(1+$M$3) -> 728794.75 | AW14: =+AK14*(1+$M$3) -> 728794.75 | AX14: =+AL14*(1+$M$3) -> 728794.75 | AY14: =+AM14*(1+$M$3) -> 728794.75 | AZ14: =+AN14*(1+$M$3) -> 728794.75 | BA14: =+AO14*(1+$M$3) -> 728794.75 | BB14: =+AP14*(1+$M$3) -> 728794.75 | ... BF14: =+AT14*(1+$M$3) -> 728794.75 | BG14: =+AU14*(1+$N$3) -> 757946.54 | BH14: =+AV14*(1+$N$3) -> 757946.54 | BI14: =+AW14*(1+$N$3) -> 757946.54 | BJ14: =+AX14*(1+$N$3) -> 757946.54 | BK14: =+AY14*(1+$N$3) -> 757946.54 | BL14: =+AZ14*(1+$N$3) -> 757946.54 | BM14: =+BA14*(1+$N$3) -> 757946.54 | BN14: =+BB14*(1+$N$3) -> 757946.54 | ... BR14: =+BF14*(1+$N$3) -> 757946.54
A15: =+CUC!A1448 -> 510510 | B15: =+CUC!B1448 -> CESANTIAS | C15: =+CUC!C1448 -> 8569230 | D15: =+CUC!D1448 -> 8942633 | E15: =+CUC!E1448 -> 9865260 | F15: =+CUC!F1448 -> 10665201 | G15: =+CUC!G1448 -> 12230032 | H15: =+CUC!I1448 -> 13044864 | I15: =+SUM(K15:V15) -> 14610248 | J15: =+H15/12*(1+K$3) -> 1217520.6 | K15: =+J15 -> 1217520.6 | L15: =+K15 -> 1217520.6 | M15: =+L15 -> 1217520.6 | N15: =+M15 -> 1217520.6 | O15: =+N15 -> 1217520.6 | P15: =+O15 -> 1217520.6 | Q15: =+P15 -> 1217520.6 | R15: =+Q15 -> 1217520.6 | ... V15: =+U15 -> 1217520.6 | W15: =+K15*(1+$K$3) -> 1363623.1 | X15: =+L15*(1+$K$3) -> 1363623.1 | Y15: =+M15*(1+$K$3) -> 1363623.1 | Z15: =+N15*(1+$K$3) -> 1363623.1 | AA15: =+O15*(1+$K$3) -> 1363623.1 | AB15: =+P15*(1+$K$3) -> 1363623.1 | AC15: =+Q15*(1+$K$3) -> 1363623.1 | AD15: =+R15*(1+$K$3) -> 1363623.1 | ... AH15: =+V15*(1+$K$3) -> 1363623.1 | AI15: =+W15*(1+$L$3) -> 1363623.1 | AJ15: =+X15*(1+$L$3) -> 1363623.1 | AK15: =+Y15*(1+$L$3) -> 1363623.1 | AL15: =+Z15*(1+$L$3) -> 1363623.1 | AM15: =+AA15*(1+$L$3) -> 1363623.1 | AN15: =+AB15*(1+$L$3) -> 1363623.1 | AO15: =+AC15*(1+$L$3) -> 1363623.1 | AP15: =+AD15*(1+$L$3) -> 1363623.1 | ... AT15: =+AH15*(1+$L$3) -> 1363623.1 | AU15: =+AI15*(1+$M$3) -> 1445440.5 | AV15: =+AJ15*(1+$M$3) -> 1445440.5 | AW15: =+AK15*(1+$M$3) -> 1445440.5 | AX15: =+AL15*(1+$M$3) -> 1445440.5 | AY15: =+AM15*(1+$M$3) -> 1445440.5 | AZ15: =+AN15*(1+$M$3) -> 1445440.5 | BA15: =+AO15*(1+$M$3) -> 1445440.5 | BB15: =+AP15*(1+$M$3) -> 1445440.5 | ... BF15: =+AT15*(1+$M$3) -> 1445440.5 | BG15: =+AU15*(1+$N$3) -> 1503258.1 | BH15: =+AV15*(1+$N$3) -> 1503258.1 | BI15: =+AW15*(1+$N$3) -> 1503258.1 | BJ15: =+AX15*(1+$N$3) -> 1503258.1 | BK15: =+AY15*(1+$N$3) -> 1503258.1 | BL15: =+AZ15*(1+$N$3) -> 1503258.1 | BM15: =+BA15*(1+$N$3) -> 1503258.1 | BN15: =+BB15*(1+$N$3) -> 1503258.1 | ... BR15: =+BF15*(1+$N$3) -> 1503258.1
A16: =+CUC!A1449 -> 510511 | B16: =+CUC!B1449 -> INTERESES SOBRE CESANTIAS | C16: =+CUC!C1449 -> 1174168 | D16: =+CUC!D1449 -> 1073115 | E16: =+CUC!E1449 -> 1088952 | F16: =+CUC!F1449 -> 1279821 | G16: =+CUC!G1449 -> 1467600 | H16: =+CUC!I1449 -> 1565400 | I16: =+SUM(K16:V16) -> 1753248 | J16: =+H16/12*(1+K$3) -> 146104 | K16: =+J16 -> 146104 | L16: =+K16 -> 146104 | M16: =+L16 -> 146104 | N16: =+M16 -> 146104 | O16: =+N16 -> 146104 | P16: =+O16 -> 146104 | Q16: =+P16 -> 146104 | R16: =+Q16 -> 146104 | ... V16: =+U16 -> 146104 | W16: =+K16*(1+$K$3) -> 163636.48 | X16: =+L16*(1+$K$3) -> 163636.48 | Y16: =+M16*(1+$K$3) -> 163636.48 | Z16: =+N16*(1+$K$3) -> 163636.48 | AA16: =+O16*(1+$K$3) -> 163636.48 | AB16: =+P16*(1+$K$3) -> 163636.48 | AC16: =+Q16*(1+$K$3) -> 163636.48 | AD16: =+R16*(1+$K$3) -> 163636.48 | ... AH16: =+V16*(1+$K$3) -> 163636.48 | AI16: =+W16*(1+$L$3) -> 163636.48 | AJ16: =+X16*(1+$L$3) -> 163636.48 | AK16: =+Y16*(1+$L$3) -> 163636.48 | AL16: =+Z16*(1+$L$3) -> 163636.48 | AM16: =+AA16*(1+$L$3) -> 163636.48 | AN16: =+AB16*(1+$L$3) -> 163636.48 | AO16: =+AC16*(1+$L$3) -> 163636.48 | AP16: =+AD16*(1+$L$3) -> 163636.48 | ... AT16: =+AH16*(1+$L$3) -> 163636.48 | AU16: =+AI16*(1+$M$3) -> 173454.67 | AV16: =+AJ16*(1+$M$3) -> 173454.67 | AW16: =+AK16*(1+$M$3) -> 173454.67 | AX16: =+AL16*(1+$M$3) -> 173454.67 | AY16: =+AM16*(1+$M$3) -> 173454.67 | AZ16: =+AN16*(1+$M$3) -> 173454.67 | BA16: =+AO16*(1+$M$3) -> 173454.67 | BB16: =+AP16*(1+$M$3) -> 173454.67 | ... BF16: =+AT16*(1+$M$3) -> 173454.67 | BG16: =+AU16*(1+$N$3) -> 180392.86 | BH16: =+AV16*(1+$N$3) -> 180392.86 | BI16: =+AW16*(1+$N$3) -> 180392.86 | BJ16: =+AX16*(1+$N$3) -> 180392.86 | BK16: =+AY16*(1+$N$3) -> 180392.86 | BL16: =+AZ16*(1+$N$3) -> 180392.86 | BM16: =+BA16*(1+$N$3) -> 180392.86 | BN16: =+BB16*(1+$N$3) -> 180392.86 | ... BR16: =+BF16*(1+$N$3) -> 180392.86
A17: =+CUC!A1450 -> 510512 | B17: =+CUC!B1450 -> PRIMA LEGAL | C17: =+CUC!C1450 -> 8609815 | D17: =+CUC!D1450 -> 8606629 | E17: =+CUC!E1450 -> 9853306 | F17: =+CUC!F1450 -> 10419202 | G17: =+CUC!G1450 -> 11835305 | H17: =+CUC!I1450 -> 13044864 | I17: =+SUM(K17:V17) -> 14610248 | J17: =+H17/12*(1+K$3) -> 1217520.6 | K17: =+J17 -> 1217520.6 | L17: =+K17 -> 1217520.6 | M17: =+L17 -> 1217520.6 | N17: =+M17 -> 1217520.6 | O17: =+N17 -> 1217520.6 | P17: =+O17 -> 1217520.6 | Q17: =+P17 -> 1217520.6 | R17: =+Q17 -> 1217520.6 | ... V17: =+U17 -> 1217520.6 | W17: =+K17*(1+$K$3) -> 1363623.1 | X17: =+L17*(1+$K$3) -> 1363623.1 | Y17: =+M17*(1+$K$3) -> 1363623.1 | Z17: =+N17*(1+$K$3) -> 1363623.1 | AA17: =+O17*(1+$K$3) -> 1363623.1 | AB17: =+P17*(1+$K$3) -> 1363623.1 | AC17: =+Q17*(1+$K$3) -> 1363623.1 | AD17: =+R17*(1+$K$3) -> 1363623.1 | ... AH17: =+V17*(1+$K$3) -> 1363623.1 | AI17: =+W17*(1+$L$3) -> 1363623.1 | AJ17: =+X17*(1+$L$3) -> 1363623.1 | AK17: =+Y17*(1+$L$3) -> 1363623.1 | AL17: =+Z17*(1+$L$3) -> 1363623.1 | AM17: =+AA17*(1+$L$3) -> 1363623.1 | AN17: =+AB17*(1+$L$3) -> 1363623.1 | AO17: =+AC17*(1+$L$3) -> 1363623.1 | AP17: =+AD17*(1+$L$3) -> 1363623.1 | ... AT17: =+AH17*(1+$L$3) -> 1363623.1 | AU17: =+AI17*(1+$M$3) -> 1445440.5 | AV17: =+AJ17*(1+$M$3) -> 1445440.5 | AW17: =+AK17*(1+$M$3) -> 1445440.5 | AX17: =+AL17*(1+$M$3) -> 1445440.5 | AY17: =+AM17*(1+$M$3) -> 1445440.5 | AZ17: =+AN17*(1+$M$3) -> 1445440.5 | BA17: =+AO17*(1+$M$3) -> 1445440.5 | BB17: =+AP17*(1+$M$3) -> 1445440.5 | ... BF17: =+AT17*(1+$M$3) -> 1445440.5 | BG17: =+AU17*(1+$N$3) -> 1503258.1 | BH17: =+AV17*(1+$N$3) -> 1503258.1 | BI17: =+AW17*(1+$N$3) -> 1503258.1 | BJ17: =+AX17*(1+$N$3) -> 1503258.1 | BK17: =+AY17*(1+$N$3) -> 1503258.1 | BL17: =+AZ17*(1+$N$3) -> 1503258.1 | BM17: =+BA17*(1+$N$3) -> 1503258.1 | BN17: =+BB17*(1+$N$3) -> 1503258.1 | ... BR17: =+BF17*(1+$N$3) -> 1503258.1
... A50: =+CUC!A1483 -> 510745 | B50: =+CUC!B1483 -> OTRAS | C50: =+CUC!C1483 -> 0 | D50: =+CUC!D1483 -> 0 | E50: =+CUC!E1483 -> 0 | F50: =+CUC!F1483 -> 0 | G50: =+CUC!G1483 -> 0 | H50: =+CUC!I1483 -> 0 | I50: =+SUM(K50:V50) -> 0 | J50: =+H50/12*(1+K$3) -> 0 | K50: =+J50 -> 0 | L50: =+K50 -> 0 | M50: =+L50 -> 0 | N50: =+M50 -> 0 | O50: =+N50 -> 0 | P50: =+O50 -> 0 | Q50: =+P50 -> 0 | R50: =+Q50 -> 0 | ... V50: =+U50 -> 0 | W50: =+K50*(1+$K$3) -> 0 | X50: =+L50*(1+$K$3) -> 0 | Y50: =+M50*(1+$K$3) -> 0 | Z50: =+N50*(1+$K$3) -> 0 | AA50: =+O50*(1+$K$3) -> 0 | AB50: =+P50*(1+$K$3) -> 0 | AC50: =+Q50*(1+$K$3) -> 0 | AD50: =+R50*(1+$K$3) -> 0 | ... AH50: =+V50*(1+$K$3) -> 0 | AI50: =+W50*(1+$L$3) -> 0 | AJ50: =+X50*(1+$L$3) -> 0 | AK50: =+Y50*(1+$L$3) -> 0 | AL50: =+Z50*(1+$L$3) -> 0 | AM50: =+AA50*(1+$L$3) -> 0 | AN50: =+AB50*(1+$L$3) -> 0 | AO50: =+AC50*(1+$L$3) -> 0 | AP50: =+AD50*(1+$L$3) -> 0 | ... AT50: =+AH50*(1+$L$3) -> 0 | AU50: =+AI50*(1+$M$3) -> 0 | AV50: =+AJ50*(1+$M$3) -> 0 | AW50: =+AK50*(1+$M$3) -> 0 | AX50: =+AL50*(1+$M$3) -> 0 | AY50: =+AM50*(1+$M$3) -> 0 | AZ50: =+AN50*(1+$M$3) -> 0 | BA50: =+AO50*(1+$M$3) -> 0 | BB50: =+AP50*(1+$M$3) -> 0 | ... BF50: =+AT50*(1+$M$3) -> 0 | BG50: =+AU50*(1+$N$3) -> 0 | BH50: =+AV50*(1+$N$3) -> 0 | BI50: =+AW50*(1+$N$3) -> 0 | BJ50: =+AX50*(1+$N$3) -> 0 | BK50: =+AY50*(1+$N$3) -> 0 | BL50: =+AZ50*(1+$N$3) -> 0 | BM50: =+BA50*(1+$N$3) -> 0 | BN50: =+BB50*(1+$N$3) -> 0 | ... BR50: =+BF50*(1+$N$3) -> 0
A51: =+CUC!A1485 -> 511001 | B51: =+CUC!B1485 -> HONORARIOS | C51: =+CUC!C1485 -> 36404433 | D51: =+CUC!D1485 -> 38341275 | E51: =+CUC!E1485 -> 46656408 | F51: =+CUC!F1485 -> 46639404 | G51: =+CUC!G1485 -> 54352988 | H51: =+CUC!I1485 -> 60789443 | I51: =+SUM(K51:V51) -> 68084176 | J51: =+H51/12*(1+K$3) -> 5673681.3 | K51: =+J51 -> 5673681.3 | L51: =+K51 -> 5673681.3 | M51: =+L51 -> 5673681.3 | N51: =+M51 -> 5673681.3 | O51: =+N51 -> 5673681.3 | P51: =+O51 -> 5673681.3 | Q51: =+P51 -> 5673681.3 | R51: =+Q51 -> 5673681.3 | ... V51: =+U51 -> 5673681.3 | W51: =+K51*(1+$K$3) -> 6354523.1 | X51: =+L51*(1+$K$3) -> 6354523.1 | Y51: =+M51*(1+$K$3) -> 6354523.1 | Z51: =+N51*(1+$K$3) -> 6354523.1 | AA51: =+O51*(1+$K$3) -> 6354523.1 | AB51: =+P51*(1+$K$3) -> 6354523.1 | AC51: =+Q51*(1+$K$3) -> 6354523.1 | AD51: =+R51*(1+$K$3) -> 6354523.1 | ... AH51: =+V51*(1+$K$3) -> 6354523.1 | AI51: =+W51*(1+$L$3) -> 6354523.1 | AJ51: =+X51*(1+$L$3) -> 6354523.1 | AK51: =+Y51*(1+$L$3) -> 6354523.1 | AL51: =+Z51*(1+$L$3) -> 6354523.1 | AM51: =+AA51*(1+$L$3) -> 6354523.1 | AN51: =+AB51*(1+$L$3) -> 6354523.1 | AO51: =+AC51*(1+$L$3) -> 6354523.1 | AP51: =+AD51*(1+$L$3) -> 6354523.1 | ... AT51: =+AH51*(1+$L$3) -> 6354523.1 | AU51: =+AI51*(1+$M$3) -> 6735794.5 | AV51: =+AJ51*(1+$M$3) -> 6735794.5 | AW51: =+AK51*(1+$M$3) -> 6735794.5 | AX51: =+AL51*(1+$M$3) -> 6735794.5 | AY51: =+AM51*(1+$M$3) -> 6735794.5 | AZ51: =+AN51*(1+$M$3) -> 6735794.5 | BA51: =+AO51*(1+$M$3) -> 6735794.5 | BB51: =+AP51*(1+$M$3) -> 6735794.5 | ... BF51: =+AT51*(1+$M$3) -> 6735794.5 | BG51: =+AU51*(1+$N$3) -> 7005226.2 | BH51: =+AV51*(1+$N$3) -> 7005226.2 | BI51: =+AW51*(1+$N$3) -> 7005226.2 | BJ51: =+AX51*(1+$N$3) -> 7005226.2 | BK51: =+AY51*(1+$N$3) -> 7005226.2 | BL51: =+AZ51*(1+$N$3) -> 7005226.2 | BM51: =+BA51*(1+$N$3) -> 7005226.2 | BN51: =+BB51*(1+$N$3) -> 7005226.2 | ... BR51: =+BF51*(1+$N$3) -> 7005226.2
A52: =+CUC!A1486 -> 511002 | B52: =+CUC!B1486 -> IMPUESTOS | C52: =+CUC!C1486 -> 2417200 | D52: =+CUC!D1486 -> 2316777 | E52: =+CUC!E1486 -> 1936738 | F52: =+CUC!F1486 -> 266326 | G52: =+CUC!G1486 -> 1766131 | H52: =+CUC!I1486 -> 214125.33 | I52: =+SUM(K52:V52) -> 239820.37 | J52: =+H52/12*(1+K$3) -> 19985.031 | K52: =+J52 -> 19985.031 | L52: =+K52 -> 19985.031 | M52: =+L52 -> 19985.031 | N52: =+M52 -> 19985.031 | O52: =+N52 -> 19985.031 | P52: =+O52 -> 19985.031 | Q52: =+P52 -> 19985.031 | R52: =+Q52 -> 19985.031 | ... V52: =+U52 -> 19985.031 | W52: =+K52*(1+$K$3) -> 22383.235 | X52: =+L52*(1+$K$3) -> 22383.235 | Y52: =+M52*(1+$K$3) -> 22383.235 | Z52: =+N52*(1+$K$3) -> 22383.235 | AA52: =+O52*(1+$K$3) -> 22383.235 | AB52: =+P52*(1+$K$3) -> 22383.235 | AC52: =+Q52*(1+$K$3) -> 22383.235 | AD52: =+R52*(1+$K$3) -> 22383.235 | ... AH52: =+V52*(1+$K$3) -> 22383.235 | AI52: =+W52*(1+$L$3) -> 22383.235 | AJ52: =+X52*(1+$L$3) -> 22383.235 | AK52: =+Y52*(1+$L$3) -> 22383.235 | AL52: =+Z52*(1+$L$3) -> 22383.235 | AM52: =+AA52*(1+$L$3) -> 22383.235 | AN52: =+AB52*(1+$L$3) -> 22383.235 | AO52: =+AC52*(1+$L$3) -> 22383.235 | AP52: =+AD52*(1+$L$3) -> 22383.235 | ... AT52: =+AH52*(1+$L$3) -> 22383.235 | AU52: =+AI52*(1+$M$3) -> 23726.229 | AV52: =+AJ52*(1+$M$3) -> 23726.229 | AW52: =+AK52*(1+$M$3) -> 23726.229 | AX52: =+AL52*(1+$M$3) -> 23726.229 | AY52: =+AM52*(1+$M$3) -> 23726.229 | AZ52: =+AN52*(1+$M$3) -> 23726.229 | BA52: =+AO52*(1+$M$3) -> 23726.229 | BB52: =+AP52*(1+$M$3) -> 23726.229 | ... BF52: =+AT52*(1+$M$3) -> 23726.229 | BG52: =+AU52*(1+$N$3) -> 24675.278 | BH52: =+AV52*(1+$N$3) -> 24675.278 | BI52: =+AW52*(1+$N$3) -> 24675.278 | BJ52: =+AX52*(1+$N$3) -> 24675.278 | BK52: =+AY52*(1+$N$3) -> 24675.278 | BL52: =+AZ52*(1+$N$3) -> 24675.278 | BM52: =+BA52*(1+$N$3) -> 24675.278 | BN52: =+BB52*(1+$N$3) -> 24675.278 | ... BR52: =+BF52*(1+$N$3) -> 24675.278
A53: =+CUC!A1487 -> 511003 | B53: =+CUC!B1487 -> ARRENDAMIENTOS | C53: =+CUC!C1487 -> 2519153 | D53: =+CUC!D1487 -> 2625495 | E53: =+CUC!E1487 -> 2753933 | F53: =+CUC!F1487 -> 2811490 | G53: =+CUC!G1487 -> 4085351.7 | H53: =+CUC!I1487 -> 6407620.1 | I53: =+SUM(K53:V53) -> 7176534.5 | J53: =+H53/12*(1+K$3) -> 598044.54 | K53: =+J53 -> 598044.54 | L53: =+K53 -> 598044.54 | M53: =+L53 -> 598044.54 | N53: =+M53 -> 598044.54 | O53: =+N53 -> 598044.54 | P53: =+O53 -> 598044.54 | Q53: =+P53 -> 598044.54 | R53: =+Q53 -> 598044.54 | ... V53: =+U53 -> 598044.54 | W53: =+K53*(1+$K$3) -> 669809.88 | X53: =+L53*(1+$K$3) -> 669809.88 | Y53: =+M53*(1+$K$3) -> 669809.88 | Z53: =+N53*(1+$K$3) -> 669809.88 | AA53: =+O53*(1+$K$3) -> 669809.88 | AB53: =+P53*(1+$K$3) -> 669809.88 | AC53: =+Q53*(1+$K$3) -> 669809.88 | AD53: =+R53*(1+$K$3) -> 669809.88 | ... AH53: =+V53*(1+$K$3) -> 669809.88 | AI53: =+W53*(1+$L$3) -> 669809.88 | AJ53: =+X53*(1+$L$3) -> 669809.88 | AK53: =+Y53*(1+$L$3) -> 669809.88 | AL53: =+Z53*(1+$L$3) -> 669809.88 | AM53: =+AA53*(1+$L$3) -> 669809.88 | AN53: =+AB53*(1+$L$3) -> 669809.88 | AO53: =+AC53*(1+$L$3) -> 669809.88 | AP53: =+AD53*(1+$L$3) -> 669809.88 | ... AT53: =+AH53*(1+$L$3) -> 669809.88 | AU53: =+AI53*(1+$M$3) -> 709998.48 | AV53: =+AJ53*(1+$M$3) -> 709998.48 | AW53: =+AK53*(1+$M$3) -> 709998.48 | AX53: =+AL53*(1+$M$3) -> 709998.48 | AY53: =+AM53*(1+$M$3) -> 709998.48 | AZ53: =+AN53*(1+$M$3) -> 709998.48 | BA53: =+AO53*(1+$M$3) -> 709998.48 | BB53: =+AP53*(1+$M$3) -> 709998.48 | ... BF53: =+AT53*(1+$M$3) -> 709998.48 | BG53: =+AU53*(1+$N$3) -> 738398.41 | BH53: =+AV53*(1+$N$3) -> 738398.41 | BI53: =+AW53*(1+$N$3) -> 738398.41 | BJ53: =+AX53*(1+$N$3) -> 738398.41 | BK53: =+AY53*(1+$N$3) -> 738398.41 | BL53: =+AZ53*(1+$N$3) -> 738398.41 | BM53: =+BA53*(1+$N$3) -> 738398.41 | BN53: =+BB53*(1+$N$3) -> 738398.41 | ... BR53: =+BF53*(1+$N$3) -> 738398.41
A54: =+CUC!A1488 -> 511004 | B54: =+CUC!B1488 -> ADMINISTRACION DE BIENES | C54: =+CUC!C1488 -> 0 | D54: =+CUC!D1488 -> 0 | E54: =+CUC!E1488 -> 0 | F54: =+CUC!F1488 -> 0 | G54: =+CUC!G1488 -> 0 | H54: =+CUC!I1488 -> 0 | I54: =+SUM(K54:V54) -> 0 | J54: =+H54/12*(1+K$3) -> 0 | K54: =+J54 -> 0 | L54: =+K54 -> 0 | M54: =+L54 -> 0 | N54: =+M54 -> 0 | O54: =+N54 -> 0 | P54: =+O54 -> 0 | Q54: =+P54 -> 0 | R54: =+Q54 -> 0 | ... V54: =+U54 -> 0 | W54: =+K54*(1+$K$3) -> 0 | X54: =+L54*(1+$K$3) -> 0 | Y54: =+M54*(1+$K$3) -> 0 | Z54: =+N54*(1+$K$3) -> 0 | AA54: =+O54*(1+$K$3) -> 0 | AB54: =+P54*(1+$K$3) -> 0 | AC54: =+Q54*(1+$K$3) -> 0 | AD54: =+R54*(1+$K$3) -> 0 | ... AH54: =+V54*(1+$K$3) -> 0 | AI54: =+W54*(1+$L$3) -> 0 | AJ54: =+X54*(1+$L$3) -> 0 | AK54: =+Y54*(1+$L$3) -> 0 | AL54: =+Z54*(1+$L$3) -> 0 | AM54: =+AA54*(1+$L$3) -> 0 | AN54: =+AB54*(1+$L$3) -> 0 | AO54: =+AC54*(1+$L$3) -> 0 | AP54: =+AD54*(1+$L$3) -> 0 | ... AT54: =+AH54*(1+$L$3) -> 0 | AU54: =+AI54*(1+$M$3) -> 0 | AV54: =+AJ54*(1+$M$3) -> 0 | AW54: =+AK54*(1+$M$3) -> 0 | AX54: =+AL54*(1+$M$3) -> 0 | AY54: =+AM54*(1+$M$3) -> 0 | AZ54: =+AN54*(1+$M$3) -> 0 | BA54: =+AO54*(1+$M$3) -> 0 | BB54: =+AP54*(1+$M$3) -> 0 | ... BF54: =+AT54*(1+$M$3) -> 0 | BG54: =+AU54*(1+$N$3) -> 0 | BH54: =+AV54*(1+$N$3) -> 0 | BI54: =+AW54*(1+$N$3) -> 0 | BJ54: =+AX54*(1+$N$3) -> 0 | BK54: =+AY54*(1+$N$3) -> 0 | BL54: =+AZ54*(1+$N$3) -> 0 | BM54: =+BA54*(1+$N$3) -> 0 | BN54: =+BB54*(1+$N$3) -> 0 | ... BR54: =+BF54*(1+$N$3) -> 0
A55: =+CUC!A1489 -> 511005 | B55: =+CUC!B1489 -> SEGUROS | C55: =+CUC!C1489 -> 4427228 | D55: =+CUC!D1489 -> 4436748 | E55: =+CUC!E1489 -> 3629513 | F55: =+CUC!F1489 -> 3629594 | G55: =+CUC!G1489 -> 3640976 | H55: =+CUC!I1489 -> 5783418.7 | I55: =+SUM(K55:V55) -> 6477428.9 | J55: =+H55/12*(1+K$3) -> 539785.74 | K55: =+J55 -> 539785.74 | L55: =+K55 -> 539785.74 | M55: =+L55 -> 539785.74 | N55: =+M55 -> 539785.74 | O55: =+N55 -> 539785.74 | P55: =+O55 -> 539785.74 | Q55: =+P55 -> 539785.74 | R55: =+Q55 -> 539785.74 | ... V55: =+U55 -> 539785.74 | W55: =+K55*(1+$K$3) -> 604560.03 | X55: =+L55*(1+$K$3) -> 604560.03 | Y55: =+M55*(1+$K$3) -> 604560.03 | Z55: =+N55*(1+$K$3) -> 604560.03 | AA55: =+O55*(1+$K$3) -> 604560.03 | AB55: =+P55*(1+$K$3) -> 604560.03 | AC55: =+Q55*(1+$K$3) -> 604560.03 | AD55: =+R55*(1+$K$3) -> 604560.03 | ... AH55: =+V55*(1+$K$3) -> 604560.03 | AI55: =+W55*(1+$L$3) -> 604560.03 | AJ55: =+X55*(1+$L$3) -> 604560.03 | AK55: =+Y55*(1+$L$3) -> 604560.03 | AL55: =+Z55*(1+$L$3) -> 604560.03 | AM55: =+AA55*(1+$L$3) -> 604560.03 | AN55: =+AB55*(1+$L$3) -> 604560.03 | AO55: =+AC55*(1+$L$3) -> 604560.03 | AP55: =+AD55*(1+$L$3) -> 604560.03 | ... AT55: =+AH55*(1+$L$3) -> 604560.03 | AU55: =+AI55*(1+$M$3) -> 640833.63 | AV55: =+AJ55*(1+$M$3) -> 640833.63 | AW55: =+AK55*(1+$M$3) -> 640833.63 | AX55: =+AL55*(1+$M$3) -> 640833.63 | AY55: =+AM55*(1+$M$3) -> 640833.63 | AZ55: =+AN55*(1+$M$3) -> 640833.63 | BA55: =+AO55*(1+$M$3) -> 640833.63 | BB55: =+AP55*(1+$M$3) -> 640833.63 | ... BF55: =+AT55*(1+$M$3) -> 640833.63 | BG55: =+AU55*(1+$N$3) -> 666466.98 | BH55: =+AV55*(1+$N$3) -> 666466.98 | BI55: =+AW55*(1+$N$3) -> 666466.98 | BJ55: =+AX55*(1+$N$3) -> 666466.98 | BK55: =+AY55*(1+$N$3) -> 666466.98 | BL55: =+AZ55*(1+$N$3) -> 666466.98 | BM55: =+BA55*(1+$N$3) -> 666466.98 | BN55: =+BB55*(1+$N$3) -> 666466.98 | ... BR55: =+BF55*(1+$N$3) -> 666466.98
A56: =+CUC!A1490 -> 511006 | B56: =+CUC!B1490 -> MANTENIMIENTO Y REPARACIONES | C56: =+CUC!C1490 -> 25867028 | D56: =+CUC!D1490 -> 44613169 | E56: =+CUC!E1490 -> 26620682 | F56: =+CUC!F1490 -> 45346751 | G56: =+CUC!G1490 -> 39148275 | H56: =+CUC!I1490 -> 44541313 | I56: =+SUM(K56:V56) -> 49886271 | J56: =+H56/12*(1+K$3) -> 4157189.2 | K56: =+J56 -> 4157189.2 | L56: =+K56 -> 4157189.2 | M56: =+L56 -> 4157189.2 | N56: =+M56 -> 4157189.2 | O56: =+N56 -> 4157189.2 | P56: =+O56 -> 4157189.2 | Q56: =+P56 -> 4157189.2 | R56: =+Q56 -> 4157189.2 | ... V56: =+U56 -> 4157189.2 | W56: =+K56*(1+$K$3) -> 4656052 | X56: =+L56*(1+$K$3) -> 4656052 | Y56: =+M56*(1+$K$3) -> 4656052 | Z56: =+N56*(1+$K$3) -> 4656052 | AA56: =+O56*(1+$K$3) -> 4656052 | AB56: =+P56*(1+$K$3) -> 4656052 | AC56: =+Q56*(1+$K$3) -> 4656052 | AD56: =+R56*(1+$K$3) -> 4656052 | ... AH56: =+V56*(1+$K$3) -> 4656052 | AI56: =+W56*(1+$L$3) -> 4656052 | AJ56: =+X56*(1+$L$3) -> 4656052 | AK56: =+Y56*(1+$L$3) -> 4656052 | AL56: =+Z56*(1+$L$3) -> 4656052 | AM56: =+AA56*(1+$L$3) -> 4656052 | AN56: =+AB56*(1+$L$3) -> 4656052 | AO56: =+AC56*(1+$L$3) -> 4656052 | AP56: =+AD56*(1+$L$3) -> 4656052 | ... AT56: =+AH56*(1+$L$3) -> 4656052 | AU56: =+AI56*(1+$M$3) -> 4935415.1 | AV56: =+AJ56*(1+$M$3) -> 4935415.1 | AW56: =+AK56*(1+$M$3) -> 4935415.1 | AX56: =+AL56*(1+$M$3) -> 4935415.1 | AY56: =+AM56*(1+$M$3) -> 4935415.1 | AZ56: =+AN56*(1+$M$3) -> 4935415.1 | BA56: =+AO56*(1+$M$3) -> 4935415.1 | BB56: =+AP56*(1+$M$3) -> 4935415.1 | ... BF56: =+AT56*(1+$M$3) -> 4935415.1 | BG56: =+AU56*(1+$N$3) -> 5132831.7 | BH56: =+AV56*(1+$N$3) -> 5132831.7 | BI56: =+AW56*(1+$N$3) -> 5132831.7 | BJ56: =+AX56*(1+$N$3) -> 5132831.7 | BK56: =+AY56*(1+$N$3) -> 5132831.7 | BL56: =+AZ56*(1+$N$3) -> 5132831.7 | BM56: =+BA56*(1+$N$3) -> 5132831.7 | BN56: =+BB56*(1+$N$3) -> 5132831.7 | ... BR56: =+BF56*(1+$N$3) -> 5132831.7
A57: =+CUC!A1491 -> 511007 | B57: =+CUC!B1491 -> MEJORAS A BIENES AJENOS | C57: =+CUC!C1491 -> 0 | D57: =+CUC!D1491 -> 0 | E57: =+CUC!E1491 -> 0 | F57: =+CUC!F1491 -> 0 | G57: =+CUC!G1491 -> 0 | H57: =+CUC!I1491 -> 0 | I57: =+SUM(K57:V57) -> 0 | J57: =+H57/12*(1+K$3) -> 0 | K57: =+J57 -> 0 | L57: =+K57 -> 0 | M57: =+L57 -> 0 | N57: =+M57 -> 0 | O57: =+N57 -> 0 | P57: =+O57 -> 0 | Q57: =+P57 -> 0 | R57: =+Q57 -> 0 | ... V57: =+U57 -> 0 | W57: =+K57*(1+$K$3) -> 0 | X57: =+L57*(1+$K$3) -> 0 | Y57: =+M57*(1+$K$3) -> 0 | Z57: =+N57*(1+$K$3) -> 0 | AA57: =+O57*(1+$K$3) -> 0 | AB57: =+P57*(1+$K$3) -> 0 | AC57: =+Q57*(1+$K$3) -> 0 | AD57: =+R57*(1+$K$3) -> 0 | ... AH57: =+V57*(1+$K$3) -> 0 | AI57: =+W57*(1+$L$3) -> 0 | AJ57: =+X57*(1+$L$3) -> 0 | AK57: =+Y57*(1+$L$3) -> 0 | AL57: =+Z57*(1+$L$3) -> 0 | AM57: =+AA57*(1+$L$3) -> 0 | AN57: =+AB57*(1+$L$3) -> 0 | AO57: =+AC57*(1+$L$3) -> 0 | AP57: =+AD57*(1+$L$3) -> 0 | ... AT57: =+AH57*(1+$L$3) -> 0 | AU57: =+AI57*(1+$M$3) -> 0 | AV57: =+AJ57*(1+$M$3) -> 0 | AW57: =+AK57*(1+$M$3) -> 0 | AX57: =+AL57*(1+$M$3) -> 0 | AY57: =+AM57*(1+$M$3) -> 0 | AZ57: =+AN57*(1+$M$3) -> 0 | BA57: =+AO57*(1+$M$3) -> 0 | BB57: =+AP57*(1+$M$3) -> 0 | ... BF57: =+AT57*(1+$M$3) -> 0 | BG57: =+AU57*(1+$N$3) -> 0 | BH57: =+AV57*(1+$N$3) -> 0 | BI57: =+AW57*(1+$N$3) -> 0 | BJ57: =+AX57*(1+$N$3) -> 0 | BK57: =+AY57*(1+$N$3) -> 0 | BL57: =+AZ57*(1+$N$3) -> 0 | BM57: =+BA57*(1+$N$3) -> 0 | BN57: =+BB57*(1+$N$3) -> 0 | ... BR57: =+BF57*(1+$N$3) -> 0
A58: =+CUC!A1492 -> 511008 | B58: =+CUC!B1492 -> CUOTAS DE ADMINISTRACION | C58: =+CUC!C1492 -> 0 | D58: =+CUC!D1492 -> 0 | E58: =+CUC!E1492 -> 0 | F58: =+CUC!F1492 -> 0 | G58: =+CUC!G1492 -> 0 | H58: =+CUC!I1492 -> 0 | I58: =+SUM(K58:V58) -> 0 | J58: =+H58/12*(1+K$3) -> 0 | K58: =+J58 -> 0 | L58: =+K58 -> 0 | M58: =+L58 -> 0 | N58: =+M58 -> 0 | O58: =+N58 -> 0 | P58: =+O58 -> 0 | Q58: =+P58 -> 0 | R58: =+Q58 -> 0 | ... V58: =+U58 -> 0 | W58: =+K58*(1+$K$3) -> 0 | X58: =+L58*(1+$K$3) -> 0 | Y58: =+M58*(1+$K$3) -> 0 | Z58: =+N58*(1+$K$3) -> 0 | AA58: =+O58*(1+$K$3) -> 0 | AB58: =+P58*(1+$K$3) -> 0 | AC58: =+Q58*(1+$K$3) -> 0 | AD58: =+R58*(1+$K$3) -> 0 | ... AH58: =+V58*(1+$K$3) -> 0 | AI58: =+W58*(1+$L$3) -> 0 | AJ58: =+X58*(1+$L$3) -> 0 | AK58: =+Y58*(1+$L$3) -> 0 | AL58: =+Z58*(1+$L$3) -> 0 | AM58: =+AA58*(1+$L$3) -> 0 | AN58: =+AB58*(1+$L$3) -> 0 | AO58: =+AC58*(1+$L$3) -> 0 | AP58: =+AD58*(1+$L$3) -> 0 | ... AT58: =+AH58*(1+$L$3) -> 0 | AU58: =+AI58*(1+$M$3) -> 0 | AV58: =+AJ58*(1+$M$3) -> 0 | AW58: =+AK58*(1+$M$3) -> 0 | AX58: =+AL58*(1+$M$3) -> 0 | AY58: =+AM58*(1+$M$3) -> 0 | AZ58: =+AN58*(1+$M$3) -> 0 | BA58: =+AO58*(1+$M$3) -> 0 | BB58: =+AP58*(1+$M$3) -> 0 | ... BF58: =+AT58*(1+$M$3) -> 0 | BG58: =+AU58*(1+$N$3) -> 0 | BH58: =+AV58*(1+$N$3) -> 0 | BI58: =+AW58*(1+$N$3) -> 0 | BJ58: =+AX58*(1+$N$3) -> 0 | BK58: =+AY58*(1+$N$3) -> 0 | BL58: =+AZ58*(1+$N$3) -> 0 | BM58: =+BA58*(1+$N$3) -> 0 | BN58: =+BB58*(1+$N$3) -> 0 | ... BR58: =+BF58*(1+$N$3) -> 0
A59: =+CUC!A1493 -> 511009 | B59: =+CUC!B1493 -> REPARACIONES LOCATIVAS | C59: =+CUC!C1493 -> 0 | D59: =+CUC!D1493 -> 0 | E59: =+CUC!E1493 -> 0 | F59: =+CUC!F1493 -> 0 | G59: =+CUC!G1493 -> 0 | H59: =+CUC!I1493 -> 0 | I59: =+SUM(K59:V59) -> 0 | J59: =+H59/12*(1+K$3) -> 0 | K59: =+J59 -> 0 | L59: =+K59 -> 0 | M59: =+L59 -> 0 | N59: =+M59 -> 0 | O59: =+N59 -> 0 | P59: =+O59 -> 0 | Q59: =+P59 -> 0 | R59: =+Q59 -> 0 | ... V59: =+U59 -> 0 | W59: =+K59*(1+$K$3) -> 0 | X59: =+L59*(1+$K$3) -> 0 | Y59: =+M59*(1+$K$3) -> 0 | Z59: =+N59*(1+$K$3) -> 0 | AA59: =+O59*(1+$K$3) -> 0 | AB59: =+P59*(1+$K$3) -> 0 | AC59: =+Q59*(1+$K$3) -> 0 | AD59: =+R59*(1+$K$3) -> 0 | ... AH59: =+V59*(1+$K$3) -> 0 | AI59: =+W59*(1+$L$3) -> 0 | AJ59: =+X59*(1+$L$3) -> 0 | AK59: =+Y59*(1+$L$3) -> 0 | AL59: =+Z59*(1+$L$3) -> 0 | AM59: =+AA59*(1+$L$3) -> 0 | AN59: =+AB59*(1+$L$3) -> 0 | AO59: =+AC59*(1+$L$3) -> 0 | AP59: =+AD59*(1+$L$3) -> 0 | ... AT59: =+AH59*(1+$L$3) -> 0 | AU59: =+AI59*(1+$M$3) -> 0 | AV59: =+AJ59*(1+$M$3) -> 0 | AW59: =+AK59*(1+$M$3) -> 0 | AX59: =+AL59*(1+$M$3) -> 0 | AY59: =+AM59*(1+$M$3) -> 0 | AZ59: =+AN59*(1+$M$3) -> 0 | BA59: =+AO59*(1+$M$3) -> 0 | BB59: =+AP59*(1+$M$3) -> 0 | ... BF59: =+AT59*(1+$M$3) -> 0 | BG59: =+AU59*(1+$N$3) -> 0 | BH59: =+AV59*(1+$N$3) -> 0 | BI59: =+AW59*(1+$N$3) -> 0 | BJ59: =+AX59*(1+$N$3) -> 0 | BK59: =+AY59*(1+$N$3) -> 0 | BL59: =+AZ59*(1+$N$3) -> 0 | BM59: =+BA59*(1+$N$3) -> 0 | BN59: =+BB59*(1+$N$3) -> 0 | ... BR59: =+BF59*(1+$N$3) -> 0
A60: =+CUC!A1494 -> 511010 | B60: =+CUC!B1494 -> ASEO Y ELEMENTOS | C60: =+CUC!C1494 -> 829421 | D60: =+CUC!D1494 -> 1248600 | E60: =+CUC!E1494 -> 804027 | F60: =+CUC!F1494 -> 2467314.9 | G60: =+CUC!G1494 -> 740486 | H60: =+CUC!I1494 -> 695106.67 | I60: =+SUM(K60:V60) -> 778519.47 | J60: =+H60/12*(1+K$3) -> 64876.622 | K60: =+J60 -> 64876.622 | L60: =+K60 -> 64876.622 | M60: =+L60 -> 64876.622 | N60: =+M60 -> 64876.622 | O60: =+N60 -> 64876.622 | P60: =+O60 -> 64876.622 | Q60: =+P60 -> 64876.622 | R60: =+Q60 -> 64876.622 | ... V60: =+U60 -> 64876.622 | W60: =+K60*(1+$K$3) -> 72661.817 | X60: =+L60*(1+$K$3) -> 72661.817 | Y60: =+M60*(1+$K$3) -> 72661.817 | Z60: =+N60*(1+$K$3) -> 72661.817 | AA60: =+O60*(1+$K$3) -> 72661.817 | AB60: =+P60*(1+$K$3) -> 72661.817 | AC60: =+Q60*(1+$K$3) -> 72661.817 | AD60: =+R60*(1+$K$3) -> 72661.817 | ... AH60: =+V60*(1+$K$3) -> 72661.817 | AI60: =+W60*(1+$L$3) -> 72661.817 | AJ60: =+X60*(1+$L$3) -> 72661.817 | AK60: =+Y60*(1+$L$3) -> 72661.817 | AL60: =+Z60*(1+$L$3) -> 72661.817 | AM60: =+AA60*(1+$L$3) -> 72661.817 | AN60: =+AB60*(1+$L$3) -> 72661.817 | AO60: =+AC60*(1+$L$3) -> 72661.817 | AP60: =+AD60*(1+$L$3) -> 72661.817 | ... AT60: =+AH60*(1+$L$3) -> 72661.817 | AU60: =+AI60*(1+$M$3) -> 77021.526 | AV60: =+AJ60*(1+$M$3) -> 77021.526 | AW60: =+AK60*(1+$M$3) -> 77021.526 | AX60: =+AL60*(1+$M$3) -> 77021.526 | AY60: =+AM60*(1+$M$3) -> 77021.526 | AZ60: =+AN60*(1+$M$3) -> 77021.526 | BA60: =+AO60*(1+$M$3) -> 77021.526 | BB60: =+AP60*(1+$M$3) -> 77021.526 | ... BF60: =+AT60*(1+$M$3) -> 77021.526 | BG60: =+AU60*(1+$N$3) -> 80102.387 | BH60: =+AV60*(1+$N$3) -> 80102.387 | BI60: =+AW60*(1+$N$3) -> 80102.387 | BJ60: =+AX60*(1+$N$3) -> 80102.387 | BK60: =+AY60*(1+$N$3) -> 80102.387 | BL60: =+AZ60*(1+$N$3) -> 80102.387 | BM60: =+BA60*(1+$N$3) -> 80102.387 | BN60: =+BB60*(1+$N$3) -> 80102.387 | ... BR60: =+BF60*(1+$N$3) -> 80102.387
A61: =+CUC!A1495 -> 511011 | B61: =+CUC!B1495 -> CAFETERIA | C61: =+CUC!C1495 -> 416483 | D61: =+CUC!D1495 -> 306634 | E61: =+CUC!E1495 -> 203200 | F61: =+CUC!F1495 -> 224157 | G61: =+CUC!G1495 -> 227198 | H61: =+CUC!I1495 -> 762943.88 | I61: =+SUM(K61:V61) -> 854497.15 | J61: =+H61/12*(1+K$3) -> 71208.095 | K61: =+J61 -> 71208.095 | L61: =+K61 -> 71208.095 | M61: =+L61 -> 71208.095 | N61: =+M61 -> 71208.095 | O61: =+N61 -> 71208.095 | P61: =+O61 -> 71208.095 | Q61: =+P61 -> 71208.095 | R61: =+Q61 -> 71208.095 | ... V61: =+U61 -> 71208.095 | W61: =+K61*(1+$K$3) -> 79753.067 | X61: =+L61*(1+$K$3) -> 79753.067 | Y61: =+M61*(1+$K$3) -> 79753.067 | Z61: =+N61*(1+$K$3) -> 79753.067 | AA61: =+O61*(1+$K$3) -> 79753.067 | AB61: =+P61*(1+$K$3) -> 79753.067 | AC61: =+Q61*(1+$K$3) -> 79753.067 | AD61: =+R61*(1+$K$3) -> 79753.067 | ... AH61: =+V61*(1+$K$3) -> 79753.067 | AI61: =+W61*(1+$L$3) -> 79753.067 | AJ61: =+X61*(1+$L$3) -> 79753.067 | AK61: =+Y61*(1+$L$3) -> 79753.067 | AL61: =+Z61*(1+$L$3) -> 79753.067 | AM61: =+AA61*(1+$L$3) -> 79753.067 | AN61: =+AB61*(1+$L$3) -> 79753.067 | AO61: =+AC61*(1+$L$3) -> 79753.067 | AP61: =+AD61*(1+$L$3) -> 79753.067 | ... AT61: =+AH61*(1+$L$3) -> 79753.067 | AU61: =+AI61*(1+$M$3) -> 84538.251 | AV61: =+AJ61*(1+$M$3) -> 84538.251 | AW61: =+AK61*(1+$M$3) -> 84538.251 | AX61: =+AL61*(1+$M$3) -> 84538.251 | AY61: =+AM61*(1+$M$3) -> 84538.251 | AZ61: =+AN61*(1+$M$3) -> 84538.251 | BA61: =+AO61*(1+$M$3) -> 84538.251 | BB61: =+AP61*(1+$M$3) -> 84538.251 | ... BF61: =+AT61*(1+$M$3) -> 84538.251 | BG61: =+AU61*(1+$N$3) -> 87919.781 | BH61: =+AV61*(1+$N$3) -> 87919.781 | BI61: =+AW61*(1+$N$3) -> 87919.781 | BJ61: =+AX61*(1+$N$3) -> 87919.781 | BK61: =+AY61*(1+$N$3) -> 87919.781 | BL61: =+AZ61*(1+$N$3) -> 87919.781 | BM61: =+BA61*(1+$N$3) -> 87919.781 | BN61: =+BB61*(1+$N$3) -> 87919.781 | ... BR61: =+BF61*(1+$N$3) -> 87919.781
A62: =+CUC!A1496 -> 511012 | B62: =+CUC!B1496 -> SERVICIOS PUBLICOS | C62: =+CUC!C1496 -> 723850 | D62: =+CUC!D1496 -> 712766 | E62: =+CUC!E1496 -> 3262211 | F62: =+CUC!F1496 -> 2726363 | G62: =+CUC!G1496 -> 2592363 | H62: =+CUC!I1496 -> 2467886.7 | I62: =+SUM(K62:V62) -> 2764033.1 | J62: =+H62/12*(1+K$3) -> 230336.09 | K62: =+J62 -> 230336.09 | L62: =+K62 -> 230336.09 | M62: =+L62 -> 230336.09 | N62: =+M62 -> 230336.09 | O62: =+N62 -> 230336.09 | P62: =+O62 -> 230336.09 | Q62: =+P62 -> 230336.09 | R62: =+Q62 -> 230336.09 | ... V62: =+U62 -> 230336.09 | W62: =+K62*(1+$K$3) -> 257976.42 | X62: =+L62*(1+$K$3) -> 257976.42 | Y62: =+M62*(1+$K$3) -> 257976.42 | Z62: =+N62*(1+$K$3) -> 257976.42 | AA62: =+O62*(1+$K$3) -> 257976.42 | AB62: =+P62*(1+$K$3) -> 257976.42 | AC62: =+Q62*(1+$K$3) -> 257976.42 | AD62: =+R62*(1+$K$3) -> 257976.42 | ... AH62: =+V62*(1+$K$3) -> 257976.42 | AI62: =+W62*(1+$L$3) -> 257976.42 | AJ62: =+X62*(1+$L$3) -> 257976.42 | AK62: =+Y62*(1+$L$3) -> 257976.42 | AL62: =+Z62*(1+$L$3) -> 257976.42 | AM62: =+AA62*(1+$L$3) -> 257976.42 | AN62: =+AB62*(1+$L$3) -> 257976.42 | AO62: =+AC62*(1+$L$3) -> 257976.42 | AP62: =+AD62*(1+$L$3) -> 257976.42 | ... AT62: =+AH62*(1+$L$3) -> 257976.42 | AU62: =+AI62*(1+$M$3) -> 273455 | AV62: =+AJ62*(1+$M$3) -> 273455 | AW62: =+AK62*(1+$M$3) -> 273455 | AX62: =+AL62*(1+$M$3) -> 273455 | AY62: =+AM62*(1+$M$3) -> 273455 | AZ62: =+AN62*(1+$M$3) -> 273455 | BA62: =+AO62*(1+$M$3) -> 273455 | BB62: =+AP62*(1+$M$3) -> 273455 | ... BF62: =+AT62*(1+$M$3) -> 273455 | BG62: =+AU62*(1+$N$3) -> 284393.2 | BH62: =+AV62*(1+$N$3) -> 284393.2 | BI62: =+AW62*(1+$N$3) -> 284393.2 | BJ62: =+AX62*(1+$N$3) -> 284393.2 | BK62: =+AY62*(1+$N$3) -> 284393.2 | BL62: =+AZ62*(1+$N$3) -> 284393.2 | BM62: =+BA62*(1+$N$3) -> 284393.2 | BN62: =+BB62*(1+$N$3) -> 284393.2 | ... BR62: =+BF62*(1+$N$3) -> 284393.2
... A69: =+CUC!A1503 -> 511019 | B69: =+CUC!B1503 -> CONTRIBUCIONES Y AFILIACIONES | C69: =+CUC!C1503 -> 3180800 | D69: =+CUC!D1503 -> 3459800 | E69: =+CUC!E1503 -> 3943418 | F69: =+CUC!F1503 -> 4224988 | G69: =+CUC!G1503 -> 4827540 | H69: =+CUC!I1503 -> 7789581.3 | I69: =+SUM(K69:V69) -> 8724331.1 | J69: =+H69/12*(1+K$3) -> 727027.59 | K69: =+J69 -> 727027.59 | L69: =+K69 -> 727027.59 | M69: =+L69 -> 727027.59 | N69: =+M69 -> 727027.59 | O69: =+N69 -> 727027.59 | P69: =+O69 -> 727027.59 | Q69: =+P69 -> 727027.59 | R69: =+Q69 -> 727027.59 | ... V69: =+U69 -> 727027.59 | W69: =+K69*(1+$K$3) -> 814270.9 | X69: =+L69*(1+$K$3) -> 814270.9 | Y69: =+M69*(1+$K$3) -> 814270.9 | Z69: =+N69*(1+$K$3) -> 814270.9 | AA69: =+O69*(1+$K$3) -> 814270.9 | AB69: =+P69*(1+$K$3) -> 814270.9 | AC69: =+Q69*(1+$K$3) -> 814270.9 | AD69: =+R69*(1+$K$3) -> 814270.9 | ... AH69: =+V69*(1+$K$3) -> 814270.9 | AI69: =+W69*(1+$L$3) -> 814270.9 | AJ69: =+X69*(1+$L$3) -> 814270.9 | AK69: =+Y69*(1+$L$3) -> 814270.9 | AL69: =+Z69*(1+$L$3) -> 814270.9 | AM69: =+AA69*(1+$L$3) -> 814270.9 | AN69: =+AB69*(1+$L$3) -> 814270.9 | AO69: =+AC69*(1+$L$3) -> 814270.9 | AP69: =+AD69*(1+$L$3) -> 814270.9 | ... AT69: =+AH69*(1+$L$3) -> 814270.9 | AU69: =+AI69*(1+$M$3) -> 863127.16 | AV69: =+AJ69*(1+$M$3) -> 863127.16 | AW69: =+AK69*(1+$M$3) -> 863127.16 | AX69: =+AL69*(1+$M$3) -> 863127.16 | AY69: =+AM69*(1+$M$3) -> 863127.16 | AZ69: =+AN69*(1+$M$3) -> 863127.16 | BA69: =+AO69*(1+$M$3) -> 863127.16 | BB69: =+AP69*(1+$M$3) -> 863127.16 | ... BF69: =+AT69*(1+$M$3) -> 863127.16 | BG69: =+AU69*(1+$N$3) -> 897652.24 | BH69: =+AV69*(1+$N$3) -> 897652.24 | BI69: =+AW69*(1+$N$3) -> 897652.24 | BJ69: =+AX69*(1+$N$3) -> 897652.24 | BK69: =+AY69*(1+$N$3) -> 897652.24 | BL69: =+AZ69*(1+$N$3) -> 897652.24 | BM69: =+BA69*(1+$N$3) -> 897652.24 | BN69: =+BB69*(1+$N$3) -> 897652.24 | ... BR69: =+BF69*(1+$N$3) -> 897652.24
A70: =+CUC!A1504 -> 511020 | B70: =+CUC!B1504 -> GASTOS DE ASAMBLEA | C70: =+CUC!C1504 -> 5748300 | D70: =+CUC!D1504 -> 4584845 | E70: =+CUC!E1504 -> 5053700 | F70: =+CUC!F1504 -> 4577000 | G70: =+CUC!G1504 -> 6725093 | H70: =+CUC!I1504 -> 9792333.3 | I70: =+SUM(K70:V70) -> 15000000 | J70: =+H70/12*(1+K$3) -> 913951.11 | K70: 0 | L70: =+K70 -> 0 | M70: 15000000 | N70: 0 | O70: =+N70 -> 0 | P70: 0 | Q70: =+P70 -> 0 | R70: 0 | S70: =+R70 -> 0 | T70: 0 | U70: =+T70 -> 0 | V70: =+U70 -> 0 | W70: =+V70 -> 0 | X70: =+W70 -> 0 | Y70: =+X70 -> 0 | Z70: =+Y70 -> 0 | AA70: =+Z70 -> 0 | AB70: =+AA70 -> 0 | AC70: =+AB70 -> 0 | AD70: =+R70*(1+$K$3) -> 0 | AE70: =+S70*(1+$K$3) -> 0 | AF70: =+T70*(1+$K$3) -> 0 | AG70: =+U70*(1+$K$3) -> 0 | AH70: =+V70*(1+$K$3) -> 0 | AI70: =+W70*(1+$L$3) -> 0 | AJ70: =+X70*(1+$L$3) -> 0 | AK70: =+Y70*(1+$L$3) -> 0 | AL70: =+Z70*(1+$L$3) -> 0 | AM70: =+AA70*(1+$L$3) -> 0 | AN70: =+AB70*(1+$L$3) -> 0 | AO70: =+AC70*(1+$L$3) -> 0 | AP70: =+AD70*(1+$L$3) -> 0 | ... AT70: =+AH70*(1+$L$3) -> 0 | AU70: =+AI70*(1+$M$3) -> 0 | AV70: =+AJ70*(1+$M$3) -> 0 | AW70: =+AK70*(1+$M$3) -> 0 | AX70: =+AL70*(1+$M$3) -> 0 | AY70: =+AM70*(1+$M$3) -> 0 | AZ70: =+AN70*(1+$M$3) -> 0 | BA70: =+AO70*(1+$M$3) -> 0 | BB70: =+AP70*(1+$M$3) -> 0 | ... BF70: =+AT70*(1+$M$3) -> 0 | BG70: =+AU70*(1+$N$3) -> 0 | BH70: =+AV70*(1+$N$3) -> 0 | BI70: =+AW70*(1+$N$3) -> 0 | BJ70: =+AX70*(1+$N$3) -> 0 | BK70: =+AY70*(1+$N$3) -> 0 | BL70: =+AZ70*(1+$N$3) -> 0 | BM70: =+BA70*(1+$N$3) -> 0 | BN70: =+BB70*(1+$N$3) -> 0 | ... BR70: =+BF70*(1+$N$3) -> 0
A71: =+CUC!A1505 -> 511021 | B71: =+CUC!B1505 -> GASTOS DE DIRECTIVOS | C71: =+CUC!C1505 -> 14398645 | D71: =+CUC!D1505 -> 12629176 | E71: =+CUC!E1505 -> 15609800 | F71: =+CUC!F1505 -> 13065000 | G71: =+CUC!G1505 -> 20598200 | H71: =+CUC!I1505 -> 15044800 | I71: =+SUM(K71:V71) -> 16850176 | J71: =+H71/12*(1+K$3) -> 1404181.3 | K71: =+J71 -> 1404181.3 | L71: =+K71 -> 1404181.3 | M71: =+L71 -> 1404181.3 | N71: =+M71 -> 1404181.3 | O71: =+N71 -> 1404181.3 | P71: =+O71 -> 1404181.3 | Q71: =+P71 -> 1404181.3 | R71: =+Q71 -> 1404181.3 | ... V71: =+U71 -> 1404181.3 | W71: =+K71*(1+$K$3) -> 1572683.1 | X71: =+L71*(1+$K$3) -> 1572683.1 | Y71: =+M71*(1+$K$3) -> 1572683.1 | Z71: =+N71*(1+$K$3) -> 1572683.1 | AA71: =+O71*(1+$K$3) -> 1572683.1 | AB71: =+P71*(1+$K$3) -> 1572683.1 | AC71: =+Q71*(1+$K$3) -> 1572683.1 | AD71: =+R71*(1+$K$3) -> 1572683.1 | ... AH71: =+V71*(1+$K$3) -> 1572683.1 | AI71: =+W71*(1+$L$3) -> 1572683.1 | AJ71: =+X71*(1+$L$3) -> 1572683.1 | AK71: =+Y71*(1+$L$3) -> 1572683.1 | AL71: =+Z71*(1+$L$3) -> 1572683.1 | AM71: =+AA71*(1+$L$3) -> 1572683.1 | AN71: =+AB71*(1+$L$3) -> 1572683.1 | AO71: =+AC71*(1+$L$3) -> 1572683.1 | AP71: =+AD71*(1+$L$3) -> 1572683.1 | ... AT71: =+AH71*(1+$L$3) -> 1572683.1 | AU71: =+AI71*(1+$M$3) -> 1667044.1 | AV71: =+AJ71*(1+$M$3) -> 1667044.1 | AW71: =+AK71*(1+$M$3) -> 1667044.1 | AX71: =+AL71*(1+$M$3) -> 1667044.1 | AY71: =+AM71*(1+$M$3) -> 1667044.1 | AZ71: =+AN71*(1+$M$3) -> 1667044.1 | BA71: =+AO71*(1+$M$3) -> 1667044.1 | BB71: =+AP71*(1+$M$3) -> 1667044.1 | ... BF71: =+AT71*(1+$M$3) -> 1667044.1 | BG71: =+AU71*(1+$N$3) -> 1733725.8 | BH71: =+AV71*(1+$N$3) -> 1733725.8 | BI71: =+AW71*(1+$N$3) -> 1733725.8 | BJ71: =+AX71*(1+$N$3) -> 1733725.8 | BK71: =+AY71*(1+$N$3) -> 1733725.8 | BL71: =+AZ71*(1+$N$3) -> 1733725.8 | BM71: =+BA71*(1+$N$3) -> 1733725.8 | BN71: =+BB71*(1+$N$3) -> 1733725.8 | ... BR71: =+BF71*(1+$N$3) -> 1733725.8
A72: =+CUC!A1506 -> 511022 | B72: =+CUC!B1506 -> GASTOS DE COMITES | C72: =+CUC!C1506 -> 0 | D72: =+CUC!D1506 -> 0 | E72: =+CUC!E1506 -> 0 | F72: =+CUC!F1506 -> 0 | G72: =+CUC!G1506 -> 0 | H72: =+CUC!I1506 -> 0 | I72: =+SUM(K72:V72) -> 0 | J72: =+H72/12*(1+K$3) -> 0 | K72: 0 | L72: =+K72 -> 0 | M72: =+L72 -> 0 | N72: =+M72 -> 0 | O72: =+N72 -> 0 | P72: =+O72 -> 0 | Q72: =+P72 -> 0 | R72: =+Q72 -> 0 | S72: =+R72 -> 0 | T72: =+J72*12 -> 0 | U72: 0 | V72: =+U72 -> 0 | W72: =+K72*(1+$K$3) -> 0 | X72: =+L72*(1+$K$3) -> 0 | Y72: =+M72*(1+$K$3) -> 0 | Z72: =+N72*(1+$K$3) -> 0 | AA72: =+O72*(1+$K$3) -> 0 | AB72: =+P72*(1+$K$3) -> 0 | AC72: =+Q72*(1+$K$3) -> 0 | AD72: =+R72*(1+$K$3) -> 0 | ... AH72: =+V72*(1+$K$3) -> 0 | AI72: =+W72*(1+$L$3) -> 0 | AJ72: =+X72*(1+$L$3) -> 0 | AK72: =+Y72*(1+$L$3) -> 0 | AL72: =+Z72*(1+$L$3) -> 0 | AM72: =+AA72*(1+$L$3) -> 0 | AN72: =+AB72*(1+$L$3) -> 0 | AO72: =+AC72*(1+$L$3) -> 0 | AP72: =+AD72*(1+$L$3) -> 0 | ... AT72: =+AH72*(1+$L$3) -> 0 | AU72: =+AI72*(1+$M$3) -> 0 | AV72: =+AJ72*(1+$M$3) -> 0 | AW72: =+AK72*(1+$M$3) -> 0 | AX72: =+AL72*(1+$M$3) -> 0 | AY72: =+AM72*(1+$M$3) -> 0 | AZ72: =+AN72*(1+$M$3) -> 0 | BA72: =+AO72*(1+$M$3) -> 0 | BB72: =+AP72*(1+$M$3) -> 0 | ... BF72: =+AT72*(1+$M$3) -> 0 | BG72: =+AU72*(1+$N$3) -> 0 | BH72: =+AV72*(1+$N$3) -> 0 | BI72: =+AW72*(1+$N$3) -> 0 | BJ72: =+AX72*(1+$N$3) -> 0 | BK72: =+AY72*(1+$N$3) -> 0 | BL72: =+AZ72*(1+$N$3) -> 0 | BM72: =+BA72*(1+$N$3) -> 0 | BN72: =+BB72*(1+$N$3) -> 0 | ... BR72: =+BF72*(1+$N$3) -> 0
A73: =+CUC!A1507 -> 511023 | B73: =+CUC!B1507 -> REUNIONES Y CONFERENCIAS | C73: =+CUC!C1507 -> 5000000 | D73: =+CUC!D1507 -> 7089590 | E73: =+CUC!E1507 -> 11748830 | F73: =+CUC!F1507 -> 0 | G73: =+CUC!G1507 -> 821100 | H73: =+CUC!I1507 -> 17343800 | I73: =+SUM(K73:V73) -> 19425056 | J73: =+H73/12*(1+K$3) -> 1618754.7 | K73: =+J73 -> 1618754.7 | L73: =+K73 -> 1618754.7 | M73: =+L73 -> 1618754.7 | N73: =+M73 -> 1618754.7 | O73: =+N73 -> 1618754.7 | P73: =+O73 -> 1618754.7 | Q73: =+P73 -> 1618754.7 | R73: =+Q73 -> 1618754.7 | ... V73: =+U73 -> 1618754.7 | W73: =+K73*(1+$K$3) -> 1813005.2 | X73: =+L73*(1+$K$3) -> 1813005.2 | Y73: =+M73*(1+$K$3) -> 1813005.2 | Z73: =+N73*(1+$K$3) -> 1813005.2 | AA73: =+O73*(1+$K$3) -> 1813005.2 | AB73: =+P73*(1+$K$3) -> 1813005.2 | AC73: =+Q73*(1+$K$3) -> 1813005.2 | AD73: =+R73*(1+$K$3) -> 1813005.2 | ... AH73: =+V73*(1+$K$3) -> 1813005.2 | AI73: =+W73*(1+$L$3) -> 1813005.2 | AJ73: =+X73*(1+$L$3) -> 1813005.2 | AK73: =+Y73*(1+$L$3) -> 1813005.2 | AL73: =+Z73*(1+$L$3) -> 1813005.2 | AM73: =+AA73*(1+$L$3) -> 1813005.2 | AN73: =+AB73*(1+$L$3) -> 1813005.2 | AO73: =+AC73*(1+$L$3) -> 1813005.2 | AP73: =+AD73*(1+$L$3) -> 1813005.2 | ... AT73: =+AH73*(1+$L$3) -> 1813005.2 | AU73: =+AI73*(1+$M$3) -> 1921785.5 | AV73: =+AJ73*(1+$M$3) -> 1921785.5 | AW73: =+AK73*(1+$M$3) -> 1921785.5 | AX73: =+AL73*(1+$M$3) -> 1921785.5 | AY73: =+AM73*(1+$M$3) -> 1921785.5 | AZ73: =+AN73*(1+$M$3) -> 1921785.5 | BA73: =+AO73*(1+$M$3) -> 1921785.5 | BB73: =+AP73*(1+$M$3) -> 1921785.5 | ... BF73: =+AT73*(1+$M$3) -> 1921785.5 | BG73: =+AU73*(1+$N$3) -> 1998657 | BH73: =+AV73*(1+$N$3) -> 1998657 | BI73: =+AW73*(1+$N$3) -> 1998657 | BJ73: =+AX73*(1+$N$3) -> 1998657 | BK73: =+AY73*(1+$N$3) -> 1998657 | BL73: =+AZ73*(1+$N$3) -> 1998657 | BM73: =+BA73*(1+$N$3) -> 1998657 | BN73: =+BB73*(1+$N$3) -> 1998657 | ... BR73: =+BF73*(1+$N$3) -> 1998657
A74: =+CUC!A1508 -> 511024 | B74: =+CUC!B1508 -> GASTOS LEGALES | C74: =+CUC!C1508 -> 7995783 | D74: =+CUC!D1508 -> 2163732 | E74: =+CUC!E1508 -> 2397856 | F74: =+CUC!F1508 -> 3514526 | G74: =+CUC!G1508 -> 4279636 | H74: =+CUC!I1508 -> 5310448 | I74: =+SUM(K74:V74) -> 5947701.8 | J74: =+H74/12*(1+K$3) -> 495641.81 | K74: =+J74 -> 495641.81 | L74: =+K74 -> 495641.81 | M74: =+L74 -> 495641.81 | N74: =+M74 -> 495641.81 | O74: =+N74 -> 495641.81 | P74: =+O74 -> 495641.81 | Q74: =+P74 -> 495641.81 | R74: =+Q74 -> 495641.81 | ... V74: =+U74 -> 495641.81 | W74: =+K74*(1+$K$3) -> 555118.83 | X74: =+L74*(1+$K$3) -> 555118.83 | Y74: =+M74*(1+$K$3) -> 555118.83 | Z74: =+N74*(1+$K$3) -> 555118.83 | AA74: =+O74*(1+$K$3) -> 555118.83 | AB74: =+P74*(1+$K$3) -> 555118.83 | AC74: =+Q74*(1+$K$3) -> 555118.83 | AD74: =+R74*(1+$K$3) -> 555118.83 | ... AH74: =+V74*(1+$K$3) -> 555118.83 | AI74: =+W74*(1+$L$3) -> 555118.83 | AJ74: =+X74*(1+$L$3) -> 555118.83 | AK74: =+Y74*(1+$L$3) -> 555118.83 | AL74: =+Z74*(1+$L$3) -> 555118.83 | AM74: =+AA74*(1+$L$3) -> 555118.83 | AN74: =+AB74*(1+$L$3) -> 555118.83 | AO74: =+AC74*(1+$L$3) -> 555118.83 | AP74: =+AD74*(1+$L$3) -> 555118.83 | ... AT74: =+AH74*(1+$L$3) -> 555118.83 | AU74: =+AI74*(1+$M$3) -> 588425.96 | AV74: =+AJ74*(1+$M$3) -> 588425.96 | AW74: =+AK74*(1+$M$3) -> 588425.96 | AX74: =+AL74*(1+$M$3) -> 588425.96 | AY74: =+AM74*(1+$M$3) -> 588425.96 | AZ74: =+AN74*(1+$M$3) -> 588425.96 | BA74: =+AO74*(1+$M$3) -> 588425.96 | BB74: =+AP74*(1+$M$3) -> 588425.96 | ... BF74: =+AT74*(1+$M$3) -> 588425.96 | BG74: =+AU74*(1+$N$3) -> 611963 | BH74: =+AV74*(1+$N$3) -> 611963 | BI74: =+AW74*(1+$N$3) -> 611963 | BJ74: =+AX74*(1+$N$3) -> 611963 | BK74: =+AY74*(1+$N$3) -> 611963 | BL74: =+AZ74*(1+$N$3) -> 611963 | BM74: =+BA74*(1+$N$3) -> 611963 | BN74: =+BB74*(1+$N$3) -> 611963 | ... BR74: =+BF74*(1+$N$3) -> 611963
A75: =+CUC!A1509 -> 511025 | B75: =+CUC!B1509 -> INFORMACION COMERCIAL | C75: =+CUC!C1509 -> 0 | D75: =+CUC!D1509 -> 0 | E75: =+CUC!E1509 -> 0 | F75: =+CUC!F1509 -> 0 | G75: =+CUC!G1509 -> 0 | H75: =+CUC!I1509 -> 0 | I75: =+SUM(K75:V75) -> 0 | J75: =+H75/12*(1+K$3) -> 0 | K75: =+J75 -> 0 | L75: =+K75 -> 0 | M75: =+L75 -> 0 | N75: =+M75 -> 0 | O75: =+N75 -> 0 | P75: =+O75 -> 0 | Q75: =+P75 -> 0 | R75: =+Q75 -> 0 | ... V75: =+U75 -> 0 | W75: =+K75*(1+$K$3) -> 0 | X75: =+L75*(1+$K$3) -> 0 | Y75: =+M75*(1+$K$3) -> 0 | Z75: =+N75*(1+$K$3) -> 0 | AA75: =+O75*(1+$K$3) -> 0 | AB75: =+P75*(1+$K$3) -> 0 | AC75: =+Q75*(1+$K$3) -> 0 | AD75: =+R75*(1+$K$3) -> 0 | ... AH75: =+V75*(1+$K$3) -> 0 | AI75: =+W75*(1+$L$3) -> 0 | AJ75: =+X75*(1+$L$3) -> 0 | AK75: =+Y75*(1+$L$3) -> 0 | AL75: =+Z75*(1+$L$3) -> 0 | AM75: =+AA75*(1+$L$3) -> 0 | AN75: =+AB75*(1+$L$3) -> 0 | AO75: =+AC75*(1+$L$3) -> 0 | AP75: =+AD75*(1+$L$3) -> 0 | ... AT75: =+AH75*(1+$L$3) -> 0 | AU75: =+AI75*(1+$M$3) -> 0 | AV75: =+AJ75*(1+$M$3) -> 0 | AW75: =+AK75*(1+$M$3) -> 0 | AX75: =+AL75*(1+$M$3) -> 0 | AY75: =+AM75*(1+$M$3) -> 0 | AZ75: =+AN75*(1+$M$3) -> 0 | BA75: =+AO75*(1+$M$3) -> 0 | BB75: =+AP75*(1+$M$3) -> 0 | ... BF75: =+AT75*(1+$M$3) -> 0 | BG75: =+AU75*(1+$N$3) -> 0 | BH75: =+AV75*(1+$N$3) -> 0 | BI75: =+AW75*(1+$N$3) -> 0 | BJ75: =+AX75*(1+$N$3) -> 0 | BK75: =+AY75*(1+$N$3) -> 0 | BL75: =+AZ75*(1+$N$3) -> 0 | BM75: =+BA75*(1+$N$3) -> 0 | BN75: =+BB75*(1+$N$3) -> 0 | ... BR75: =+BF75*(1+$N$3) -> 0
A76: =+CUC!A1510 -> 511026 | B76: =+CUC!B1510 -> GASTOS DE REPRESENTACION | C76: =+CUC!C1510 -> 2187296 | D76: =+CUC!D1510 -> 2298630 | E76: =+CUC!E1510 -> 0 | F76: =+CUC!F1510 -> 2453603 | G76: =+CUC!G1510 -> 4179218 | H76: =+CUC!I1510 -> 5101112 | I76: =+SUM(K76:V76) -> 5856622.7 | J76: =+H76/12*(1+K$3) -> 476103.79 | K76: 500000 | L76: =+K76 -> 500000 | M76: =+L76 -> 500000 | N76: =+M76 -> 500000 | O76: =+N76 -> 500000 | P76: =+O76 -> 500000 | Q76: =+J76 -> 476103.79 | R76: =+Q76 -> 476103.79 | S76: =+R76 -> 476103.79 | T76: =+S76 -> 476103.79 | U76: =+T76 -> 476103.79 | V76: =+U76 -> 476103.79 | W76: =+V76 -> 476103.79 | X76: =+W76 -> 476103.79 | Y76: =+X76 -> 476103.79 | ... AB76: =+AA76 -> 476103.79 | AC76: =+Q76*(1+$K$3) -> 533236.24 | AD76: =+R76*(1+$K$3) -> 533236.24 | AE76: =+S76*(1+$K$3) -> 533236.24 | AF76: =+T76*(1+$K$3) -> 533236.24 | AG76: =+U76*(1+$K$3) -> 533236.24 | AH76: =+V76*(1+$K$3) -> 533236.24 | AI76: =+W76*(1+$L$3) -> 476103.79 | AJ76: =+X76*(1+$L$3) -> 476103.79 | AK76: =+Y76*(1+$L$3) -> 476103.79 | AL76: =+Z76*(1+$L$3) -> 476103.79 | AM76: =+AA76*(1+$L$3) -> 476103.79 | AN76: =+AB76*(1+$L$3) -> 476103.79 | AO76: =+AC76*(1+$L$3) -> 533236.24 | AP76: =+AD76*(1+$L$3) -> 533236.24 | ... AT76: =+AH76*(1+$L$3) -> 533236.24 | AU76: =+AI76*(1+$M$3) -> 504670.01 | AV76: =+AJ76*(1+$M$3) -> 504670.01 | AW76: =+AK76*(1+$M$3) -> 504670.01 | AX76: =+AL76*(1+$M$3) -> 504670.01 | AY76: =+AM76*(1+$M$3) -> 504670.01 | AZ76: =+AN76*(1+$M$3) -> 504670.01 | BA76: =+AO76*(1+$M$3) -> 565230.42 | BB76: =+AP76*(1+$M$3) -> 565230.42 | ... BF76: =+AT76*(1+$M$3) -> 565230.42 | BG76: =+AU76*(1+$N$3) -> 524856.81 | BH76: =+AV76*(1+$N$3) -> 524856.81 | BI76: =+AW76*(1+$N$3) -> 524856.81 | BJ76: =+AX76*(1+$N$3) -> 524856.81 | BK76: =+AY76*(1+$N$3) -> 524856.81 | BL76: =+AZ76*(1+$N$3) -> 524856.81 | BM76: =+BA76*(1+$N$3) -> 587839.63 | BN76: =+BB76*(1+$N$3) -> 587839.63 | ... BR76: =+BF76*(1+$N$3) -> 587839.63
A77: =+CUC!A1511 -> 511027 | B77: =+CUC!B1511 -> GASTOS DE VIAJES | C77: =+CUC!C1511 -> 0 | D77: =+CUC!D1511 -> 0 | E77: =+CUC!E1511 -> 0 | F77: =+CUC!F1511 -> 0 | G77: =+CUC!G1511 -> 0 | H77: =+CUC!I1511 -> 0 | I77: =+SUM(K77:V77) -> 0 | J77: =+H77/12*(1+K$3) -> 0 | K77: =+J77 -> 0 | L77: =+K77 -> 0 | M77: =+L77 -> 0 | N77: =+M77 -> 0 | O77: =+N77 -> 0 | P77: =+O77 -> 0 | Q77: =+P77 -> 0 | R77: =+Q77 -> 0 | ... V77: =+U77 -> 0 | W77: =+K77*(1+$K$3) -> 0 | X77: =+L77*(1+$K$3) -> 0 | Y77: =+M77*(1+$K$3) -> 0 | Z77: =+N77*(1+$K$3) -> 0 | AA77: =+O77*(1+$K$3) -> 0 | AB77: =+P77*(1+$K$3) -> 0 | AC77: =+Q77*(1+$K$3) -> 0 | AD77: =+R77*(1+$K$3) -> 0 | ... AH77: =+V77*(1+$K$3) -> 0 | AI77: =+W77*(1+$L$3) -> 0 | AJ77: =+X77*(1+$L$3) -> 0 | AK77: =+Y77*(1+$L$3) -> 0 | AL77: =+Z77*(1+$L$3) -> 0 | AM77: =+AA77*(1+$L$3) -> 0 | AN77: =+AB77*(1+$L$3) -> 0 | AO77: =+AC77*(1+$L$3) -> 0 | AP77: =+AD77*(1+$L$3) -> 0 | ... AT77: =+AH77*(1+$L$3) -> 0 | AU77: =+AI77*(1+$M$3) -> 0 | AV77: =+AJ77*(1+$M$3) -> 0 | AW77: =+AK77*(1+$M$3) -> 0 | AX77: =+AL77*(1+$M$3) -> 0 | AY77: =+AM77*(1+$M$3) -> 0 | AZ77: =+AN77*(1+$M$3) -> 0 | BA77: =+AO77*(1+$M$3) -> 0 | BB77: =+AP77*(1+$M$3) -> 0 | ... BF77: =+AT77*(1+$M$3) -> 0 | BG77: =+AU77*(1+$N$3) -> 0 | BH77: =+AV77*(1+$N$3) -> 0 | BI77: =+AW77*(1+$N$3) -> 0 | BJ77: =+AX77*(1+$N$3) -> 0 | BK77: =+AY77*(1+$N$3) -> 0 | BL77: =+AZ77*(1+$N$3) -> 0 | BM77: =+BA77*(1+$N$3) -> 0 | BN77: =+BB77*(1+$N$3) -> 0 | ... BR77: =+BF77*(1+$N$3) -> 0
A78: =+CUC!A1512 -> 511028 | B78: =+CUC!B1512 -> SERVICIOS TEMPORALES | C78: =+CUC!C1512 -> 14129300 | D78: =+CUC!D1512 -> 23982433 | E78: =+CUC!E1512 -> 25934000 | F78: =+CUC!F1512 -> 24948000 | G78: =+CUC!G1512 -> 22948250 | H78: =+CUC!I1512 -> 30756000 | I78: =+SUM(K78:V78) -> 34446720 | J78: =+H78/12*(1+K$3) -> 2870560 | K78: =+J78 -> 2870560 | L78: =+K78 -> 2870560 | M78: =+L78 -> 2870560 | N78: =+M78 -> 2870560 | O78: =+N78 -> 2870560 | P78: =+O78 -> 2870560 | Q78: =+P78 -> 2870560 | R78: =+Q78 -> 2870560 | ... V78: =+U78 -> 2870560 | W78: =+K78*(1+$K$3) -> 3215027.2 | X78: =+L78*(1+$K$3) -> 3215027.2 | Y78: =+M78*(1+$K$3) -> 3215027.2 | Z78: =+N78*(1+$K$3) -> 3215027.2 | AA78: =+O78*(1+$K$3) -> 3215027.2 | AB78: =+P78*(1+$K$3) -> 3215027.2 | AC78: =+Q78*(1+$K$3) -> 3215027.2 | AD78: =+R78*(1+$K$3) -> 3215027.2 | ... AH78: =+V78*(1+$K$3) -> 3215027.2 | AI78: =+W78*(1+$L$3) -> 3215027.2 | AJ78: =+X78*(1+$L$3) -> 3215027.2 | AK78: =+Y78*(1+$L$3) -> 3215027.2 | AL78: =+Z78*(1+$L$3) -> 3215027.2 | AM78: =+AA78*(1+$L$3) -> 3215027.2 | AN78: =+AB78*(1+$L$3) -> 3215027.2 | AO78: =+AC78*(1+$L$3) -> 3215027.2 | AP78: =+AD78*(1+$L$3) -> 3215027.2 | ... AT78: =+AH78*(1+$L$3) -> 3215027.2 | AU78: =+AI78*(1+$M$3) -> 3407928.8 | AV78: =+AJ78*(1+$M$3) -> 3407928.8 | AW78: =+AK78*(1+$M$3) -> 3407928.8 | AX78: =+AL78*(1+$M$3) -> 3407928.8 | AY78: =+AM78*(1+$M$3) -> 3407928.8 | AZ78: =+AN78*(1+$M$3) -> 3407928.8 | BA78: =+AO78*(1+$M$3) -> 3407928.8 | BB78: =+AP78*(1+$M$3) -> 3407928.8 | ... BF78: =+AT78*(1+$M$3) -> 3407928.8 | BG78: =+AU78*(1+$N$3) -> 3544246 | BH78: =+AV78*(1+$N$3) -> 3544246 | BI78: =+AW78*(1+$N$3) -> 3544246 | BJ78: =+AX78*(1+$N$3) -> 3544246 | BK78: =+AY78*(1+$N$3) -> 3544246 | BL78: =+AZ78*(1+$N$3) -> 3544246 | BM78: =+BA78*(1+$N$3) -> 3544246 | BN78: =+BB78*(1+$N$3) -> 3544246 | ... BR78: =+BF78*(1+$N$3) -> 3544246
A79: =+CUC!A1513 -> 511029 | B79: =+CUC!B1513 -> VIGILANCIA PRIVADA | C79: =+CUC!C1513 -> 0 | D79: =+CUC!D1513 -> 0 | E79: =+CUC!E1513 -> 0 | F79: =+CUC!F1513 -> 0 | G79: =+CUC!G1513 -> 0 | H79: =+CUC!I1513 -> 0 | I79: =+SUM(K79:V79) -> 0 | J79: =+H79/12*(1+K$3) -> 0 | K79: =+J79 -> 0 | L79: =+K79 -> 0 | M79: =+L79 -> 0 | N79: =+M79 -> 0 | O79: =+N79 -> 0 | P79: =+O79 -> 0 | Q79: =+P79 -> 0 | R79: =+Q79 -> 0 | ... V79: =+U79 -> 0 | W79: =+K79*(1+$K$3) -> 0 | X79: =+L79*(1+$K$3) -> 0 | Y79: =+M79*(1+$K$3) -> 0 | Z79: =+N79*(1+$K$3) -> 0 | AA79: =+O79*(1+$K$3) -> 0 | AB79: =+P79*(1+$K$3) -> 0 | AC79: =+Q79*(1+$K$3) -> 0 | AD79: =+R79*(1+$K$3) -> 0 | ... AH79: =+V79*(1+$K$3) -> 0 | AI79: =+W79*(1+$L$3) -> 0 | AJ79: =+X79*(1+$L$3) -> 0 | AK79: =+Y79*(1+$L$3) -> 0 | AL79: =+Z79*(1+$L$3) -> 0 | AM79: =+AA79*(1+$L$3) -> 0 | AN79: =+AB79*(1+$L$3) -> 0 | AO79: =+AC79*(1+$L$3) -> 0 | AP79: =+AD79*(1+$L$3) -> 0 | ... AT79: =+AH79*(1+$L$3) -> 0 | AU79: =+AI79*(1+$M$3) -> 0 | AV79: =+AJ79*(1+$M$3) -> 0 | AW79: =+AK79*(1+$M$3) -> 0 | AX79: =+AL79*(1+$M$3) -> 0 | AY79: =+AM79*(1+$M$3) -> 0 | AZ79: =+AN79*(1+$M$3) -> 0 | BA79: =+AO79*(1+$M$3) -> 0 | BB79: =+AP79*(1+$M$3) -> 0 | ... BF79: =+AT79*(1+$M$3) -> 0 | BG79: =+AU79*(1+$N$3) -> 0 | BH79: =+AV79*(1+$N$3) -> 0 | BI79: =+AW79*(1+$N$3) -> 0 | BJ79: =+AX79*(1+$N$3) -> 0 | BK79: =+AY79*(1+$N$3) -> 0 | BL79: =+AZ79*(1+$N$3) -> 0 | BM79: =+BA79*(1+$N$3) -> 0 | BN79: =+BB79*(1+$N$3) -> 0 | ... BR79: =+BF79*(1+$N$3) -> 0
A80: =+CUC!A1514 -> 511030 | B80: =+CUC!B1514 -> SISTEMATIZACION | C80: =+CUC!C1514 -> 0 | D80: =+CUC!D1514 -> 0 | E80: =+CUC!E1514 -> 0 | F80: =+CUC!F1514 -> 0 | G80: =+CUC!G1514 -> 900600 | H80: =+CUC!I1514 -> 0 | I80: =+SUM(K80:V80) -> 0 | J80: =+H80/12*(1+K$3) -> 0 | K80: =+J80 -> 0 | L80: =+K80 -> 0 | M80: =+L80 -> 0 | N80: =+M80 -> 0 | O80: =+N80 -> 0 | P80: =+O80 -> 0 | Q80: =+P80 -> 0 | R80: =+Q80 -> 0 | ... V80: =+U80 -> 0 | W80: =+K80*(1+$K$3) -> 0 | X80: =+L80*(1+$K$3) -> 0 | Y80: =+M80*(1+$K$3) -> 0 | Z80: =+N80*(1+$K$3) -> 0 | AA80: =+O80*(1+$K$3) -> 0 | AB80: =+P80*(1+$K$3) -> 0 | AC80: =+Q80*(1+$K$3) -> 0 | AD80: =+R80*(1+$K$3) -> 0 | ... AH80: =+V80*(1+$K$3) -> 0 | AI80: =+W80*(1+$L$3) -> 0 | AJ80: =+X80*(1+$L$3) -> 0 | AK80: =+Y80*(1+$L$3) -> 0 | AL80: =+Z80*(1+$L$3) -> 0 | AM80: =+AA80*(1+$L$3) -> 0 | AN80: =+AB80*(1+$L$3) -> 0 | AO80: =+AC80*(1+$L$3) -> 0 | AP80: =+AD80*(1+$L$3) -> 0 | ... AT80: =+AH80*(1+$L$3) -> 0 | AU80: =+AI80*(1+$M$3) -> 0 | AV80: =+AJ80*(1+$M$3) -> 0 | AW80: =+AK80*(1+$M$3) -> 0 | AX80: =+AL80*(1+$M$3) -> 0 | AY80: =+AM80*(1+$M$3) -> 0 | AZ80: =+AN80*(1+$M$3) -> 0 | BA80: =+AO80*(1+$M$3) -> 0 | BB80: =+AP80*(1+$M$3) -> 0 | ... BF80: =+AT80*(1+$M$3) -> 0 | BG80: =+AU80*(1+$N$3) -> 0 | BH80: =+AV80*(1+$N$3) -> 0 | BI80: =+AW80*(1+$N$3) -> 0 | BJ80: =+AX80*(1+$N$3) -> 0 | BK80: =+AY80*(1+$N$3) -> 0 | BL80: =+AZ80*(1+$N$3) -> 0 | BM80: =+BA80*(1+$N$3) -> 0 | BN80: =+BB80*(1+$N$3) -> 0 | ... BR80: =+BF80*(1+$N$3) -> 0
A81: =+CUC!A1515 -> 511031 | B81: =+CUC!B1515 -> CUOTAS DE SOSTENIMIENTO | C81: =+CUC!C1515 -> 0 | D81: =+CUC!D1515 -> 0 | E81: =+CUC!E1515 -> 0 | F81: =+CUC!F1515 -> 0 | G81: =+CUC!G1515 -> 0 | H81: =+CUC!I1515 -> 0 | I81: =+SUM(K81:V81) -> 0 | J81: =+H81/12*(1+K$3) -> 0 | K81: =+J81 -> 0 | L81: =+K81 -> 0 | M81: =+L81 -> 0 | N81: =+M81 -> 0 | O81: =+N81 -> 0 | P81: =+O81 -> 0 | Q81: =+P81 -> 0 | R81: =+Q81 -> 0 | ... V81: =+U81 -> 0 | W81: =+K81*(1+$K$3) -> 0 | X81: =+L81*(1+$K$3) -> 0 | Y81: =+M81*(1+$K$3) -> 0 | Z81: =+N81*(1+$K$3) -> 0 | AA81: =+O81*(1+$K$3) -> 0 | AB81: =+P81*(1+$K$3) -> 0 | AC81: =+Q81*(1+$K$3) -> 0 | AD81: =+R81*(1+$K$3) -> 0 | ... AH81: =+V81*(1+$K$3) -> 0 | AI81: =+W81*(1+$L$3) -> 0 | AJ81: =+X81*(1+$L$3) -> 0 | AK81: =+Y81*(1+$L$3) -> 0 | AL81: =+Z81*(1+$L$3) -> 0 | AM81: =+AA81*(1+$L$3) -> 0 | AN81: =+AB81*(1+$L$3) -> 0 | AO81: =+AC81*(1+$L$3) -> 0 | AP81: =+AD81*(1+$L$3) -> 0 | ... AT81: =+AH81*(1+$L$3) -> 0 | AU81: =+AI81*(1+$M$3) -> 0 | AV81: =+AJ81*(1+$M$3) -> 0 | AW81: =+AK81*(1+$M$3) -> 0 | AX81: =+AL81*(1+$M$3) -> 0 | AY81: =+AM81*(1+$M$3) -> 0 | AZ81: =+AN81*(1+$M$3) -> 0 | BA81: =+AO81*(1+$M$3) -> 0 | BB81: =+AP81*(1+$M$3) -> 0 | ... BF81: =+AT81*(1+$M$3) -> 0 | BG81: =+AU81*(1+$N$3) -> 0 | BH81: =+AV81*(1+$N$3) -> 0 | BI81: =+AW81*(1+$N$3) -> 0 | BJ81: =+AX81*(1+$N$3) -> 0 | BK81: =+AY81*(1+$N$3) -> 0 | BL81: =+AZ81*(1+$N$3) -> 0 | BM81: =+BA81*(1+$N$3) -> 0 | BN81: =+BB81*(1+$N$3) -> 0 | ... BR81: =+BF81*(1+$N$3) -> 0
A82: =+CUC!A1516 -> 511032 | B82: =+CUC!B1516 -> SUSCRIPCIONES Y PUBLICACIONES | C82: =+CUC!C1516 -> 290000 | D82: =+CUC!D1516 -> 0 | E82: =+CUC!E1516 -> 2192894 | F82: =+CUC!F1516 -> 0 | G82: =+CUC!G1516 -> 0 | H82: =+CUC!I1516 -> 0 | I82: =+SUM(K82:V82) -> 0 | J82: =+H82/12*(1+K$3) -> 0 | K82: =+J82 -> 0 | L82: =+K82 -> 0 | M82: =+L82 -> 0 | N82: =+M82 -> 0 | O82: =+N82 -> 0 | P82: =+O82 -> 0 | Q82: =+P82 -> 0 | R82: =+Q82 -> 0 | ... V82: =+U82 -> 0 | W82: =+K82*(1+$K$3) -> 0 | X82: =+L82*(1+$K$3) -> 0 | Y82: =+M82*(1+$K$3) -> 0 | Z82: =+N82*(1+$K$3) -> 0 | AA82: =+O82*(1+$K$3) -> 0 | AB82: =+P82*(1+$K$3) -> 0 | AC82: =+Q82*(1+$K$3) -> 0 | AD82: =+R82*(1+$K$3) -> 0 | ... AH82: =+V82*(1+$K$3) -> 0 | AI82: =+W82*(1+$L$3) -> 0 | AJ82: =+X82*(1+$L$3) -> 0 | AK82: =+Y82*(1+$L$3) -> 0 | AL82: =+Z82*(1+$L$3) -> 0 | AM82: =+AA82*(1+$L$3) -> 0 | AN82: =+AB82*(1+$L$3) -> 0 | AO82: =+AC82*(1+$L$3) -> 0 | AP82: =+AD82*(1+$L$3) -> 0 | ... AT82: =+AH82*(1+$L$3) -> 0 | AU82: =+AI82*(1+$M$3) -> 0 | AV82: =+AJ82*(1+$M$3) -> 0 | AW82: =+AK82*(1+$M$3) -> 0 | AX82: =+AL82*(1+$M$3) -> 0 | AY82: =+AM82*(1+$M$3) -> 0 | AZ82: =+AN82*(1+$M$3) -> 0 | BA82: =+AO82*(1+$M$3) -> 0 | BB82: =+AP82*(1+$M$3) -> 0 | ... BF82: =+AT82*(1+$M$3) -> 0 | BG82: =+AU82*(1+$N$3) -> 0 | BH82: =+AV82*(1+$N$3) -> 0 | BI82: =+AW82*(1+$N$3) -> 0 | BJ82: =+AX82*(1+$N$3) -> 0 | BK82: =+AY82*(1+$N$3) -> 0 | BL82: =+AZ82*(1+$N$3) -> 0 | BM82: =+BA82*(1+$N$3) -> 0 | BN82: =+BB82*(1+$N$3) -> 0 | ... BR82: =+BF82*(1+$N$3) -> 0
A83: =+CUC!A1517 -> 511033 | B83: =+CUC!B1517 -> ADECUACION E INSTALACION | C83: =+CUC!C1517 -> 0 | D83: =+CUC!D1517 -> 0 | E83: =+CUC!E1517 -> 1010841 | F83: =+CUC!F1517 -> 36665599 | G83: =+CUC!G1517 -> 5355936 | H83: =+CUC!I1517 -> 506146.67 | I83: =+SUM(K83:V83) -> 566884.27 | J83: =+H83/12*(1+K$3) -> 47240.356 | K83: =+J83 -> 47240.356 | L83: =+K83 -> 47240.356 | M83: =+L83 -> 47240.356 | N83: =+M83 -> 47240.356 | O83: =+N83 -> 47240.356 | P83: =+O83 -> 47240.356 | Q83: =+P83 -> 47240.356 | R83: =+Q83 -> 47240.356 | ... V83: =+U83 -> 47240.356 | W83: =+K83*(1+$K$3) -> 52909.198 | X83: =+L83*(1+$K$3) -> 52909.198 | Y83: =+M83*(1+$K$3) -> 52909.198 | Z83: =+N83*(1+$K$3) -> 52909.198 | AA83: =+O83*(1+$K$3) -> 52909.198 | AB83: =+P83*(1+$K$3) -> 52909.198 | AC83: =+Q83*(1+$K$3) -> 52909.198 | AD83: =+R83*(1+$K$3) -> 52909.198 | ... AH83: =+V83*(1+$K$3) -> 52909.198 | AI83: =+W83*(1+$L$3) -> 52909.198 | AJ83: =+X83*(1+$L$3) -> 52909.198 | AK83: =+Y83*(1+$L$3) -> 52909.198 | AL83: =+Z83*(1+$L$3) -> 52909.198 | AM83: =+AA83*(1+$L$3) -> 52909.198 | AN83: =+AB83*(1+$L$3) -> 52909.198 | AO83: =+AC83*(1+$L$3) -> 52909.198 | AP83: =+AD83*(1+$L$3) -> 52909.198 | ... AT83: =+AH83*(1+$L$3) -> 52909.198 | AU83: =+AI83*(1+$M$3) -> 56083.75 | AV83: =+AJ83*(1+$M$3) -> 56083.75 | AW83: =+AK83*(1+$M$3) -> 56083.75 | AX83: =+AL83*(1+$M$3) -> 56083.75 | AY83: =+AM83*(1+$M$3) -> 56083.75 | AZ83: =+AN83*(1+$M$3) -> 56083.75 | BA83: =+AO83*(1+$M$3) -> 56083.75 | BB83: =+AP83*(1+$M$3) -> 56083.75 | ... BF83: =+AT83*(1+$M$3) -> 56083.75 | BG83: =+AU83*(1+$N$3) -> 58327.1 | BH83: =+AV83*(1+$N$3) -> 58327.1 | BI83: =+AW83*(1+$N$3) -> 58327.1 | BJ83: =+AX83*(1+$N$3) -> 58327.1 | BK83: =+AY83*(1+$N$3) -> 58327.1 | BL83: =+AZ83*(1+$N$3) -> 58327.1 | BM83: =+BA83*(1+$N$3) -> 58327.1 | BN83: =+BB83*(1+$N$3) -> 58327.1 | ... BR83: =+BF83*(1+$N$3) -> 58327.1
A84: =+CUC!A1518 -> 511034 | B84: =+CUC!B1518 -> ASISTENCIA TECNICA | C84: =+CUC!C1518 -> 0 | D84: =+CUC!D1518 -> 0 | E84: =+CUC!E1518 -> 0 | F84: =+CUC!F1518 -> 0 | G84: =+CUC!G1518 -> 0 | H84: =+CUC!I1518 -> 4315629.3 | I84: =+SUM(K84:V84) -> 4833504.9 | J84: =+H84/12*(1+K$3) -> 402792.07 | K84: =+J84 -> 402792.07 | L84: =+K84 -> 402792.07 | M84: =+L84 -> 402792.07 | N84: =+M84 -> 402792.07 | O84: =+N84 -> 402792.07 | P84: =+O84 -> 402792.07 | Q84: =+P84 -> 402792.07 | R84: =+Q84 -> 402792.07 | ... V84: =+U84 -> 402792.07 | W84: =+K84*(1+$K$3) -> 451127.12 | X84: =+L84*(1+$K$3) -> 451127.12 | Y84: =+M84*(1+$K$3) -> 451127.12 | Z84: =+N84*(1+$K$3) -> 451127.12 | AA84: =+O84*(1+$K$3) -> 451127.12 | AB84: =+P84*(1+$K$3) -> 451127.12 | AC84: =+Q84*(1+$K$3) -> 451127.12 | AD84: =+R84*(1+$K$3) -> 451127.12 | ... AH84: =+V84*(1+$K$3) -> 451127.12 | AI84: =+W84*(1+$L$3) -> 451127.12 | AJ84: =+X84*(1+$L$3) -> 451127.12 | AK84: =+Y84*(1+$L$3) -> 451127.12 | AL84: =+Z84*(1+$L$3) -> 451127.12 | AM84: =+AA84*(1+$L$3) -> 451127.12 | AN84: =+AB84*(1+$L$3) -> 451127.12 | AO84: =+AC84*(1+$L$3) -> 451127.12 | AP84: =+AD84*(1+$L$3) -> 451127.12 | ... AT84: =+AH84*(1+$L$3) -> 451127.12 | AU84: =+AI84*(1+$M$3) -> 478194.75 | AV84: =+AJ84*(1+$M$3) -> 478194.75 | AW84: =+AK84*(1+$M$3) -> 478194.75 | AX84: =+AL84*(1+$M$3) -> 478194.75 | AY84: =+AM84*(1+$M$3) -> 478194.75 | AZ84: =+AN84*(1+$M$3) -> 478194.75 | BA84: =+AO84*(1+$M$3) -> 478194.75 | BB84: =+AP84*(1+$M$3) -> 478194.75 | ... BF84: =+AT84*(1+$M$3) -> 478194.75 | BG84: =+AU84*(1+$N$3) -> 497322.54 | BH84: =+AV84*(1+$N$3) -> 497322.54 | BI84: =+AW84*(1+$N$3) -> 497322.54 | BJ84: =+AX84*(1+$N$3) -> 497322.54 | BK84: =+AY84*(1+$N$3) -> 497322.54 | BL84: =+AZ84*(1+$N$3) -> 497322.54 | BM84: =+BA84*(1+$N$3) -> 497322.54 | BN84: =+BB84*(1+$N$3) -> 497322.54 | ... BR84: =+BF84*(1+$N$3) -> 497322.54
A85: =+CUC!A1519 -> 511035 | B85: =+CUC!B1519 -> PROCESAMIENTO ELECTRONICO DE DATOS | C85: =+CUC!C1519 -> 0 | D85: =+CUC!D1519 -> 0 | E85: =+CUC!E1519 -> 0 | F85: =+CUC!F1519 -> 0 | G85: =+CUC!G1519 -> 0 | H85: =+CUC!I1519 -> 0 | I85: =+SUM(K85:V85) -> 0 | J85: =+H85/12*(1+K$3) -> 0 | K85: =+J85 -> 0 | L85: =+K85 -> 0 | M85: =+L85 -> 0 | N85: =+M85 -> 0 | O85: =+N85 -> 0 | P85: =+O85 -> 0 | Q85: =+P85 -> 0 | R85: =+Q85 -> 0 | ... V85: =+U85 -> 0 | W85: =+K85*(1+$K$3) -> 0 | X85: =+L85*(1+$K$3) -> 0 | Y85: =+M85*(1+$K$3) -> 0 | Z85: =+N85*(1+$K$3) -> 0 | AA85: =+O85*(1+$K$3) -> 0 | AB85: =+P85*(1+$K$3) -> 0 | AC85: =+Q85*(1+$K$3) -> 0 | AD85: =+R85*(1+$K$3) -> 0 | ... AH85: =+V85*(1+$K$3) -> 0 | AI85: =+W85*(1+$L$3) -> 0 | AJ85: =+X85*(1+$L$3) -> 0 | AK85: =+Y85*(1+$L$3) -> 0 | AL85: =+Z85*(1+$L$3) -> 0 | AM85: =+AA85*(1+$L$3) -> 0 | AN85: =+AB85*(1+$L$3) -> 0 | AO85: =+AC85*(1+$L$3) -> 0 | AP85: =+AD85*(1+$L$3) -> 0 | ... AT85: =+AH85*(1+$L$3) -> 0 | AU85: =+AI85*(1+$M$3) -> 0 | AV85: =+AJ85*(1+$M$3) -> 0 | AW85: =+AK85*(1+$M$3) -> 0 | AX85: =+AL85*(1+$M$3) -> 0 | AY85: =+AM85*(1+$M$3) -> 0 | AZ85: =+AN85*(1+$M$3) -> 0 | BA85: =+AO85*(1+$M$3) -> 0 | BB85: =+AP85*(1+$M$3) -> 0 | ... BF85: =+AT85*(1+$M$3) -> 0 | BG85: =+AU85*(1+$N$3) -> 0 | BH85: =+AV85*(1+$N$3) -> 0 | BI85: =+AW85*(1+$N$3) -> 0 | BJ85: =+AX85*(1+$N$3) -> 0 | BK85: =+AY85*(1+$N$3) -> 0 | BL85: =+AZ85*(1+$N$3) -> 0 | BM85: =+BA85*(1+$N$3) -> 0 | BN85: =+BB85*(1+$N$3) -> 0 | ... BR85: =+BF85*(1+$N$3) -> 0
A86: =+CUC!A1520 -> 511095 | B86: =+CUC!B1520 -> OTROS | C86: =+CUC!C1520 -> 1093084 | D86: =+CUC!D1520 -> 0 | E86: =+CUC!E1520 -> 285096 | F86: =+CUC!F1520 -> 908914 | G86: =+CUC!G1520 -> 105690073 | H86: =+CUC!I1520 -> 120000000 | I86: =+SUM(K86:V86) -> 135000000 | J86: =+H86/12*(1+K$3) -> 11200000 | K86: 0 | L86: =+K86 -> 0 | M86: =+L86 -> 0 | N86: =+M86 -> 0 | O86: =+N86 -> 0 | P86: =+O86 -> 0 | Q86: =+P86 -> 0 | R86: =+Q86 -> 0 | S86: =+R86 -> 0 | T86: 45000000 | U86: =+T86 -> 45000000 | V86: =+U86 -> 45000000 | W86: =+K86*(1+$K$3) -> 0 | X86: =+L86*(1+$K$3) -> 0 | Y86: =+M86*(1+$K$3) -> 0 | Z86: =+N86*(1+$K$3) -> 0 | AA86: =+O86*(1+$K$3) -> 0 | AB86: =+P86*(1+$K$3) -> 0 | AC86: =+Q86*(1+$K$3) -> 0 | AD86: =+R86*(1+$K$3) -> 0 | ... AH86: =+V86*(1+$K$3) -> 50400000 | AI86: =+W86*(1+$L$3) -> 0 | AJ86: =+X86*(1+$L$3) -> 0 | AK86: =+Y86*(1+$L$3) -> 0 | AL86: =+Z86*(1+$L$3) -> 0 | AM86: =+AA86*(1+$L$3) -> 0 | AN86: =+AB86*(1+$L$3) -> 0 | AO86: =+AC86*(1+$L$3) -> 0 | AP86: =+AD86*(1+$L$3) -> 0 | ... AT86: =+AH86*(1+$L$3) -> 50400000 | AU86: =+AI86*(1+$M$3) -> 0 | AV86: =+AJ86*(1+$M$3) -> 0 | AW86: =+AK86*(1+$M$3) -> 0 | AX86: =+AL86*(1+$M$3) -> 0 | AY86: =+AM86*(1+$M$3) -> 0 | AZ86: =+AN86*(1+$M$3) -> 0 | BA86: =+AO86*(1+$M$3) -> 0 | BB86: =+AP86*(1+$M$3) -> 0 | ... BF86: =+AT86*(1+$M$3) -> 53424000 | BG86: =+AU86*(1+$N$3) -> 0 | BH86: =+AV86*(1+$N$3) -> 0 | BI86: =+AW86*(1+$N$3) -> 0 | BJ86: =+AX86*(1+$N$3) -> 0 | BK86: =+AY86*(1+$N$3) -> 0 | BL86: =+AZ86*(1+$N$3) -> 0 | BM86: =+BA86*(1+$N$3) -> 0 | BN86: =+BB86*(1+$N$3) -> 0 | ... BR86: =+BF86*(1+$N$3) -> 55560960
A87: =+CUC!A1926 -> 613595 | B87: =+CUC!B1926 -> VENTA DE OTROS PRODUCTOS | C87: =+CUC!C1926 -> 7214758.6 | D87: =+CUC!D1926 -> 8159537.4 | E87: =+CUC!E1926 -> 10224940 | F87: =+CUC!F1926 -> 17208315 | G87: =+CUC!G1926 -> 935451.82 | H87: =+CUC!I1926 -> 0 | I87: =+SUM(K87:V87) -> 0 | J87: =+H87/12*(1+K$3) -> 0 | K87: =+J87 -> 0 | L87: =+K87 -> 0 | M87: =+L87 -> 0 | N87: =+M87 -> 0 | O87: =+N87 -> 0 | P87: =+O87 -> 0 | Q87: =+P87 -> 0 | R87: =+Q87 -> 0 | ... V87: =+U87 -> 0 | W87: =+K87*(1+$K$3) -> 0 | X87: =+L87*(1+$K$3) -> 0 | Y87: =+M87*(1+$K$3) -> 0 | Z87: =+N87*(1+$K$3) -> 0 | AA87: =+O87*(1+$K$3) -> 0 | AB87: =+P87*(1+$K$3) -> 0 | AC87: =+Q87*(1+$K$3) -> 0 | AD87: =+R87*(1+$K$3) -> 0 | ... AH87: =+V87*(1+$K$3) -> 0 | AI87: =+W87*(1+$L$3) -> 0 | AJ87: =+X87*(1+$L$3) -> 0 | AK87: =+Y87*(1+$L$3) -> 0 | AL87: =+Z87*(1+$L$3) -> 0 | AM87: =+AA87*(1+$L$3) -> 0 | AN87: =+AB87*(1+$L$3) -> 0 | AO87: =+AC87*(1+$L$3) -> 0 | AP87: =+AD87*(1+$L$3) -> 0 | ... AT87: =+AH87*(1+$L$3) -> 0 | AU87: =+AI87*(1+$M$3) -> 0 | AV87: =+AJ87*(1+$M$3) -> 0 | AW87: =+AK87*(1+$M$3) -> 0 | AX87: =+AL87*(1+$M$3) -> 0 | AY87: =+AM87*(1+$M$3) -> 0 | AZ87: =+AN87*(1+$M$3) -> 0 | BA87: =+AO87*(1+$M$3) -> 0 | BB87: =+AP87*(1+$M$3) -> 0 | ... BF87: =+AT87*(1+$M$3) -> 0 | BG87: =+AU87*(1+$N$3) -> 0 | BH87: =+AV87*(1+$N$3) -> 0 | BI87: =+AW87*(1+$N$3) -> 0 | BJ87: =+AX87*(1+$N$3) -> 0 | BK87: =+AY87*(1+$N$3) -> 0 | BL87: =+AZ87*(1+$N$3) -> 0 | BM87: =+BA87*(1+$N$3) -> 0 | BN87: =+BB87*(1+$N$3) -> 0 | ... BR87: =+BF87*(1+$N$3) -> 0
A88: =+CUC!A1961 -> 617000 | B88: =+CUC!B1961 -> OTRAS ACTIVIDADES DE SERVICIOS COMUNITARIOS, SOCIALES Y PERSONALES | C88: =+CUC!C1961 -> 0 | D88: =+CUC!D1961 -> 0 | E88: =+CUC!E1961 -> 0 | F88: =+CUC!F1961 -> 35261705 | G88: =+CUC!G1961 -> 42452231 | H88: =+CUC!I1961 -> 25145608 | I88: =+SUM(K88:V88) -> 28163081 | J88: =+H88/12*(1+K$3) -> 2346923.4 | K88: =+J88 -> 2346923.4 | L88: =+K88 -> 2346923.4 | M88: =+L88 -> 2346923.4 | N88: =+M88 -> 2346923.4 | O88: =+N88 -> 2346923.4 | P88: =+O88 -> 2346923.4 | Q88: =+P88 -> 2346923.4 | R88: =+Q88 -> 2346923.4 | ... V88: =+U88 -> 2346923.4 | W88: =+K88*(1+$K$3) -> 2628554.3 | X88: =+L88*(1+$K$3) -> 2628554.3 | Y88: =+M88*(1+$K$3) -> 2628554.3 | Z88: =+N88*(1+$K$3) -> 2628554.3 | AA88: =+O88*(1+$K$3) -> 2628554.3 | AB88: =+P88*(1+$K$3) -> 2628554.3 | AC88: =+Q88*(1+$K$3) -> 2628554.3 | AD88: =+R88*(1+$K$3) -> 2628554.3 | ... AH88: =+V88*(1+$K$3) -> 2628554.3 | AI88: =+W88*(1+$L$3) -> 2628554.3 | AJ88: =+X88*(1+$L$3) -> 2628554.3 | AK88: =+Y88*(1+$L$3) -> 2628554.3 | AL88: =+Z88*(1+$L$3) -> 2628554.3 | AM88: =+AA88*(1+$L$3) -> 2628554.3 | AN88: =+AB88*(1+$L$3) -> 2628554.3 | AO88: =+AC88*(1+$L$3) -> 2628554.3 | AP88: =+AD88*(1+$L$3) -> 2628554.3 | ... AT88: =+AH88*(1+$L$3) -> 2628554.3 | AU88: =+AI88*(1+$M$3) -> 2786267.5 | AV88: =+AJ88*(1+$M$3) -> 2786267.5 | AW88: =+AK88*(1+$M$3) -> 2786267.5 | AX88: =+AL88*(1+$M$3) -> 2786267.5 | AY88: =+AM88*(1+$M$3) -> 2786267.5 | AZ88: =+AN88*(1+$M$3) -> 2786267.5 | BA88: =+AO88*(1+$M$3) -> 2786267.5 | BB88: =+AP88*(1+$M$3) -> 2786267.5 | ... BF88: =+AT88*(1+$M$3) -> 2786267.5 | BG88: =+AU88*(1+$N$3) -> 2897718.2 | BH88: =+AV88*(1+$N$3) -> 2897718.2 | BI88: =+AW88*(1+$N$3) -> 2897718.2 | BJ88: =+AX88*(1+$N$3) -> 2897718.2 | BK88: =+AY88*(1+$N$3) -> 2897718.2 | BL88: =+AZ88*(1+$N$3) -> 2897718.2 | BM88: =+BA88*(1+$N$3) -> 2897718.2 | BN88: =+BB88*(1+$N$3) -> 2897718.2 | ... BR88: =+BF88*(1+$N$3) -> 2897718.2
A89: =+CUC!A1970 -> 710500 | B89: =+CUC!B1970 -> MANO DE OBRA DIRECTA | C89: =+CUC!C1970 -> 0 | D89: =+CUC!D1970 -> 0 | E89: =+CUC!E1970 -> 19933074 | F89: =+CUC!F1970 -> 28831332 | G89: =+CUC!G1970 -> 22345288 | H89: =+CUC!I1970 -> 16754987 | I89: =+SUM(K89:V89) -> 18765585 | J89: =+H89/12*(1+K$3) -> 1563798.8 | K89: =+J89 -> 1563798.8 | L89: =+K89 -> 1563798.8 | M89: =+L89 -> 1563798.8 | N89: =+M89 -> 1563798.8 | O89: =+N89 -> 1563798.8 | P89: =+O89 -> 1563798.8 | Q89: =+P89 -> 1563798.8 | R89: =+Q89 -> 1563798.8 | ... V89: =+U89 -> 1563798.8 | W89: =+K89*(1+$K$3) -> 1751454.6 | X89: =+L89*(1+$K$3) -> 1751454.6 | Y89: =+M89*(1+$K$3) -> 1751454.6 | Z89: =+N89*(1+$K$3) -> 1751454.6 | AA89: =+O89*(1+$K$3) -> 1751454.6 | AB89: =+P89*(1+$K$3) -> 1751454.6 | AC89: =+Q89*(1+$K$3) -> 1751454.6 | AD89: =+R89*(1+$K$3) -> 1751454.6 | ... AH89: =+V89*(1+$K$3) -> 1751454.6 | AI89: =+W89*(1+$L$3) -> 1751454.6 | AJ89: =+X89*(1+$L$3) -> 1751454.6 | AK89: =+Y89*(1+$L$3) -> 1751454.6 | AL89: =+Z89*(1+$L$3) -> 1751454.6 | AM89: =+AA89*(1+$L$3) -> 1751454.6 | AN89: =+AB89*(1+$L$3) -> 1751454.6 | AO89: =+AC89*(1+$L$3) -> 1751454.6 | AP89: =+AD89*(1+$L$3) -> 1751454.6 | ... AT89: =+AH89*(1+$L$3) -> 1751454.6 | AU89: =+AI89*(1+$M$3) -> 1856541.9 | AV89: =+AJ89*(1+$M$3) -> 1856541.9 | AW89: =+AK89*(1+$M$3) -> 1856541.9 | AX89: =+AL89*(1+$M$3) -> 1856541.9 | AY89: =+AM89*(1+$M$3) -> 1856541.9 | AZ89: =+AN89*(1+$M$3) -> 1856541.9 | BA89: =+AO89*(1+$M$3) -> 1856541.9 | BB89: =+AP89*(1+$M$3) -> 1856541.9 | ... BF89: =+AT89*(1+$M$3) -> 1856541.9 | BG89: =+AU89*(1+$N$3) -> 1930803.6 | BH89: =+AV89*(1+$N$3) -> 1930803.6 | BI89: =+AW89*(1+$N$3) -> 1930803.6 | BJ89: =+AX89*(1+$N$3) -> 1930803.6 | BK89: =+AY89*(1+$N$3) -> 1930803.6 | BL89: =+AZ89*(1+$N$3) -> 1930803.6 | BM89: =+BA89*(1+$N$3) -> 1930803.6 | BN89: =+BB89*(1+$N$3) -> 1930803.6 | ... BR89: =+BF89*(1+$N$3) -> 1930803.6
A90: =+CUC!A1971 -> 711000 | B90: =+CUC!B1971 -> COSTOS INDIRECTOS | C90: =+CUC!C1971 -> 53038258 | D90: =+CUC!D1971 -> 43993939 | E90: =+CUC!E1971 -> 24125367 | F90: =+CUC!F1971 -> 25624235 | G90: =+CUC!G1971 -> 16188732 | H90: =+CUC!I1971 -> 16417356 | I90: =+SUM(K90:V90) -> 18387439 | J90: =+H90/12*(1+K$3) -> 1532286.6 | K90: =+J90 -> 1532286.6 | L90: =+K90 -> 1532286.6 | M90: =+L90 -> 1532286.6 | N90: =+M90 -> 1532286.6 | O90: =+N90 -> 1532286.6 | P90: =+O90 -> 1532286.6 | Q90: =+P90 -> 1532286.6 | R90: =+Q90 -> 1532286.6 | ... V90: =+U90 -> 1532286.6 | W90: =+K90*(1+$K$3) -> 1716160.9 | X90: =+L90*(1+$K$3) -> 1716160.9 | Y90: =+M90*(1+$K$3) -> 1716160.9 | Z90: =+N90*(1+$K$3) -> 1716160.9 | AA90: =+O90*(1+$K$3) -> 1716160.9 | AB90: =+P90*(1+$K$3) -> 1716160.9 | AC90: =+Q90*(1+$K$3) -> 1716160.9 | AD90: =+R90*(1+$K$3) -> 1716160.9 | ... AH90: =+V90*(1+$K$3) -> 1716160.9 | AI90: =+W90*(1+$L$3) -> 1716160.9 | AJ90: =+X90*(1+$L$3) -> 1716160.9 | AK90: =+Y90*(1+$L$3) -> 1716160.9 | AL90: =+Z90*(1+$L$3) -> 1716160.9 | AM90: =+AA90*(1+$L$3) -> 1716160.9 | AN90: =+AB90*(1+$L$3) -> 1716160.9 | AO90: =+AC90*(1+$L$3) -> 1716160.9 | AP90: =+AD90*(1+$L$3) -> 1716160.9 | ... AT90: =+AH90*(1+$L$3) -> 1716160.9 | AU90: =+AI90*(1+$M$3) -> 1819130.6 | AV90: =+AJ90*(1+$M$3) -> 1819130.6 | AW90: =+AK90*(1+$M$3) -> 1819130.6 | AX90: =+AL90*(1+$M$3) -> 1819130.6 | AY90: =+AM90*(1+$M$3) -> 1819130.6 | AZ90: =+AN90*(1+$M$3) -> 1819130.6 | BA90: =+AO90*(1+$M$3) -> 1819130.6 | BB90: =+AP90*(1+$M$3) -> 1819130.6 | ... BF90: =+AT90*(1+$M$3) -> 1819130.6 | BG90: =+AU90*(1+$N$3) -> 1891895.8 | BH90: =+AV90*(1+$N$3) -> 1891895.8 | BI90: =+AW90*(1+$N$3) -> 1891895.8 | BJ90: =+AX90*(1+$N$3) -> 1891895.8 | BK90: =+AY90*(1+$N$3) -> 1891895.8 | BL90: =+AZ90*(1+$N$3) -> 1891895.8 | BM90: =+BA90*(1+$N$3) -> 1891895.8 | BN90: =+BB90*(1+$N$3) -> 1891895.8 | ... BR90: =+BF90*(1+$N$3) -> 1891895.8
C92: =SUM(C6:C91) -> 3.6810571e+08 | D92: =SUM(D6:D91) -> 3.6771287e+08 | E92: =SUM(E6:E91) -> 404900380 | F92: =SUM(F6:F91) -> 5.0639154e+08 | G92: =SUM(G6:G91) -> 6.0088073e+08 | H92: =SUM(H6:H91) -> 6.5055372e+08 | I92: =SUM(I6:I91) -> 7.3339613e+08 | J92: =SUM(J6:J91) -> 60718347 | ... BR92: =SUM(BR6:BR91) -> 1.1557222e+08
C93: =+C92/12 -> 30675476 | D93: =+D92/12 -> 30642739 | E93: =+E92/12 -> 33741698 | F93: =+F92/12 -> 42199295 | G93: =+G92/12 -> 50073394 | H93: =+H92/12 -> 54212810 | I93: =+I92/12 -> 61116344 | J93: Flujo

Sheet FLUJO DE CARTERA
A1: FLUJO DE CARTERA | O1: Crecimiento | AA1: Crecimiento | AM1: Crecimiento | AY1: Crecimiento
N2: =+N13/C4-1 -> 0.074147398 | O2: =+PARÁMETROS!$D$4 -> 0.12 | AA2: =+PARÁMETROS!$E$4 -> 0.09 | AM2: =+PARÁMETROS!$F$4 -> 0.06 | AY2: =+PARÁMETROS!$G$4 -> 0.06
A3: =+PARÁMETROS!A39 -> Libre inversion | C3: =+anexos!B2 -> 44957 | D3: =+anexos!C2 -> 44985 | E3: =+anexos!D2 -> 45016 | F3: =+anexos!E2 -> 45046 | G3: =+anexos!F2 -> 45077 | H3: =+anexos!G2 -> 45107 | I3: =+anexos!H2 -> 45138 | J3: =+anexos!I2 -> 45169 | ... BJ3: =+anexos!BI2 -> 46752
A4: Saldo Anterior | C4: =+PARÁMETROS!$D$59 -> 7000000000 | D4: =+C13 -> 6.9529717e+09 | E4: =+D13 -> 7.0113134e+09 | F4: =+E13 -> 7.0691184e+09 | G4: =+F13 -> 7.1263783e+09 | H4: =+G13 -> 7.1830867e+09 | I4: =+H13 -> 7.0552684e+09 | J4: =+I13 -> 7.1389745e+09 | K4: =+J13 -> 7.1965529e+09 | ... BJ4: =+BI13 -> 1.3446022e+10
A5: Intereses causados | C5: =+C4*PARÁMETROS!$C$39*100% -> 1.0733333e+08 | D5: =+D4*PARÁMETROS!$C$39*100% -> 1.0661223e+08 | E5: =+E4*PARÁMETROS!$C$39*100% -> 1.0750681e+08 | F5: =+F4*PARÁMETROS!$C$39*100% -> 1.0839315e+08 | G5: =+G4*PARÁMETROS!$C$39*100% -> 1.0927113e+08 | H5: =+H4*PARÁMETROS!$C$39*100% -> 1.1014066e+08 | I5: =+I4*PARÁMETROS!$C$39*100% -> 1.0818078e+08 | J5: =+J4*PARÁMETROS!$C$39*100% -> 1.0946428e+08 | ... N5: =+N4*PARÁMETROS!$C$39*100% -> 1.193195e+08 | O5: =+O4*PARÁMETROS!$D$39*100% -> 1.3283623e+08 | P5: =+P4*PARÁMETROS!$D$39*100% -> 1.3261874e+08 | Q5: =+Q4*PARÁMETROS!$D$39*100% -> 1.3447475e+08 | R5: =+R4*PARÁMETROS!$D$39*100% -> 1.3631392e+08 | S5: =+S4*PARÁMETROS!$D$39*100% -> 1.3645603e+08 | T5: =+T4*PARÁMETROS!$D$39*100% -> 1.3828197e+08 | U5: =+U4*PARÁMETROS!$D$39*100% -> 1.40091e+08 | V5: =+V4*PARÁMETROS!$D$39*100% -> 1.4231759e+08 | ... Z5: =+Z4*PARÁMETROS!$D$39*100% -> 1.5575608e+08 | AA5: =+AA4*PARÁMETROS!$E$39*100% -> 1.755867e+08 | AB5: =+AB4*PARÁMETROS!$E$39*100% -> 1.7548122e+08 | AC5: =+AC4*PARÁMETROS!$E$39*100% -> 1.7793327e+08 | AD5: =+AD4*PARÁMETROS!$E$39*100% -> 1.8036447e+08 | AE5: =+AE4*PARÁMETROS!$E$39*100% -> 1.8040079e+08 | AF5: =+AF4*PARÁMETROS!$E$39*100% -> 1.8281623e+08 | AG5: =+AG4*PARÁMETROS!$E$39*100% -> 1.852109e+08 | AH5: =+AH4*PARÁMETROS!$E$39*100% -> 1.880743e+08 | ... AL5: =+AL4*PARÁMETROS!$E$39*100% -> 2.0499464e+08 | AM5: =+AM4*PARÁMETROS!$F$39*100% -> 2.0431022e+08 | AN5: =+AN4*PARÁMETROS!$F$39*100% -> 2.0417221e+08 | AO5: =+AO4*PARÁMETROS!$F$39*100% -> 2.067462e+08 | AP5: =+AP4*PARÁMETROS!$F$39*100% -> 2.0929874e+08 | AQ5: =+AQ4*PARÁMETROS!$F$39*100% -> 2.090749e+08 | AR5: =+AR4*PARÁMETROS!$F$39*100% -> 2.1161297e+08 | AS5: =+AS4*PARÁMETROS!$F$39*100% -> 2.1412965e+08 | AT5: =+AT4*PARÁMETROS!$F$39*100% -> 2.1711065e+08 | ... AX5: =+AX4*PARÁMETROS!$F$39*100% -> 2.3473574e+08 | AY5: =+AY4*PARÁMETROS!$G$39*100% -> 2.3395836e+08 | AZ5: =+AZ4*PARÁMETROS!$G$39*100% -> 2.3379585e+08 | BA5: =+BA4*PARÁMETROS!$G$39*100% -> 2.3650885e+08 | BB5: =+BB4*PARÁMETROS!$G$39*100% -> 2.3919961e+08 | BC5: =+BC4*PARÁMETROS!$G$39*100% -> 2.3871962e+08 | BD5: =+BD4*PARÁMETROS!$G$39*100% -> 2.4139687e+08 | BE5: =+BE4*PARÁMETROS!$G$39*100% -> 2.4405196e+08 | BF5: =+BF4*PARÁMETROS!$G$39*100% -> 2.4716432e+08 | ... BJ5: =+BJ4*PARÁMETROS!$G$39*100% -> 2.6892045e+08
A6: Recaudos | C6: =-PMT(PARÁMETROS!$C$39,PARÁMETROS!$C$49,C4,0)*1 -> 1.7928069e+08 | D6: =-PMT(PARÁMETROS!$C$39,PARÁMETROS!$C$49,D4,0)*1 -> 1.7807623e+08 | E6: =-PMT(PARÁMETROS!$C$39,PARÁMETROS!$C$49,E4,0)*1 -> 1.7957045e+08 | F6: =-PMT(PARÁMETROS!$C$39,PARÁMETROS!$C$49,F4,0)*1 -> 1.8105092e+08 | G6: =-PMT(PARÁMETROS!$C$39,PARÁMETROS!$C$49,G4,0)*1 -> 1.8251744e+08 | H6: =-PMT(PARÁMETROS!$C$39,PARÁMETROS!$C$49,H4,0)*1*2 -> 3.6793965e+08 | I6: =-PMT(PARÁMETROS!$C$39,PARÁMETROS!$C$49,I4,0)*1 -> 1.806962e+08 | J6: =-PMT(PARÁMETROS!$C$39,PARÁMETROS!$C$49,J4,0)*1 -> 1.8284004e+08 | K6: =-PMT(PARÁMETROS!$C$39,PARÁMETROS!$C$49,K4,0)*1 -> 1.8431471e+08 | L6: =-PMT(PARÁMETROS!$C$39,PARÁMETROS!$C$49,L4,0)*1 -> 1.8935918e+08 | M6: =-PMT(PARÁMETROS!$C$39,PARÁMETROS!$C$49,M4,0)*1 -> 1.9435483e+08 | N6: =-PMT(PARÁMETROS!$C$39,PARÁMETROS!$C$49,N4,0)*2 -> 3.9860278e+08 | O6: =-PMT(PARÁMETROS!$D$39,PARÁMETROS!$D$49,O4,0)*1 -> 1.8537022e+08 | P6: =-PMT(PARÁMETROS!$D$39,PARÁMETROS!$D$49,P4,0) -> 1.8506671e+08 | Q6: =-PMT(PARÁMETROS!$D$39,PARÁMETROS!$D$49,Q4,0)*1 -> 1.8765675e+08 | R6: =-PMT(PARÁMETROS!$D$39,PARÁMETROS!$D$49,R4,0)*1.5 -> 2.853349e+08 | S6: =-PMT(PARÁMETROS!$D$39,PARÁMETROS!$D$49,S4,0)*1 -> 1.9042158e+08 | T6: =-PMT(PARÁMETROS!$D$39,PARÁMETROS!$D$49,T4,0)*1 -> 1.9296963e+08 | U6: =-PMT(PARÁMETROS!$D$39,PARÁMETROS!$D$49,U4,0)*1 -> 1.954941e+08 | V6: =-PMT(PARÁMETROS!$D$39,PARÁMETROS!$D$49,V4,0)*1 -> 1.9860126e+08 | W6: =-PMT(PARÁMETROS!$D$39,PARÁMETROS!$D$49,W4,0)*1 -> 2.0107485e+08 | X6: =-PMT(PARÁMETROS!$D$39,PARÁMETROS!$D$49,X4,0)*1.5 -> 3.1108662e+08 | Y6: =-PMT(PARÁMETROS!$D$39,PARÁMETROS!$D$49,Y4,0)*1 -> 2.111034e+08 | Z6: =-PMT(PARÁMETROS!$D$39,PARÁMETROS!$D$49,Z4,0) -> 2.173544e+08 | AA6: =-PMT(PARÁMETROS!$E$39,PARÁMETROS!$E$49,AA4,0)*1 -> 2.3113207e+08 | AB6: =-PMT(PARÁMETROS!$E$39,PARÁMETROS!$E$49,AB4,0)*1 -> 2.3099322e+08 | AC6: =-PMT(PARÁMETROS!$E$39,PARÁMETROS!$E$49,AC4,0)*1 -> 2.3422095e+08 | AD6: =-PMT(PARÁMETROS!$E$39,PARÁMETROS!$E$49,AD4,0)*1.5 -> 3.5613187e+08 | AE6: =-PMT(PARÁMETROS!$E$39,PARÁMETROS!$E$49,AE4,0)*1 -> 2.3746905e+08 | AF6: =-PMT(PARÁMETROS!$E$39,PARÁMETROS!$E$49,AF4,0)*1 -> 2.406486e+08 | AG6: =-PMT(PARÁMETROS!$E$39,PARÁMETROS!$E$49,AG4,0) -> 2.438008e+08 | AH6: =-PMT(PARÁMETROS!$E$39,PARÁMETROS!$E$49,AH4,0)*1 -> 2.4757002e+08 | AI6: =-PMT(PARÁMETROS!$E$39,PARÁMETROS!$E$49,AI4,0)*1 -> 2.5066413e+08 | AJ6: =-PMT(PARÁMETROS!$E$39,PARÁMETROS!$E$49,AJ4,0)*1.5 -> 3.8734676e+08 | AK6: =-PMT(PARÁMETROS!$E$39,PARÁMETROS!$E$49,AK4,0)*1 -> 2.623462e+08 | AL6: =-PMT(PARÁMETROS!$E$39,PARÁMETROS!$E$49,AL4,0)*1 -> 2.6984297e+08 | AM6: =-PMT(PARÁMETROS!$F$39,PARÁMETROS!$F$49,AM4,0)*1 -> 2.6894203e+08 | AN6: =-PMT(PARÁMETROS!$F$39,PARÁMETROS!$F$49,AN4,0)*1 -> 2.6876036e+08 | AO6: =-PMT(PARÁMETROS!$F$39,PARÁMETROS!$F$49,AO4,0)*1 -> 2.7214861e+08 | AP6: =-PMT(PARÁMETROS!$F$39,PARÁMETROS!$F$49,AP4,0)*1.5 -> 4.1326293e+08 | AQ6: =-PMT(PARÁMETROS!$F$39,PARÁMETROS!$F$49,AQ4,0)*1 -> 2.7521397e+08 | AR6: =-PMT(PARÁMETROS!$F$39,PARÁMETROS!$F$49,AR4,0)*1 -> 2.7855494e+08 | AS6: =-PMT(PARÁMETROS!$F$39,PARÁMETROS!$F$49,AS4,0)*1 -> 2.8186776e+08 | AT6: =-PMT(PARÁMETROS!$F$39,PARÁMETROS!$F$49,AT4,0)*1 -> 2.8579176e+08 | AU6: =-PMT(PARÁMETROS!$F$39,PARÁMETROS!$F$49,AU4,0)*1 -> 2.8904493e+08 | AV6: =-PMT(PARÁMETROS!$F$39,PARÁMETROS!$F$49,AV4,0)*1.5 -> 4.455603e+08 | AW6: =-PMT(PARÁMETROS!$F$39,PARÁMETROS!$F$49,AW4,0)*1 -> 3.0106973e+08 | AX6: =-PMT(PARÁMETROS!$F$39,PARÁMETROS!$F$49,AX4,0)*1 -> 3.0899241e+08 | AY6: =-PMT(PARÁMETROS!$G$39,PARÁMETROS!$G$49,AY4,0)*1 -> 3.079691e+08 | AZ6: =-PMT(PARÁMETROS!$G$39,PARÁMETROS!$G$49,AZ4,0)*1 -> 3.0775519e+08 | BA6: =-PMT(PARÁMETROS!$G$39,PARÁMETROS!$G$49,BA4,0)*1 -> 3.1132642e+08 | BB6: =-PMT(PARÁMETROS!$G$39,PARÁMETROS!$G$49,BB4,0)*1.5 -> 4.7230257e+08 | BC6: =-PMT(PARÁMETROS!$G$39,PARÁMETROS!$G$49,BC4,0)*1 -> 3.1423655e+08 | BD6: =-PMT(PARÁMETROS!$G$39,PARÁMETROS!$G$49,BD4,0)*1 -> 3.1776073e+08 | BE6: =-PMT(PARÁMETROS!$G$39,PARÁMETROS!$G$49,BE4,0)*1 -> 3.2125573e+08 | BF6: =-PMT(PARÁMETROS!$G$39,PARÁMETROS!$G$49,BF4,0)*1 -> 3.2535267e+08 | BG6: =-PMT(PARÁMETROS!$G$39,PARÁMETROS!$G$49,BG4,0)*1 -> 3.2878594e+08 | BH6: =-PMT(PARÁMETROS!$G$39,PARÁMETROS!$G$49,BH4,0)*1 -> 3.3724642e+08 | BI6: =-PMT(PARÁMETROS!$G$39,PARÁMETROS!$G$49,BI4,0)*1 -> 3.4564808e+08 | BJ6: =-PMT(PARÁMETROS!$G$39,PARÁMETROS!$G$49,BJ4,0)*1 -> 3.5399115e+08
A7: Cruces de Ahorros | C7: =+PARÁMETROS!$C$70 -> 0 | D7: =+C7 -> 0 | E7: =+D7 -> 0 | F7: =+E7 -> 0 | G7: =+F7 -> 0 | H7: =+G7 -> 0 | I7: =+H7 -> 0 | J7: =+I7 -> 0 | K7: =+J7 -> 0 | ... N7: =+M7 -> 0 | O7: =+PARÁMETROS!$D$70 -> 0 | P7: =+O7 -> 0 | Q7: =+P7 -> 0 | R7: =+Q7 -> 0 | S7: =+R7 -> 0 | T7: =+S7 -> 0 | U7: =+T7 -> 0 | V7: =+U7 -> 0 | W7: =+V7 -> 0 | ... Z7: =+Y7 -> 0 | AA7: =+PARÁMETROS!$E$70 -> 0 | AB7: =+AA7 -> 0 | AC7: =+AB7 -> 0 | AD7: =+AC7 -> 0 | AE7: =+AD7 -> 0 | AF7: =+AE7 -> 0 | AG7: =+AF7 -> 0 | AH7: =+AG7 -> 0 | AI7: =+AH7 -> 0 | ... AL7: =+AK7 -> 0 | AM7: =+PARÁMETROS!$F$70 -> 0 | AN7: =+AM7 -> 0 | AO7: =+AN7 -> 0 | AP7: =+AO7 -> 0 | AQ7: =+AP7 -> 0 | AR7: =+AQ7 -> 0 | AS7: =+AR7 -> 0 | AT7: =+AS7 -> 0 | AU7: =+AT7 -> 0 | ... AX7: =+AW7 -> 0 | AY7: =+PARÁMETROS!$G$70 -> 0 | AZ7: =+AY7 -> 0 | BA7: =+AZ7 -> 0 | BB7: =+BA7 -> 0 | BC7: =+BB7 -> 0 | BD7: =+BC7 -> 0 | BE7: =+BD7 -> 0 | BF7: =+BE7 -> 0 | BG7: =+BF7 -> 0 | ... BJ7: =+BI7 -> 0
